Workbook

Sheet Master Form 2
A1: Well No | B1: Name | C1: API No | D1: MNTH | E1: CTY | F1: PERMIT | G1: QTR1 | H1: QTR2 | I1: SEC | J1: TWNS | K1: TWN DIR | L1: RNG | M1: RNG DIR | N1: STRAK | O1: RSV CODE | P1: WELL CLASS | Q1: YEAR | R1: STATUS | S1: OPR CODE | T1: OIL PROD | U1: GRAVITY | V1: WATER PROD | W1: GAS PROD | X1: DAYS | Y1: INJ VOL | Z1: CSG PSI | AA1: TBG PSI | AB1: OIL SALES | AC1: GAS SALES | AD1: INJ CODE | AE1: Gas Used on Lease | AF1: Gas Flared or Vented | AG1: # | AH1: BTU | AI1: SUM Oil Sales | AJ1: SUM Gas Sales
A2: WY040001 | B2: Horton 2 | C2: 49-045-20130 | D2: 10 | E2: 45 | F2: 20131 | G2: SW | H2: NE | I2: 27 | J2: 45 | K2: N | L2: 62 | M2: W | N2: 0 | O2: 691 | P2: I | Q2: 2015 | R2: AI | S2: 2375 | T2: 0 | U2: 0 | V2: 0 | W2: 0 | X2: 0 | Y2: 0 | Z2: 0 | AA2: 0 | AB2: 0 | AC2: =W2 -> 0 | AD2: 500 | AE2: 0 | AF2: 0 | AG2: E | AI2: =SUM(AB2:AB290) -> 0 | AJ2: =SUM(AC2:AC289) -> 0
A3: WY040002 | B3: 4 Mondell A 4 | C3: 49-045-20094 | D3: 10 | E3: 45 | F3: 20094 | G3: NW | H3: SW | I3: 34 | J3: 45 | K3: N | L3: 62 | M3: W | N3: 0 | O3: 691 | P3: I | Q3: 2015 | R3: AI | S3: 2375 | T3: 0 | U3: 0 | V3: 0 | W3: 0 | X3: 0 | Y3: 0 | Z3: 0 | AA3: 0 | AB3: 0 | AC3: =W3 -> 0 | AD3: 500 | AE3: 0 | AF3: 0 | AG3: E
A4: WY029001 | B4: 4-H Federal 1 | C4: 49-045-11190 | D4: 10 | E4: 45 | F4: 11190 | G4: NW | H4: NW | I4: 23 | J4: 43 | K4: N | L4: 65 | M4: W | N4: 0 | O4: 676 | P4: O | Q4: 2015 | R4: TA | S4: 2375 | T4: 0 | U4: 0 | V4: 0 | W4: 0 | X4: 0 | Y4: 0 | Z4: 0 | AA4: 0 | AB4: 0 | AC4: =W4 -> 0 | AD4: 0 | AE4: 0 | AF4: 0 | AG4: Z
A5: WY029002 | B5: 4-H Federal 2 | C5: 49-045-11200 | D5: 10 | E5: 45 | F5: 11200 | G5: SW | H5: NW | I5: 23 | J5: 43 | K5: N | L5: 65 | M5: W | N5: 0 | O5: 676 | P5: O | Q5: 2015 | R5: TA | S5: 2375 | T5: 0 | U5: 0 | V5: 0 | W5: 0 | X5: 0 | Y5: 0 | Z5: 0 | AA5: 0 | AB5: 0 | AC5: =W5 -> 0 | AD5: 0 | AE5: 0 | AF5: 0 | AG5: Z
A6: WY029003 | B6: 4-H Federal 3 | C6: 49-045-05798 | D6: 10 | E6: 45 | F6: 5798 | G6: SW | H6: NW | I6: 23 | J6: 43 | K6: N | L6: 65 | M6: W | N6: 0 | O6: 676 | P6: O | Q6: 2015 | R6: TA | S6: 2375 | T6: 0 | U6: 0 | V6: 0 | W6: 0 | X6: 0 | Y6: 0 | Z6: 0 | AA6: 0 | AB6: 0 | AC6: =W6 -> 0 | AD6: 0 | AE6: 0 | AF6: 0 | AG6: Z
A7: WY044001 | B7: Aimonetto 2 | C7: 49-045-21761 | D7: 10 | E7: 45 | F7: 21761 | G7: NE | H7: SW | I7: 20 | J7: 44 | K7: N | L7: 62 | M7: W | N7: 0 | O7: 676 | P7: O | Q7: 2015 | R7: PR | S7: 2375 | T7: 0 | U7: 0 | V7: 0 | W7: 0 | X7: 0 | Y7: 0 | Z7: 0 | AA7: 0 | AB7: 0 | AC7: =W7 -> 0 | AD7: 0 | AE7: 0 | AF7: 0 | AG7: SK
A8: WY044002 | B8: Aimonetto 4 | C8: 49-045-22101 | D8: 10 | E8: 45 | F8: 22101 | G8: SW | H8: SW | I8: 20 | J8: 44 | K8: N | L8: 62 | M8: W | N8: 0 | O8: 676 | P8: O | Q8: 2015 | R8: PR | S8: 2375 | T8: 0 | U8: 0 | V8: 0 | W8: 0 | X8: 0 | Y8: 0 | Z8: 0 | AA8: 0 | AB8: 0 | AC8: =W8 -> 0 | AD8: 0 | AE8: 0 | AF8: 0 | AG8: SK
A9: WY017001 | B9: AMMO FEDERAL #18-8A | C9: 49-011-22596 | D9: 10 | E9: 11 | F9: 22596 | G9: SE | H9: NE | I9: 18 | J9: 52 | K9: N | L9: 68 | M9: W | N9: 0 | O9: 616 | P9: O | Q9: 2015 | R9: PS | S9: 2375 | T9: 0 | U9: 0 | V9: 0 | W9: 0 | X9: 0 | Y9: 0 | Z9: 0 | AA9: 0 | AB9: 0 | AC9: =W9 -> 0 | AD9: 0 | AE9: 0 | AF9: 0 | AG9: N
A10: WY038001 | B10: Anthony Federal 1 | C10: 49-045-22127 | D10: 10 | E10: 45 | F10: 22127 | G10: NE | H10: NW | I10: 6 | J10: 43 | K10: N | L10: 63 | M10: W | N10: 0 | O10: 901 | P10: O | Q10: 2015 | R10: SI | S10: 2375 | T10: 0 | U10: 0 | V10: 0 | W10: 0 | X10: 0 | Y10: 0 | Z10: 0 | AA10: 0 | AB10: 0 | AC10: =W10 -> 0 | AD10: 0 | AE10: 0 | AF10: 0 | AG10: W
A11: WY032001 | B11: ARMAN FEDERAL B-1 | C11: 49-045-05616 | D11: 10 | E11: 45 | F11: 5616 | G11: NW | H11: NW | I11: 4 | J11: 42 | K11: N | L11: 64 | M11: W | N11: 0 | O11: 676 | P11: O | Q11: 2015 | R11: PR | S11: 2375 | T11: 0 | U11: 0 | V11: 0 | W11: 0 | X11: 0 | Y11: 0 | Z11: 0 | AA11: 0 | AB11: 0 | AC11: =W11 -> 0 | AD11: 0 | AE11: 0 | AF11: 0 | AG11: W
A12: WY011004 | B12: ASH FEDERAL #1 | C12: 49-005-29082 | D12: 10 | E12: 5 | F12: 29082 | G12: NW | H12: SW | I12: 27 | J12: 52 | K12: N | L12: 69 | M12: W | N12: 0 | O12: 616 | P12: I | Q12: 2015 | R12: AI | S12: 2375 | T12: 0 | U12: 0 | V12: 0 | W12: 0 | X12: 0 | Y12: 0 | Z12: 0 | AA12: 0 | AB12: 0 | AC12: =W12 -> 0 | AD12: 500 | AE12: 0 | AF12: 0 | AG12: F
A13: WY011005 | B13: ASH WSW #1 | C13: 49-005-95001 | D13: 10 | E13: 5 | F13: 95001 | G13: NW | H13: SW | I13: 27 | J13: 52 | K13: N | L13: 69 | M13: W | N13: 0 | O13: 616 | P13: S | Q13: 2015 | R13: SI | S13: 2375 | T13: 0 | U13: 0 | V13: 0 | W13: 0 | X13: 0 | Y13: 0 | Z13: 0 | AA13: 0 | AB13: 0 | AC13: =W13 -> 0 | AD13: 0 | AE13: 0 | AF13: 0 | AG13: Z
A14: WY011002 | B14: ASPEN FEDERAL #28-1 | C14: 49-005-29163 | D14: 10 | E14: 5 | F14: 29163 | G14: NE | H14: SE | I14: 28 | J14: 52 | K14: N | L14: 69 | M14: W | N14: 0 | O14: 616 | P14: O | Q14: 2015 | R14: PR | S14: 2375 | T14: 0 | U14: 0 | V14: 0 | W14: 0 | X14: 0 | Y14: 0 | Z14: 0 | AA14: 0 | AB14: 0 | AC14: =W14 -> 0 | AD14: 0 | AE14: 0 | AF14: 0 | AG14: F
... A16: WY032002 | B16: Berg 2 | C16: 49-045-22229 | D16: 10 | E16: 45 | F16: 22229 | G16: SE | H16: SE | I16: 24 | J16: 42 | K16: N | L16: 65 | M16: W | N16: 0 | O16: 916 | P16: O | Q16: 2015 | R16: SI | S16: 2375 | T16: 0 | U16: 0 | V16: 0 | W16: 0 | X16: 0 | Y16: 0 | Z16: 0 | AA16: 0 | AB16: 0 | AC16: =W16 -> 0 | AD16: 0 | AE16: 0 | AF16: 0 | AG16: W
A17: WY032003 | B17: Berg 9 | C17: 49-045-05372 | D17: 10 | E17: 45 | F17: 5372 | G17: NE | H17: SE | I17: 24 | J17: 42 | K17: N | L17: 65 | M17: W | N17: 0 | O17: 916 | P17: O | Q17: 2015 | R17: SI | S17: 2375 | T17: 0 | U17: 0 | V17: 0 | W17: ='Actual Sales'!D124 -> 0 | X17: 0 | Y17: 0 | Z17: 0 | AA17: 0 | AB17: 0 | AC17: =W17 -> 0 | AD17: 0 | AE17: 0 | AF17: 0 | AG17: W | AH17: ='Actual Sales'!E124 -> 0
A18: WY048001 | B18: Biggs Govt 1 | C18: 49-017-05879 | D18: 10 | E18: 17 | F18: 5879 | G18: SE | H18: NE | I18: 12 | J18: 44 | K18: N | L18: 97 | M18: W | N18: 0 | O18: 871 | P18: D | Q18: 2015 | R18: AI | S18: 2375 | T18: 0 | U18: 0 | V18: 0 | W18: 0 | X18: 0 | Y18: 0 | Z18: 0 | AA18: 0 | AB18: 0 | AC18: =W18 -> 0 | AD18: 500 | AE18: 0 | AF18: 0 | AG18: K
A19: WY044003 | B19: Boggs 1 | C19: 49-045-22577 | D19: 10 | E19: 45 | F19: 22577 | G19: SE | H19: NE | I19: 35 | J19: 45 | K19: N | L19: 62 | M19: W | N19: 0 | O19: 676 | P19: O | Q19: 2015 | R19: SI | S19: 2375 | T19: 0 | U19: 0 | V19: 0 | W19: 0 | X19: 0 | Y19: 0 | Z19: 0 | AA19: 0 | AB19: 0 | AC19: =W19 -> 0 | AD19: 0 | AE19: 0 | AF19: 0 | AG19: S
A20: WY044004 | B20: Boggs 2 | C20: 49-045-22578 | D20: 10 | E20: 45 | F20: 22578 | G20: SW | H20: NE | I20: 35 | J20: 45 | K20: N | L20: 62 | M20: W | N20: 0 | O20: 676 | P20: I | Q20: 2015 | R20: SI | S20: 2375 | T20: 0 | U20: 0 | V20: 0 | W20: 0 | X20: 0 | Y20: 0 | Z20: 0 | AA20: 0 | AB20: 0 | AC20: =W20 -> 0 | AD20: 500 | AE20: 0 | AF20: 0 | AG20: Z
A21: WY044005 | B21: Boggs 3 | C21: 49-045-22569 | D21: 10 | E21: 45 | F21: 22569 | G21: SW | H21: NE | I21: 35 | J21: 45 | K21: N | L21: 62 | M21: W | N21: 0 | O21: 676 | P21: O | Q21: 2015 | R21: PR | S21: 2375 | T21: 0 | U21: 0 | V21: 0 | W21: 0 | X21: 0 | Y21: 0 | Z21: 0 | AA21: 0 | AB21: 0 | AC21: =W21 -> 0 | AD21: 0 | AE21: 0 | AF21: 0 | AG21: S
A22: WY044006 | B22: Boulden 1 | C22: 49-045-06455 | D22: 10 | E22: 45 | F22: 6455 | G22: NW | H22: SE | I22: 22 | J22: 44 | K22: N | L22: 62 | M22: W | N22: 0 | O22: 691 | P22: O | Q22: 2015 | R22: SI | S22: 2375 | T22: 0 | U22: 0 | V22: 0 | W22: 0 | X22: 0 | Y22: 0 | Z22: 0 | AA22: 0 | AB22: 0 | AC22: =W22 -> 0 | AD22: 0 | AE22: 0 | AF22: 0 | AG22: SK
A23: WY029004 | B23: Bradley Federal 3-1 | C23: 49-045-21100 | D23: 10 | E23: 45 | F23: 21100 | G23: SE | H23: NE | I23: 3 | J23: 43 | K23: N | L23: 65 | M23: W | N23: 0 | O23: 691 | P23: O | Q23: 2015 | R23: SI | S23: 2375 | T23: 0 | U23: 0 | V23: 0 | W23: 0 | X23: 0 | Y23: 0 | Z23: 0 | AA23: 0 | AB23: 0 | AC23: =W23 -> 0 | AD23: 0 | AE23: 0 | AF23: 0 | AG23: E
A24: WY032004 | B24: Bruner 1 | C24: 49-045-21526 | D24: 10 | E24: 45 | F24: 21526 | G24: SW | H24: SE | I24: 11 | J24: 42 | K24: N | L24: 65 | M24: W | N24: 0 | O24: 916 | P24: O | Q24: 2015 | R24: PR | S24: 2375 | T24: 0 | U24: 0 | V24: 0 | W24: ='Actual Sales'!D125 -> 0 | X24: 0 | Y24: 0 | Z24: 0 | AA24: 0 | AB24: 0 | AC24: =W24 -> 0 | AD24: 0 | AE24: 0 | AF24: 0 | AG24: W | AH24: ='Actual Sales'!E125 -> 0
A25: WY032005 | B25: Bruner 2 | C25: 49-045-21529 | D25: 10 | E25: 45 | F25: 21529 | G25: NW | H25: SE | I25: 11 | J25: 42 | K25: N | L25: 65 | M25: W | N25: 0 | O25: 916 | P25: O | Q25: 2015 | R25: SI | S25: 2375 | T25: 0 | U25: 0 | V25: 0 | W25: 0 | X25: 0 | Y25: 0 | Z25: 0 | AA25: 0 | AB25: 0 | AC25: =W25 -> 0 | AD25: 0 | AE25: 0 | AF25: 0 | AG25: W
A26: WY032006 | B26: Bruner 3 | C26: 49-045-22076 | D26: 10 | E26: 45 | F26: 22076 | G26: SW | H26: NE | I26: 11 | J26: 42 | K26: N | L26: 65 | M26: W | N26: 0 | O26: 916 | P26: O | Q26: 2015 | R26: PR | S26: 2375 | T26: 0 | U26: 0 | V26: 0 | W26: ='Actual Sales'!D126 -> 0 | X26: 0 | Y26: 0 | Z26: 0 | AA26: 0 | AB26: 0 | AC26: =W26 -> 0 | AD26: 0 | AE26: 0 | AF26: 0 | AG26: W
A27: WY032007 | B27: Bruner 4 | C27: 49-045-22075 | D27: 10 | E27: 45 | F27: 22075 | G27: NW | H27: NE | I27: 11 | J27: 42 | K27: N | L27: 65 | M27: W | N27: 0 | O27: 916 | P27: O | Q27: 2015 | R27: SI | S27: 2375 | T27: 0 | U27: 0 | V27: 0 | W27: 0 | X27: 0 | Y27: 0 | Z27: 0 | AA27: 0 | AB27: 0 | AC27: =W27 -> 0 | AD27: 0 | AE27: 0 | AF27: 0 | AG27: W
A28: WY036001 | B28: Capitol 4 | C28: 49-045-06494 | D28: 10 | E28: 45 | F28: 6494 | G28: NE | H28: NE | I28: 18 | J28: 44 | K28: N | L28: 63 | M28: W | N28: 0 | O28: 691 | P28: O | Q28: 2015 | R28: PR | S28: 2375 | T28: 0 | U28: 0 | V28: 0 | W28: 0 | X28: 0 | Y28: 0 | Z28: 0 | AA28: 0 | AB28: 0 | AC28: =W28 -> 0 | AD28: 0 | AE28: 0 | AF28: 0 | AG28: E
A29: WY036002 | B29: Capitol 5 | C29: 49-045-06727 | D29: 10 | E29: 45 | F29: 6727 | G29: SE | H29: SE | I29: 7 | J29: 44 | K29: N | L29: 63 | M29: W | N29: 0 | O29: 691 | P29: O | Q29: 2015 | R29: PR | S29: 2375 | T29: 0 | U29: 0 | V29: 0 | W29: 0 | X29: 0 | Y29: 0 | Z29: 0 | AA29: 0 | AB29: 0 | AC29: =W29 -> 0 | AD29: 0 | AE29: 0 | AF29: 0 | AG29: E
A30: WY036003 | B30: Capitol 6 | C30: 49-045-11151 | D30: 10 | E30: 45 | F30: 11151 | G30: NE | H30: NE | I30: 18 | J30: 44 | K30: N | L30: 63 | M30: W | N30: 0 | O30: 691 | P30: O | Q30: 2015 | R30: SI | S30: 2375 | T30: 0 | U30: 0 | V30: 0 | W30: 0 | X30: 0 | Y30: 0 | Z30: 0 | AA30: 0 | AB30: 0 | AC30: =W30 -> 0 | AD30: 0 | AE30: 0 | AF30: 0 | AG30: Z
A31: WY040003 | B31: Chism B-042450A 2 | C31: 49-045-07054 | D31: 10 | E31: 45 | F31: 7054 | G31: NE | H31: NE | I31: 33 | J31: 45 | K31: N | L31: 62 | M31: W | N31: 0 | O31: 691 | P31: O | Q31: 2015 | R31: SI | S31: 2375 | T31: 0 | U31: 0 | V31: 0 | W31: 0 | X31: 0 | Y31: 0 | Z31: 0 | AA31: 0 | AB31: 0 | AC31: =W30 -> 0 | AD31: 0 | AE31: 0 | AF31: 0 | AG31: E
A32: WY040004 | B32: Chism B-042450A 3 | C32: 49-045-07059 | D32: 10 | E32: 45 | F32: 7059 | G32: NW | H32: NE | I32: 33 | J32: 45 | K32: N | L32: 62 | M32: W | N32: 0 | O32: 691 | P32: O | Q32: 2015 | R32: SI | S32: 2375 | T32: 0 | U32: 0 | V32: 0 | W32: 0 | X32: 0 | Y32: 0 | Z32: 0 | AA32: 0 | AB32: 0 | AC32: =W32 -> 0 | AD32: 0 | AE32: 0 | AF32: 0 | AG32: E
A33: WY040005 | B33: Chism B-042450A 5 | C33: 49-045-20047 | D33: 10 | E33: 45 | F33: 20047 | G33: SE | H33: SE | I33: 33 | J33: 45 | K33: N | L33: 62 | M33: W | N33: 0 | O33: 691 | P33: O | Q33: 2015 | R33: SI | S33: 2375 | T33: 0 | U33: 0 | V33: 0 | W33: 0 | X33: 0 | Y33: 0 | Z33: 0 | AA33: 0 | AB33: 0 | AC33: =W33 -> 0 | AD33: 0 | AE33: 0 | AF33: 0 | AG33: E
A34: WY032008 | B34: Collins 10 | C34: 49-045-22074 | D34: 10 | E34: 45 | F34: 22074 | G34: NE | H34: NE | I34: 14 | J34: 42 | K34: N | L34: 65 | M34: W | N34: 0 | O34: 916 | P34: O | Q34: 2015 | R34: PR | S34: 2375 | T34: 0 | U34: 0 | V34: 0 | W34: ='Actual Sales'!D127 -> 0 | X34: 0 | Y34: 0 | Z34: 0 | AA34: 0 | AB34: 0 | AC34: =W34 -> 0 | AD34: 0 | AE34: 0 | AF34: 0 | AG34: W | AH34: ='Actual Sales'!E127 -> 0
A35: WY032034 | B35: COLLINS 14-7 | C35: 49-045-29257 | D35: 10 | E35: 45 | F35: 29257 | G35: SW | H35: NE | I35: 14 | J35: 42 | K35: N | L35: 65 | M35: W | N35: 0 | O35: 901 | P35: O | Q35: 2015 | R35: PR | S35: 2375 | T35: 0 | U35: 0 | V35: 0 | W35: ='Actual Sales'!D128 -> 0 | X35: 0 | Y35: 0 | Z35: 0 | AA35: 0 | AB35: 0 | AC35: =W35 -> 0 | AD35: 0 | AE35: 0 | AF35: 0 | AG35: W | AH35: ='Actual Sales'!E128 -> 0
A36: WY032009 | B36: Collins 30 | C36: 49-045-22882 | D36: 10 | E36: 45 | F36: 22882 | G36: NW | H36: NE | I36: 14 | J36: 42 | K36: N | L36: 65 | M36: W | N36: 0 | O36: 901 | P36: O | Q36: 2015 | R36: PR | S36: 2375 | T36: 0 | U36: 0 | V36: 0 | W36: 0 | X36: 0 | Y36: 0 | Z36: 0 | AA36: 0 | AB36: 0 | AC36: =W36 -> 0 | AD36: 0 | AE36: 0 | AF36: 0 | AG36: W
A37: WY032010 | B37: Collins 8 | C37: 49-045-05460 | D37: 10 | E37: 45 | F37: 5460 | G37: SE | H37: NE | I37: 14 | J37: 42 | K37: N | L37: 65 | M37: W | N37: 0 | O37: 916 | P37: O | Q37: 2015 | R37: PR | S37: 2375 | T37: 0 | U37: 0 | V37: 0 | W37: ='Actual Sales'!D129 -> 0 | X37: 0 | Y37: 0 | Z37: 0 | AA37: 0 | AB37: 0 | AC37: =W37 -> 0 | AD37: 0 | AE37: 0 | AF37: 0 | AG37: W | AH37: ='Actual Sales'!E129 -> 0
A38: WY044007 | B38: Coronado 2 | C38: 49-045-22485 | D38: 10 | E38: 45 | F38: 22485 | G38: SE | H38: SE | I38: 35 | J38: 45 | K38: N | L38: 62 | M38: W | N38: 0 | O38: 676 | P38: O | Q38: 2015 | R38: PR | S38: 2375 | T38: 0 | U38: 0 | V38: 0 | W38: 0 | X38: 0 | Y38: 0 | Z38: 0 | AA38: 0 | AB38: 0 | AC38: =W38 -> 0 | AD38: 0 | AE38: 0 | AF38: 0 | AG38: S
A39: WY029005 | B39: Cotton 2 | C39: 49-045-05872 | D39: 10 | E39: 45 | F39: 5872 | G39: SE | H39: NE | I39: 17 | J39: 43 | K39: N | L39: 65 | M39: W | N39: 0 | O39: 691 | P39: O | Q39: 2015 | R39: PR | S39: 2375 | T39: 0 | U39: 0 | V39: 0 | W39: 0 | X39: 0 | Y39: 0 | Z39: 0 | AA39: 0 | AB39: 0 | AC39: =W39 -> 0 | AD39: 0 | AE39: 0 | AF39: 0 | AG39: W
A40: WY029006 | B40: Cotton 3 | C40: 49-045-05892 | D40: 10 | E40: 45 | F40: 5892 | G40: NW | H40: NE | I40: 17 | J40: 43 | K40: N | L40: 65 | M40: W | N40: 0 | O40: 691 | P40: O | Q40: 2015 | R40: PR | S40: 2375 | T40: 0 | U40: 0 | V40: 0 | W40: 0 | X40: 0 | Y40: 0 | Z40: 0 | AA40: 0 | AB40: 0 | AC40: =W40 -> 0 | AD40: 0 | AE40: 0 | AF40: 0 | AG40: W
A41: WY036004 | B41: Don Thorson 1 | C41: 49-045-22546 | D41: 10 | E41: 45 | F41: 22546 | G41: SE | H41: NE | I41: 18 | J41: 44 | K41: N | L41: 63 | M41: W | N41: 0 | O41: 691 | P41: O | Q41: 2015 | R41: PR | S41: 2375 | T41: 0 | U41: 0 | V41: 0 | W41: 0 | X41: 0 | Y41: 0 | Z41: 0 | AA41: 0 | AB41: 0 | AC41: =W41 -> 0 | AD41: 0 | AE41: 0 | AF41: 0 | AG41: E
A42: WY044008 | B42: Donielson 11 | C42: 49-045-21489 | D42: 10 | E42: 45 | F42: 21489 | G42: SE | H42: NW | I42: 10 | J42: 44 | K42: N | L42: 62 | M42: W | N42: 0 | O42: 691 | P42: O | Q42: 2015 | R42: PR | S42: 2375 | T42: 0 | U42: 0 | V42: 0 | W42: 0 | X42: 0 | Y42: 0 | Z42: 0 | AA42: 0 | AB42: 0 | AC42: =W42 -> 0 | AD42: 0 | AE42: 0 | AF42: 0 | AG42: SK
A43: WY044009 | B43: Donielson 22 | C43: 49-045-06715 | D43: 10 | E43: 45 | F43: 6715 | G43: SW | H43: SW | I43: 10 | J43: 44 | K43: N | L43: 62 | M43: W | N43: 0 | O43: 691 | P43: O | Q43: 2015 | R43: SI | S43: 2375 | T43: 0 | U43: 0 | V43: 0 | W43: 0 | X43: 0 | Y43: 0 | Z43: 0 | AA43: 0 | AB43: 0 | AC43: =W43 -> 0 | AD43: 0 | AE43: 0 | AF43: 0 | AG43: SK
A44: WY044010 | B44: Donielson 4 | C44: 49-045-06844 | D44: 10 | E44: 45 | F44: 6844 | G44: SW | H44: NE | I44: 10 | J44: 44 | K44: N | L44: 62 | M44: W | N44: 0 | O44: 691 | P44: O | Q44: 2015 | R44: PR | S44: 2375 | T44: 0 | U44: 0 | V44: 0 | W44: 0 | X44: 0 | Y44: 0 | Z44: 0 | AA44: 0 | AB44: 0 | AC44: =W44 -> 0 | AD44: 0 | AE44: 0 | AF44: 0 | AG44: SK
A45: WY044011 | B45: Donielson 5 | C45: 49-045-06806 | D45: 10 | E45: 45 | F45: 6806 | G45: NW | H45: SE | I45: 10 | J45: 44 | K45: N | L45: 62 | M45: W | N45: 0 | O45: 691 | P45: O | Q45: 2015 | R45: PR | S45: 2375 | T45: 0 | U45: 0 | V45: 0 | W45: 0 | X45: 0 | Y45: 0 | Z45: 0 | AA45: 0 | AB45: 0 | AC45: =W45 -> 0 | AD45: 0 | AE45: 0 | AF45: 0 | AG45: SK
A46: WY044012 | B46: Donielson W-1 | C46: 49-045-20896 | D46: 10 | E46: 45 | F46: 20896 | G46: SE | H46: NW | I46: 10 | J46: 44 | K46: N | L46: 62 | M46: W | N46: 0 | O46: 691 | P46: I | Q46: 2015 | R46: SI | S46: 2375 | T46: 0 | U46: 0 | V46: 0 | W46: 0 | X46: 0 | Y46: 0 | Z46: 0 | AA46: 0 | AB46: 0 | AC46: =W46 -> 0 | AD46: 500 | AE46: 0 | AF46: 0 | AG46: SK
A47: WY044013 | B47: Donielson W-12 | C47: 49-045-21609 | D47: 10 | E47: 45 | F47: 21609 | G47: NE | H47: SW | I47: 10 | J47: 44 | K47: N | L47: 62 | M47: W | N47: 0 | O47: 691 | P47: I | Q47: 2015 | R47: SI | S47: 2375 | T47: 0 | U47: 0 | V47: 0 | W47: 0 | X47: 0 | Y47: 0 | Z47: 0 | AA47: 0 | AB47: 0 | AC47: =W47 -> 0 | AD47: 500 | AE47: 0 | AF47: 0 | AG47: SK
A48: WY044014 | B48: Donielson W-2 | C48: 49-045-20895 | D48: 10 | E48: 45 | F48: 20895 | G48: NE | H48: SW | I48: 10 | J48: 44 | K48: N | L48: 62 | M48: W | N48: 0 | O48: 691 | P48: I | Q48: 2015 | R48: TA | S48: 2375 | T48: 0 | U48: 0 | V48: 0 | W48: 0 | X48: 0 | Y48: 0 | Z48: 0 | AA48: 0 | AB48: 0 | AC48: =W48 -> 0 | AD48: 500 | AE48: 0 | AF48: 0 | AG48: Z
A49: WY044015 | B49: Donielson W-5 | C49: 49-045-21062 | D49: 10 | E49: 45 | F49: 21062 | G49: SW | H49: SW | I49: 10 | J49: 44 | K49: N | L49: 62 | M49: W | N49: 0 | O49: 691 | P49: O | Q49: 2015 | R49: PR | S49: 2375 | T49: 0 | U49: 0 | V49: 0 | W49: 0 | X49: 0 | Y49: 0 | Z49: 0 | AA49: 0 | AB49: 0 | AC49: =W49 -> 0 | AD49: 0 | AE49: 0 | AF49: 0 | AG49: SK
... A51: WY044017 | B51: Donielson W-8 | C51: 49-045-20950 | D51: 10 | E51: 45 | F51: 20950 | G51: SW | H51: SE | I51: 10 | J51: 44 | K51: N | L51: 62 | M51: W | N51: 0 | O51: 691 | P51: I | Q51: 2015 | R51: SI | S51: 2375 | T51: 0 | U51: 0 | V51: 0 | W51: 0 | X51: 0 | Y51: 0 | Z51: 0 | AA51: 0 | AB51: 0 | AC51: =W51 -> 0 | AD51: 500 | AE51: 0 | AF51: 0 | AG51: SK
A52: WY032011 | B52: E. L. K. 13-2 | C52: 49-045-21778 | D52: 10 | E52: 45 | F52: 21778 | G52: NE | H52: NW | I52: 13 | J52: 42 | K52: N | L52: 65 | M52: W | N52: 0 | O52: 916 | P52: O | Q52: 2015 | R52: PR | S52: 2375 | T52: 0 | U52: 0 | V52: 0 | W52: ='Actual Sales'!D130 -> 0 | X52: 0 | Y52: 0 | Z52: 0 | AA52: 0 | AB52: 0 | AC52: =W52 -> 0 | AD52: 0 | AE52: 0 | AF52: 0 | AG52: W | AH52: ='Actual Sales'!E130 -> 0
A53: WY032012 | B53: E. L. K. 13-4 | C53: 49-045-22451 | D53: 10 | E53: 45 | F53: 22451 | G53: SE | H53: NW | I53: 13 | J53: 42 | K53: N | L53: 65 | M53: W | N53: 0 | O53: 916 | P53: O | Q53: 2015 | R53: PR | S53: 2375 | T53: 0 | U53: 0 | V53: 0 | W53: ='Actual Sales'!D130 -> 0 | X53: 0 | Y53: 0 | Z53: 0 | AA53: 0 | AB53: 0 | AC53: =W53 -> 0 | AD53: 0 | AE53: 0 | AF53: 0 | AG53: W | AH53: ='Actual Sales'!E130 -> 0
A54: WY032013 | B54: E. L. K. 13-5 | C54: 49-045-22178 | D54: 10 | E54: 45 | F54: 22178 | G54: SW | H54: NE | I54: 13 | J54: 42 | K54: N | L54: 65 | M54: W | N54: 0 | O54: 916 | P54: O | Q54: 2015 | R54: PR | S54: 2375 | T54: 0 | U54: 0 | V54: 0 | W54: ='Actual Sales'!D132 -> 0 | X54: 0 | Y54: 0 | Z54: 0 | AA54: 0 | AB54: 0 | AC54: =W54 -> 0 | AD54: 0 | AE54: 0 | AF54: 0 | AG54: W | AH54: ='Actual Sales'!E132 -> 0
A55: WY032014 | B55: E. L. K. 13-9 | C55: 49-045-22228 | D55: 10 | E55: 45 | F55: 22228 | G55: NE | H55: SE | I55: 13 | J55: 42 | K55: N | L55: 65 | M55: W | N55: 0 | O55: 916 | P55: O | Q55: 2015 | R55: SI | S55: 2375 | T55: 0 | U55: 0 | V55: 0 | W55: ='Actual Sales'!D133 -> 0 | X55: 0 | Y55: 0 | Z55: 0 | AA55: 0 | AB55: 0 | AC55: =W55 -> 0 | AD55: 0 | AE55: 0 | AF55: 0 | AG55: W | AH55: ='Actual Sales'!E133 -> 0
A56: WY032015 | B56: E. L. K. Govt 14-4 | C56: 49-045-05425 | D56: 10 | E56: 45 | F56: 5425 | G56: SE | H56: SE | I56: 14 | J56: 42 | K56: N | L56: 65 | M56: W | N56: 0 | O56: 916 | P56: O | Q56: 2015 | R56: SI | S56: 2375 | T56: 0 | U56: 0 | V56: 0 | W56: 0 | X56: 0 | Y56: 0 | Z56: 0 | AA56: 0 | AB56: 0 | AC56: =W56 -> 0 | AD56: 0 | AE56: 0 | AF56: 0 | AG56: Z
A57: WY032016 | B57: E. L. K. Govt 14-7 | C57: 49-045-05443 | D57: 10 | E57: 45 | F57: 5443 | G57: NW | H57: SE | I57: 14 | J57: 42 | K57: N | L57: 65 | M57: W | N57: 0 | O57: 916 | P57: O | Q57: 2015 | R57: PR | S57: 2375 | T57: 0 | U57: 0 | V57: 0 | W57: ='Actual Sales'!D134 -> 0 | X57: 0 | Y57: 0 | Z57: 0 | AA57: 0 | AB57: 0 | AC57: =W57 -> 0 | AD57: 0 | AE57: 0 | AF57: 0 | AG57: W | AH57: ='Actual Sales'!E134 -> 0
A58: WY032017 | B58: E. L. K. Govt 14-9 | C58: 49-045-22436 | D58: 10 | E58: 45 | F58: 22436 | G58: SW | H58: SE | I58: 14 | J58: 42 | K58: N | L58: 65 | M58: W | N58: 0 | O58: 901 | P58: O | Q58: 2015 | R58: PR | S58: 2375 | T58: 0 | U58: 0 | V58: 0 | W58: 0 | X58: 0 | Y58: 0 | Z58: 0 | AA58: 0 | AB58: 0 | AC58: =W58 -> 0 | AD58: 0 | AE58: 0 | AF58: 0 | AG58: W
A59: WY030001 | B59: Egert 2 | C59: 49-045-08181 | D59: 10 | E59: 45 | F59: 8181 | G59: SW | H59: SW | I59: 17 | J59: 46 | K59: N | L59: 64 | M59: W | N59: 0 | O59: 676 | P59: O | Q59: 2015 | R59: SI | S59: 2375 | T59: 0 | U59: 0 | V59: 0 | W59: 0 | X59: 0 | Y59: 0 | Z59: 0 | AA59: 0 | AB59: 0 | AC59: =W59 -> 0 | AD59: 0 | AE59: 0 | AF59: 0 | AG59: E
A60: WY040006 | B60: Engle 3 | C60: 49-045-07111 | D60: 10 | E60: 45 | F60: 7111 | G60: NW | H60: SW | I60: 26 | J60: 45 | K60: N | L60: 62 | M60: W | N60: 0 | O60: 691 | P60: O | Q60: 2015 | R60: SI | S60: 2375 | T60: 0 | U60: 0 | V60: 0 | W60: 0 | X60: 0 | Y60: 0 | Z60: 0 | AA60: 0 | AB60: 0 | AC60: =W60 -> 0 | AD60: 0 | AE60: 0 | AF60: 0 | AG60: Z
A61: WY004003 | B61: FEDERAL #26-11 | C61: 49-005-24154 | D61: 10 | E61: 5 | F61: 24154 | G61: NE | H61: SW | I61: 26 | J61: 52 | K61: N | L61: 69 | M61: W | N61: 0 | O61: 616 | P61: I | Q61: 2015 | R61: AI | S61: 2375 | T61: 0 | U61: 0 | V61: 0 | W61: 0 | X61: 0 | Y61: 0 | Z61: 0 | AA61: 0 | AB61: 0 | AC61: =W61 -> 0 | AD61: 500 | AE61: 0 | AF61: 0 | AG61: F
A62: WY004006 | B62: FEDERAL #26-3 | C62: 49-005-30659 | D62: 10 | E62: 5 | F62: 30659 | G62: NE | H62: NW | I62: 26 | J62: 52 | K62: N | L62: 69 | M62: W | N62: 0 | O62: 616 | P62: I | Q62: 2015 | R62: AI | S62: 2375 | T62: 0 | U62: 0 | V62: 0 | W62: 0 | X62: 0 | Y62: 0 | Z62: 0 | AA62: 0 | AB62: 0 | AC62: =W62 -> 0 | AD62: 500 | AE62: 0 | AF62: 0 | AG62: F
A63: WY004005 | B63: FEDERAL #26-7 | C63: 49-005-24740 | D63: 10 | E63: 5 | F63: 24740 | G63: SW | H63: NE | I63: 26 | J63: 52 | K63: N | L63: 69 | M63: W | N63: 0 | O63: 616 | P63: O | Q63: 2015 | R63: PR | S63: 2375 | T63: 0 | U63: 0 | V63: 0 | W63: 0 | X63: 0 | Y63: 0 | Z63: 0 | AA63: 0 | AB63: 0 | AC63: =W63 -> 0 | AD63: 0 | AE63: 0 | AF63: 0 | AG63: F
A64: WY004002 | B64: FEDERAL #26-8 | C64: 49-005-29743 | D64: 10 | E64: 5 | F64: 29743 | G64: SE | H64: NE | I64: 26 | J64: 52 | K64: N | L64: 69 | M64: W | N64: 0 | O64: 616 | P64: O | Q64: 2015 | R64: PR | S64: 2375 | T64: 0 | U64: 0 | V64: 0 | W64: 0 | X64: 0 | Y64: 0 | Z64: 0 | AA64: 0 | AB64: 0 | AC64: =W64 -> 0 | AD64: 0 | AE64: 0 | AF64: 0 | AG64: F
A65: WY002001 | B65: FEDERAL #35-1 | C65: 49-005-24256 | D65: 10 | E65: 5 | F65: 24256 | G65: NE | H65: NE | I65: 35 | J65: 52 | K65: N | L65: 69 | M65: W | N65: 0 | O65: 616 | P65: O | Q65: 2015 | R65: PR | S65: 2375 | T65: 0 | U65: 0 | V65: 0 | W65: 0 | X65: 0 | Y65: 0 | Z65: 0 | AA65: 0 | AB65: 0 | AC65: =W65 -> 0 | AD65: 0 | AE65: 0 | AF65: 0 | AG65: F
A66: WY002002 | B66: FEDERAL #35-8 (BREAKS 35-8) | C66: 49-005-24739 | D66: 10 | E66: 5 | F66: 24739 | G66: SE | H66: NE | I66: 35 | J66: 52 | K66: N | L66: 69 | M66: W | N66: 0 | O66: 616 | P66: D | Q66: 2015 | R66: AI | S66: 2375 | T66: 0 | U66: 0 | V66: 0 | W66: 0 | X66: 0 | Y66: 0 | Z66: 0 | AA66: 0 | AB66: 0 | AC66: =W66 -> 0 | AD66: 500 | AE66: 0 | AF66: 0 | AG66: F
A67: WY032018 | B67: Federal 11-43 | C67: 49-045-22880 | D67: 10 | E67: 45 | F67: 22880 | G67: NE | H67: SE | I67: 11 | J67: 42 | K67: N | L67: 65 | M67: W | N67: 0 | O67: 901 | P67: O | Q67: 2015 | R67: PR | S67: 2375 | T67: 0 | U67: 0 | V67: 0 | W67: ='Actual Sales'!D135 -> 0 | X67: 0 | Y67: 0 | Z67: 0 | AA67: 0 | AB67: 0 | AC67: =W67 -> 0 | AD67: 0 | AE67: 0 | AF67: 0 | AG67: W | AH67: ='Actual Sales'!E135 -> 0
A68: WY032019 | B68: Federal 11-44 | C68: 49-045-22881 | D68: 10 | E68: 45 | F68: 22881 | G68: SE | H68: SE | I68: 11 | J68: 42 | K68: N | L68: 65 | M68: W | N68: 0 | O68: 901 | P68: O | Q68: 2015 | R68: PR | S68: 2375 | T68: 0 | U68: 0 | V68: 0 | W68: ='Actual Sales'!D136 -> 0 | X68: 0 | Y68: 0 | Z68: 0 | AA68: 0 | AB68: 0 | AC68: =W68 -> 0 | AD68: 0 | AE68: 0 | AF68: 0 | AG68: W | AH68: ='Actual Sales'!E136 -> 0
A69: WY048002 | B69: Federal 12-1 | C69: 49-017-20238 | D69: 10 | E69: 17 | F69: 20238 | G69: SW | H69: NE | I69: 12 | J69: 44 | K69: N | L69: 97 | M69: W | N69: 0 | O69: 766 | P69: O | Q69: 2015 | R69: PR | S69: 2375 | T69: 0 | U69: 0 | V69: 0 | W69: 0 | X69: 0 | Y69: 0 | Z69: 0 | AA69: 0 | AB69: 0 | AC69: =W69 -> 0 | AD69: 0 | AE69: 0 | AF69: 0 | AG69: K
A70: WY048003 | B70: Federal 12-2 | C70: 49-017-20542 | D70: 10 | E70: 17 | F70: 20542 | G70: SW | H70: NE | I70: 12 | J70: 44 | K70: N | L70: 97 | M70: W | N70: 0 | O70: 766 | P70: O | Q70: 2015 | R70: PR | S70: 2375 | T70: 0 | U70: 0 | V70: 0 | W70: 0 | X70: 0 | Y70: 0 | Z70: 0 | AA70: 0 | AB70: 0 | AC70: =W70 -> 0 | AD70: 0 | AE70: 0 | AF70: 0 | AG70: K
A71: WY030002 | B71: Federal 32-1 | C71: 49-045-21065 | D71: 10 | E71: 45 | F71: 21065 | G71: SE | H71: SW | I71: 32 | J71: 46 | K71: N | L71: 64 | M71: W | N71: 0 | O71: 676 | P71: O | Q71: 2015 | R71: PR | S71: 2375 | T71: 0 | U71: 0 | V71: 0 | W71: 0 | X71: 0 | Y71: 0 | Z71: 0 | AA71: 0 | AB71: 0 | AC71: =W71 -> 0 | AD71: 0 | AE71: 0 | AF71: 0 | AG71: E
A72: WY044018 | B72: FINA STATE 1 | C72: 49-045-06686 | D72: 10 | E72: 45 | F72: 6686 | G72: NE | H72: NE | I72: 16 | J72: 44 | K72: N | L72: 62 | M72: W | N72: 0 | O72: 691 | P72: O | Q72: 2015 | R72: PR | S72: 2375 | T72: 0 | U72: 0 | V72: 0 | W72: 0 | X72: 0 | Y72: 0 | Z72: 0 | AA72: 0 | AB72: 0 | AC72: =W72 -> 0 | AD72: 0 | AE72: 0 | AF72: 0 | AG72: SK
A73: WY044019 | B73: Garfield 1 | C73: 49-045-06907 | D73: 10 | E73: 45 | F73: 6907 | G73: SW | H73: SW | I73: 3 | J73: 44 | K73: N | L73: 62 | M73: W | N73: 0 | O73: 691 | P73: O | Q73: 2015 | R73: SI | S73: 2375 | T73: 0 | U73: 0 | V73: 0 | W73: 0 | X73: 0 | Y73: 0 | Z73: 0 | AA73: 0 | AB73: 0 | AC73: =W73 -> 0 | AD73: 0 | AE73: 0 | AF73: 0 | AG73: SK
A74: WY044021 | B74: Garfield 11 | C74: 49-045-22787 | D74: 10 | E74: 45 | F74: 22787 | G74: NE | H74: SW | I74: 3 | J74: 44 | K74: N | L74: 62 | M74: W | N74: 0 | O74: 691 | P74: O | Q74: 2015 | R74: PR | S74: 2375 | T74: 0 | U74: 0 | V74: 0 | W74: 0 | X74: 0 | Y74: 0 | Z74: 0 | AA74: 0 | AB74: 0 | AC74: =W74 -> 0 | AD74: 0 | AE74: 0 | AF74: 0 | AG74: SK
A75: WY044022 | B75: Garfield 1-A | C75: 49-045-20848 | D75: 10 | E75: 45 | F75: 20848 | G75: SW | H75: SW | I75: 3 | J75: 44 | K75: N | L75: 62 | M75: W | N75: 0 | O75: 691 | P75: I | Q75: 2015 | R75: SI | S75: 2375 | T75: 0 | U75: 0 | V75: 0 | W75: 0 | X75: 0 | Y75: 0 | Z75: 0 | AA75: 0 | AB75: 0 | AC75: =W75 -> 0 | AD75: 500 | AE75: 0 | AF75: 0 | AG75: SK
A76: WY044023 | B76: Garfield 2 | C76: 49-045-09299 | D76: 10 | E76: 45 | F76: 9299 | G76: NW | H76: SW | I76: 3 | J76: 44 | K76: N | L76: 62 | M76: W | N76: 0 | O76: 691 | P76: O | Q76: 2015 | R76: SI | S76: 2375 | T76: 0 | U76: 0 | V76: 0 | W76: 0 | X76: 0 | Y76: 0 | Z76: 0 | AA76: 0 | AB76: 0 | AC76: =W76 -> 0 | AD76: 0 | AE76: 0 | AF76: 0 | AG76: SK
A77: WY044024 | B77: Garfield 3 | C77: 49-045-09336 | D77: 10 | E77: 45 | F77: 9336 | G77: SE | H77: NW | I77: 3 | J77: 44 | K77: N | L77: 62 | M77: W | N77: 0 | O77: 691 | P77: O | Q77: 2015 | R77: PR | S77: 2375 | T77: 0 | U77: 0 | V77: 0 | W77: 0 | X77: 0 | Y77: 0 | Z77: 0 | AA77: 0 | AB77: 0 | AC77: =W77 -> 0 | AD77: 0 | AE77: 0 | AF77: 0 | AG77: SK
A78: WY044025 | B78: Garfield 4 | C78: 49-045-20120 | D78: 10 | E78: 45 | F78: 20120 | G78: SW | H78: NE | I78: 3 | J78: 44 | K78: N | L78: 62 | M78: W | N78: 0 | O78: 691 | P78: O | Q78: 2015 | R78: SI | S78: 2375 | T78: 0 | U78: 0 | V78: 0 | W78: 0 | X78: 0 | Y78: 0 | Z78: 0 | AA78: 0 | AB78: 0 | AC78: =W78 -> 0 | AD78: 0 | AE78: 0 | AF78: 0 | AG78: SK
A79: WY044026 | B79: Garfield 5 | C79: 49-045-20422 | D79: 10 | E79: 45 | F79: 20422 | G79: SE | H79: SW | I79: 3 | J79: 44 | K79: N | L79: 62 | M79: W | N79: 0 | O79: 691 | P79: O | Q79: 2015 | R79: PR | S79: 2375 | T79: 0 | U79: 0 | V79: 0 | W79: 0 | X79: 0 | Y79: 0 | Z79: 0 | AA79: 0 | AB79: 0 | AC79: =W79 -> 0 | AD79: 0 | AE79: 0 | AF79: 0 | AG79: SK
A80: WY044027 | B80: Garfield 6 | C80: 49-045-20701 | D80: 10 | E80: 45 | F80: 20701 | G80: NE | H80: SE | I80: 4 | J80: 44 | K80: N | L80: 62 | M80: W | N80: 0 | O80: 691 | P80: O | Q80: 2015 | R80: SI | S80: 2375 | T80: 0 | U80: 0 | V80: 0 | W80: 0 | X80: 0 | Y80: 0 | Z80: 0 | AA80: 0 | AB80: 0 | AC80: =W80 -> 0 | AD80: 0 | AE80: 0 | AF80: 0 | AG80: SK
... A83: WY033002 | B83: Gaskill 27-34 | C83: 49-027-20828 | D83: 10 | E83: 27 | F83: 20828 | G83: SW | H83: SE | I83: 27 | J83: 41 | K83: N | L83: 64 | M83: W | N83: 0 | O83: 676 | P83: O | Q83: 2015 | R83: PR | S83: 2375 | T83: 0 | U83: 0 | V83: 0 | W83: 0 | X83: 0 | Y83: 0 | Z83: 0 | AA83: 0 | AB83: 0 | AC83: =W83 -> 0 | AD83: 0 | AE83: 0 | AF83: 0 | AG83: S
A84: WY033003 | B84: Gaskill 34-43 | C84: 49-027-20843 | D84: 10 | E84: 27 | F84: 20843 | G84: NE | H84: SE | I84: 34 | J84: 41 | K84: N | L84: 64 | M84: W | N84: 0 | O84: 676 | P84: O | Q84: 2015 | R84: SI | S84: 2375 | T84: 0 | U84: 0 | V84: 0 | W84: ='Actual Sales'!D137 -> 0 | X84: 0 | Y84: 0 | Z84: 0 | AA84: 0 | AB84: 0 | AC84: =W84 -> 0 | AD84: 0 | AE84: 0 | AF84: 0 | AG84: S | AH84: ='Actual Sales'!E137 -> 0
A85: WY043001 | B85: Gaskill Federal 13 | C85: 49-027-20742 | D85: 10 | E85: 27 | F85: 20742 | G85: NW | H85: SW | I85: 13 | J85: 40 | K85: N | L85: 64 | M85: W | N85: 0 | O85: 901 | P85: O | Q85: 2015 | R85: SI | S85: 2375 | T85: 0 | U85: 0 | V85: 0 | W85: 0 | X85: 0 | Y85: 0 | Z85: 0 | AA85: 0 | AB85: 0 | AC85: =W85 -> 0 | AD85: 0 | AE85: 0 | AF85: 0 | AG85: S
A86: WY005001 | B86: GOVERNMENT #1 | C86: 49-005-22798 | D86: 10 | E86: 5 | F86: 22798 | G86: SW | H86: NE | I86: 24 | J86: 52 | K86: N | L86: 69 | M86: W | N86: 0 | O86: 616 | P86: O | Q86: 2015 | R86: PR | S86: 2375 | T86: 0 | U86: 0 | V86: 0 | W86: 0 | X86: 0 | Y86: 0 | Z86: 0 | AA86: 0 | AB86: 0 | AC86: =W86 -> 0 | AD86: 0 | AE86: 0 | AF86: 0 | AG86: F
A87: WY032020 | B87: Govt 10 | C87: 49-045-05371 | D87: 10 | E87: 45 | F87: 5371 | G87: NW | H87: SE | I87: 24 | J87: 42 | K87: N | L87: 65 | M87: W | N87: 0 | O87: 916 | P87: O | Q87: 2015 | R87: PR | S87: 2375 | T87: 0 | U87: 0 | V87: 0 | W87: 0 | X87: 0 | Y87: 0 | Z87: 0 | AA87: 0 | AB87: 0 | AC87: =W87 -> 0 | AD87: 0 | AE87: 0 | AF87: 0 | AG87: W
A88: WY032021 | B88: Govt 11-1-S | C88: 49-045-21977 | D88: 10 | E88: 45 | F88: 21977 | G88: NW | H88: SW | I88: 11 | J88: 42 | K88: N | L88: 65 | M88: W | N88: 0 | O88: 901 | P88: O | Q88: 2015 | R88: PR | S88: 2375 | T88: 0 | U88: 0 | V88: 0 | W88: ='Actual Sales'!D138 -> 0 | X88: 0 | Y88: 0 | Z88: 0 | AA88: 0 | AB88: 0 | AC88: =W88 -> 0 | AD88: 0 | AE88: 0 | AF88: 0 | AG88: W | AH88: ='Actual Sales'!E138 -> 0
A89: WY032022 | B89: Govt 2 | C89: 49-045-05409 | D89: 10 | E89: 45 | F89: 5409 | G89: NW | H89: NW | I89: 24 | J89: 42 | K89: N | L89: 65 | M89: W | N89: 0 | O89: 916 | P89: O | Q89: 2015 | R89: SI | S89: 2375 | T89: 0 | U89: 0 | V89: 0 | W89: ='Actual Sales'!D139 -> 0 | X89: 0 | Y89: 0 | Z89: 0 | AA89: 0 | AB89: 0 | AC89: =W89 -> 0 | AD89: 0 | AE89: 0 | AF89: 0 | AG89: W | AH89: ='Actual Sales'!E139 -> 0
A90: WY032023 | B90: Govt 3 | C90: 49-045-05408 | D90: 10 | E90: 45 | F90: 5408 | G90: NE | H90: NW | I90: 24 | J90: 42 | K90: N | L90: 65 | M90: W | N90: 0 | O90: 916 | P90: O | Q90: 2015 | R90: SI | S90: 2375 | T90: 0 | U90: 0 | V90: 0 | W90: 0 | X90: 0 | Y90: 0 | Z90: 0 | AA90: 0 | AB90: 0 | AC90: =W90 -> 0 | AD90: 0 | AE90: 0 | AF90: 0 | AG90: Z
A91: WY032024 | B91: Govt 8 | C91: 49-045-05391 | D91: 10 | E91: 45 | F91: 5391 | G91: SW | H91: NE | I91: 23 | J91: 42 | K91: N | L91: 65 | M91: W | N91: 0 | O91: 916 | P91: O | Q91: 2015 | R91: SI | S91: 2375 | T91: 0 | U91: 0 | V91: 0 | W91: 0 | X91: 0 | Y91: 0 | Z91: 0 | AA91: 0 | AB91: 0 | AC91: =W91 -> 0 | AD91: 0 | AE91: 0 | AF91: 0 | AG91: W
A92: WY032025 | B92: Govt 9 | C92: 49-045-05388 | D92: 10 | E92: 45 | F92: 5388 | G92: SW | H92: NW | I92: 24 | J92: 42 | K92: N | L92: 65 | M92: W | N92: 0 | O92: 916 | P92: O | Q92: 2015 | R92: PR | S92: 2375 | T92: 0 | U92: 0 | V92: 0 | W92: 0 | X92: 0 | Y92: 0 | Z92: 0 | AA92: 0 | AB92: 0 | AC92: =W92 -> 0 | AD92: 0 | AE92: 0 | AF92: 0 | AG92: W
A93: WY032030 | B93: GRIEVES 13-16 | C93: 49-045-29256 | D93: 10 | E93: 45 | F93: 29256 | G93: SE | H93: SE | I93: 13 | J93: 42 | K93: N | L93: 65 | M93: W | N93: 0 | O93: 901 | P93: O | Q93: 2015 | R93: SI | S93: 2375 | T93: 0 | U93: 0 | V93: 0 | W93: ='Actual Sales'!D140 -> 0 | X93: 0 | Y93: 0 | Z93: 0 | AA93: 0 | AB93: 0 | AC93: =W93 -> 0 | AD93: 0 | AE93: 0 | AF93: 0 | AG93: W | AH93: ='Actual Sales'!E140 -> 0
A94: WY032032 | B94: GRIEVES 24-1 | C94: 49-045-29261 | D94: 10 | E94: 45 | F94: 29261 | G94: NE | H94: NE | I94: 24 | J94: 42 | K94: N | L94: 65 | M94: W | N94: 0 | O94: 901 | P94: O | Q94: 2015 | R94: PR | S94: 2375 | T94: 0 | U94: 0 | V94: 0 | W94: ='Actual Sales'!D141 -> 0 | X94: 0 | Y94: 0 | Z94: 0 | AA94: 0 | AB94: 0 | AC94: =W94 -> 0 | AD94: 0 | AE94: 0 | AF94: 0 | AG94: W | AH94: ='Actual Sales'!E141 -> 0
A95: WY032033 | B95: GRIEVES 24-8 | C95: 49-045-29260 | D95: 10 | E95: 45 | F95: 29260 | G95: SE | H95: NE | I95: 24 | J95: 42 | K95: N | L95: 65 | M95: W | N95: 0 | O95: 901 | P95: O | Q95: 2015 | R95: PR | S95: 2375 | T95: 0 | U95: 0 | V95: 0 | W95: ='Actual Sales'!D142 -> 0 | X95: 0 | Y95: 0 | Z95: 0 | AA95: 0 | AB95: 0 | AC95: =W95 -> 0 | AD95: 0 | AE95: 0 | AF95: 0 | AG95: W | AH95: ='Actual Sales'!E142 -> 0
A96: WY010001 | B96: HAIGHT TRUST #1 | C96: 49-005-27121 | D96: 10 | E96: 5 | F96: 27121 | G96: NE | H96: NW | I96: 30 | J96: 47 | K96: N | L96: 71 | M96: W | N96: 0 | O96: 616 | P96: O | Q96: 2015 | R96: PR | S96: 2375 | T96: 0 | U96: 0 | V96: 0 | W96: 0 | X96: 0 | Y96: 0 | Z96: 0 | AA96: 0 | AB96: 0 | AC96: =W96 -> 0 | AD96: 0 | AE96: 0 | AF96: 0 | AG96: H
A97: WY043002 | B97: Hanson 14 | C97: 49-027-20757 | D97: 10 | E97: 27 | F97: 20757 | G97: SW | H97: SW | I97: 7 | J97: 40 | K97: N | L97: 63 | M97: W | N97: 0 | O97: 316 | P97: O | Q97: 2015 | R97: PR | S97: 2375 | T97: 0 | U97: 0 | V97: 0 | W97: 0 | X97: 0 | Y97: 0 | Z97: 0 | AA97: 0 | AB97: 0 | AC97: =W97 -> 0 | AD97: 0 | AE97: 0 | AF97: 0 | AG97: S
A98: WY043003 | B98: Hanson 41 | C98: 49-027-20818 | D98: 10 | E98: 27 | F98: 20818 | G98: NE | H98: NE | I98: 13 | J98: 40 | K98: N | L98: 64 | M98: W | N98: 0 | O98: 901 | P98: O | Q98: 2015 | R98: SI | S98: 2375 | T98: 0 | U98: 0 | V98: 0 | W98: 0 | X98: 0 | Y98: 0 | Z98: 0 | AA98: 0 | AB98: 0 | AC98: =W98 -> 0 | AD98: 0 | AE98: 0 | AF98: 0 | AG98: S
A99: WY043004 | B99: Hanson 43 | C99: 49-027-20768 | D99: 10 | E99: 27 | F99: 20768 | G99: NE | H99: SE | I99: 12 | J99: 40 | K99: N | L99: 64 | M99: W | N99: 0 | O99: 316 | P99: O | Q99: 2015 | R99: SI | S99: 2375 | T99: 0 | U99: 0 | V99: 0 | W99: 0 | X99: 0 | Y99: 0 | Z99: 0 | AA99: 0 | AB99: 0 | AC99: =W99 -> 0 | AD99: 0 | AE99: 0 | AF99: 0 | AG99: S
A100: WY043005 | B100: Hanson 44 | C100: 49-027-20769 | D100: 10 | E100: 27 | F100: 20769 | G100: SE | H100: SE | I100: 12 | J100: 40 | K100: N | L100: 64 | M100: W | N100: 0 | O100: 316 | P100: O | Q100: 2015 | R100: SI | S100: 2375 | T100: 0 | U100: 0 | V100: 0 | W100: 0 | X100: 0 | Y100: 0 | Z100: 0 | AA100: 0 | AB100: 0 | AC100: =W100 -> 0 | AD100: 0 | AE100: 0 | AF100: 0 | AG100: S
A101: WY043006 | B101: Hanson Federal 1 | C101: 49-027-20934 | D101: 10 | E101: 27 | F101: 20934 | G101: NE | H101: SW | I101: 7 | J101: 40 | K101: N | L101: 63 | M101: W | N101: 0 | O101: 901 | P101: O | Q101: 2015 | R101: PR | S101: 2375 | T101: 0 | U101: 0 | V101: 0 | W101: 0 | X101: 0 | Y101: 0 | Z101: 0 | AA101: 0 | AB101: 0 | AC101: =W101 -> 0 | AD101: 0 | AE101: 0 | AF101: 0 | AG101: Z
A102: WY036005 | B102: Hanzol 1 | C102: 49-045-20107 | D102: 10 | E102: 45 | F102: 20107 | G102: SW | H102: SW | I102: 20 | J102: 44 | K102: N | L102: 63 | M102: W | N102: 0 | O102: 691 | P102: O | Q102: 2015 | R102: TA | S102: 2375 | T102: 0 | U102: 0 | V102: 0 | W102: 0 | X102: 0 | Y102: 0 | Z102: 0 | AA102: 0 | AB102: 0 | AC102: =W102 -> 0 | AD102: 0 | AE102: 0 | AF102: 0 | AG102: Z
A103: WY036006 | B103: Hanzol 2 | C103: 49-045-20119 | D103: 10 | E103: 45 | F103: 20119 | G103: NE | H103: SW | I103: 20 | J103: 44 | K103: N | L103: 63 | M103: W | N103: 0 | O103: 676 | P103: O | Q103: 2015 | R103: PR | S103: 2375 | T103: 0 | U103: 0 | V103: 0 | W103: 0 | X103: 0 | Y103: 0 | Z103: 0 | AA103: 0 | AB103: 0 | AC103: =W103 -> 0 | AD103: 0 | AE103: 0 | AF103: 0 | AG103: E
A104: WY036007 | B104: Hayes Kyhl 1 | C104: 49-045-06489 | D104: 10 | E104: 45 | F104: 6489 | G104: SW | H104: SE | I104: 14 | J104: 44 | K104: N | L104: 63 | M104: W | N104: 0 | O104: 691 | P104: O | Q104: 2015 | R104: PR | S104: 2375 | T104: 0 | U104: 0 | V104: 0 | W104: 0 | X104: 0 | Y104: 0 | Z104: 0 | AA104: 0 | AB104: 0 | AC104: =W104 -> 0 | AD104: 0 | AE104: 0 | AF104: 0 | AG104: E
...

Sheet Master Form 7
A1: 1 | C1: 7 | D1: 10 | E1: 2015 | F1: 10386 | H1: POC-I LLC. | I1: 1888 SHERMAN STREET STE. 500 | J1: DENVER | K1: CO | L1: 80203 | M1: 303 | N1: 825-2324 | O1: 303 | P1: 629-9233 | Q1: N | R1: 81 | S1: 5119 | T1: 0 | U1: ILES #8 | V1: SNDC | W1: PR | X1: 30 | Y1: SWNW | Z1: 23 | AA1: 4N | AB1: 92W | AC1: 232 | AD1: 565 | AE1: 476 | AF1: 0 | AG1: 321 | AH1: 0 | AI1: 0 | AJ1: 0 | AK1: 0 | AL1: 0 | AM1: 30 | AN1: 0 | AO1: 100008 | AP1: M | AQ1: 0 | AR1: 0 | AS1: 0 | AT1: 0 | AU1: Stephen Tygard | AV1: Y | AW1: GIS/PRODUCTION | AX1: 42326
A2: 2 | C2: 7 | D2: 10 | E2: 2015 | F2: 10386 | H2: POC-I LLC. | I2: 1888 SHERMAN STREET STE. 500 | J2: DENVER | K2: CO | L2: 80203 | M2: 303 | N2: 825-2324 | O2: 303 | P2: 629-9233 | Q2: N | R2: 81 | S2: 5108 | T2: 0 | U2: ILES #11 | V2: SNDC | W2: SI | Y2: NESE | Z2: 22 | AA2: 4N | AB2: 92W | AC2: 209 | AD2: 0 | AE2: 0 | AF2: 0 | AG2: 209 | AH2: 0 | AI2: 0 | AJ2: 0 | AK2: 0 | AL2: 0 | AN2: 0 | AP2: M | AQ2: 0 | AR2: 0 | AS2: 0 | AT2: 0 | AU2: Stephen Tygard | AV2: Y | AW2: GIS/PRODUCTION | AX2: 42326
A3: 3 | C3: 7 | D3: 10 | E3: 2015 | F3: 10386 | H3: POC-I LLC. | I3: 1888 SHERMAN STREET STE. 500 | J3: DENVER | K3: CO | L3: 80203 | M3: 303 | N3: 825-2324 | O3: 303 | P3: 629-9233 | Q3: N | R3: 81 | S3: 5093 | T3: 0 | U3: ILES #22 | V3: SNDC | W3: PR | X3: 30 | Y3: SESW | Z3: 22 | AA3: 4N | AB3: 92W | AC3: 249 | AD3: 1131 | AE3: 953 | AF3: 0 | AG3: 427 | AH3: 0 | AI3: 0 | AJ3: 0 | AK3: 0 | AL3: 0 | AM3: 30 | AN3: 0 | AO3: 72733 | AP3: M | AQ3: 0 | AR3: 0 | AS3: 0 | AT3: 0 | AU3: Stephen Tygard | AV3: Y | AW3: GIS/PRODUCTION | AX3: 42326
A4: 4 | C4: 7 | D4: 10 | E4: 2015 | F4: 10386 | H4: POC-I LLC. | I4: 1888 SHERMAN STREET STE. 500 | J4: DENVER | K4: CO | L4: 80203 | M4: 303 | N4: 825-2324 | O4: 303 | P4: 629-9233 | Q4: N | R4: 81 | S4: 5656 | T4: 0 | U4: ILES #24 | V4: SNDC | W4: PR | X4: 31 | Y4: SWSE | Z4: 22 | AA4: 4N | AB4: 92W | AC4: 383 | AD4: 1168 | AE4: 984 | AF4: 0 | AG4: 567 | AH4: 0 | AI4: 0 | AJ4: 0 | AK4: 0 | AL4: 0 | AM4: 30 | AN4: 0 | AO4: 140920 | AP4: M | AQ4: 0 | AR4: 0 | AS4: 0 | AT4: 0 | AU4: Stephen Tygard | AV4: Y | AW4: GIS/PRODUCTION | AX4: 42326
A5: 5 | C5: 7 | D5: 10 | E5: 2015 | F5: 10386 | H5: POC-I LLC. | I5: 1888 SHERMAN STREET STE. 500 | J5: DENVER | K5: CO | L5: 80203 | M5: 303 | N5: 825-2324 | O5: 303 | P5: 629-9233 | Q5: N | R5: 81 | S5: 5086 | T5: 0 | U5: ILES #25 | V5: MRSN | W5: PR | X5: 10 | Y5: NENW | Z5: 27 | AA5: 4N | AB5: 92W | AC5: 13 | AD5: 3 | AE5: 2 | AF5: 0 | AG5: 14 | AH5: 0 | AI5: 0 | AJ5: 0 | AK5: 0 | AL5: 0 | AM5: 30 | AN5: 0 | AO5: 30 | AP5: M | AQ5: 0 | AR5: 0 | AS5: 0 | AT5: 0 | AU5: Stephen Tygard | AV5: Y | AW5: GIS/PRODUCTION | AX5: 42326
A6: 6 | C6: 7 | D6: 10 | E6: 2015 | F6: 10386 | H6: POC-I LLC. | I6: 1888 SHERMAN STREET STE. 500 | J6: DENVER | K6: CO | L6: 80203 | M6: 303 | N6: 825-2324 | O6: 303 | P6: 629-9233 | Q6: N | R6: 81 | S6: 5106 | T6: 0 | U6: ILES #26 | V6: MRSN | W6: SI | Y6: NWSE | Z6: 22 | AA6: 4N | AB6: 92W | AC6: 6 | AD6: 0 | AE6: 0 | AF6: 0 | AG6: 6 | AH6: 0 | AI6: 0 | AJ6: 0 | AK6: 0 | AL6: 0 | AN6: 0 | AP6: M | AQ6: 0 | AR6: 0 | AS6: 0 | AT6: 0 | AU6: Stephen Tygard | AV6: Y | AW6: GIS/PRODUCTION | AX6: 42326
A7: 7 | C7: 7 | D7: 10 | E7: 2015 | F7: 10386 | H7: POC-I LLC. | I7: 1888 SHERMAN STREET STE. 500 | J7: DENVER | K7: CO | L7: 80203 | M7: 303 | N7: 825-2324 | O7: 303 | P7: 629-9233 | Q7: N | R7: 81 | S7: 5107 | T7: 0 | U7: ILES #6 | V7: SNDC | W7: SI | Y7: NWSW | Z7: 23 | AA7: 4N | AB7: 92W | AC7: 0 | AD7: 0 | AE7: 0 | AF7: 0 | AG7: 0 | AH7: 0 | AI7: 0 | AJ7: 0 | AK7: 0 | AL7: 0 | AM7: 0 | AN7: 0 | AO7: 0 | AQ7: 0 | AR7: 0 | AS7: 0 | AT7: 0 | AU7: Stephen Tygard | AV7: Y | AW7: GIS/PRODUCTION | AX7: 42326
A8: 8 | C8: 7 | D8: 10 | E8: 2015 | F8: 10386 | H8: POC-I LLC. | I8: 1888 SHERMAN STREET STE. 500 | J8: DENVER | K8: CO | L8: 80203 | M8: 303 | N8: 825-2324 | O8: 303 | P8: 629-9233 | Q8: N | R8: 81 | S8: 5090 | T8: 0 | U8: ILES #37 | V8: SNDC | W8: PR | X8: 31 | Y8: SWSE | Z8: 22 | AA8: 4N | AB8: 92W | AC8: 10 | AD8: 11 | AE8: 9 | AF8: 0 | AG8: 12 | AH8: 0 | AI8: 0 | AJ8: 0 | AK8: 0 | AL8: 0 | AM8: 30 | AN8: 0 | AO8: 3551 | AP8: M | AQ8: 0 | AR8: 0 | AS8: 0 | AT8: 0 | AU8: Stephen Tygard | AV8: Y | AW8: GIS/PRODUCTION | AX8: 42326

Sheet OGOR
A1: H1 | B1: Doc | C1: O,M,R | D1: Prod Mo | E1: Oper # | F1: Oper Name | G1: Ls Agmt # | H1: Lse Agmt Nm | I1: MMS agmt# | J1: Agency Ls agmt #
A2: LA | B2: Line # | C2: Action code | D2: API | E2: Prod interval | F2: Oper well number (15) | G2: Status code | H2: DAYS Prod | I2: OIL | J2: GAS | K2: WATER | L2: INJ
A3: LB | B3: Line # | C3: Action code | D3: Disposition code | E3: Metering point number | F3: Gas plant number | H3: BTU FACTOR | I3: OIL/Cond | J3: GAS | K3: WATER
A4: LC | B4: Line # | C4: Action code | D4: Product code | E4: Inv storage point # | F4: Metering point # | G4: GRAV | H4: BEG INV | I4: PROD BBLS | J4: SALES BBLS | K4: ADJ CODE | L4: ADJ VOL | M4: END INV
A5: H1 | B5: OGOR | C5: O | D5: 102015 | E5: K3387 | F5: POC-I LLC | H5: Mush Creek | J5: WYB038802
A6: LA | B6: 0001 | C6: A | D6: 490450649400 | E6: S01 | F6: Capitol 4 | G6: 08 | H6: ='Master Form 2'!X28 -> 0 | I6: ='Master Form 2'!T28 -> 0 | J6: ='Master Form 2'!W28 -> 0 | K6: ='Master Form 2'!V28 -> 0 | L6: ='Master Form 2'!Y28 -> 0
A7: LA | B7: 0002 | C7: A | D7: 490450672700 | E7: S01 | F7: Capitol 5 | G7: 08 | H7: ='Master Form 2'!X29 -> 0 | I7: ='Master Form 2'!T29 -> 0 | J7: ='Master Form 2'!W29 -> 0 | K7: ='Master Form 2'!V29 -> 0 | L7: ='Master Form 2'!Y29 -> 0
A8: LA | B8: 0003 | C8: A | D8: 490451115100 | E8: S01 | F8: Capitol 6 | G8: 12 | H8: ='Master Form 2'!X30 -> 0 | I8: ='Master Form 2'!T30 -> 0 | J8: ='Master Form 2'!W30 -> 0 | K8: ='Master Form 2'!V30 -> 0 | L8: ='Master Form 2'!Y30 -> 0
A9: LA | B9: 0004 | C9: A | D9: 490452010700 | E9: S01 | F9: Hanzol 1 | G9: 12 | H9: ='Master Form 2'!X102 -> 0 | I9: ='Master Form 2'!T102 -> 0 | J9: ='Master Form 2'!W102 -> 0 | K9: ='Master Form 2'!V102 -> 0 | L9: ='Master Form 2'!Y102 -> 0
A10: LA | B10: 0005 | C10: A | D10: 490452011900 | E10: S01 | F10: Hanzol 2 | G10: 08 | H10: ='Master Form 2'!X103 -> 0 | I10: ='Master Form 2'!T103 -> 0 | J10: ='Master Form 2'!W103 -> 0 | K10: ='Master Form 2'!V103 -> 0 | L10: ='Master Form 2'!Y103 -> 0
A11: LA | B11: 0006 | C11: A | D11: 490452049800 | E11: S01 | F11: Manx 2 | G11: 08 | H11: ='Master Form 2'!X120 -> 0 | I11: ='Master Form 2'!T120 -> 0 | J11: ='Master Form 2'!W120 -> 0 | K11: ='Master Form 2'!V120 -> 0 | L11: ='Master Form 2'!Y120 -> 0
A12: LA | B12: 0007 | C12: A | D12: 490452185400 | E12: S01 | F12: Manx 3 | G12: 08 | H12: ='Master Form 2'!X121 -> 0 | I12: ='Master Form 2'!T121 -> 0 | J12: ='Master Form 2'!W121 -> 0 | K12: ='Master Form 2'!V121 -> 0 | L12: ='Master Form 2'!Y121 -> 0
A13: LB | B13: 2001 | C13: A | D13: 10 | H13: 0 | I13: =SUM(I6:I12) -> 0 | J13: 0 | K13: 0
A14: LB | B14: 2002 | C14: A | D14: 27 | H14: 0 | I14: 0 | J14: 0 | K14: =SUM(K6:K12) -> 0
A15: LC | B15: 3001 | C15: A | D15: 01 | G15: 408 | H15: =Inventory!K3 -> 827 | I15: =I13 -> 0 | J15: =Inventory!M3 -> 0 | M15: =H15+I15-J15+L15 -> 827
A16: T1 | B16: =COUNTIF(A6:A15,"LA")+COUNTIF(A6:A15,"LB")+COUNTIF(A6:A15,"LC") -> 10 | C16: Mark Choury | D16: 3072377854 | F16: =TODAY() -> 42326
A17: H1 | B17: OGOR | C17: O | D17: =D5 -> 102015 | E17: K3387 | F17: POC-I LLC | H17: Mush Creek | J17: 891011622C
A18: LA | B18: 0001 | C18: A | D18: 490450924800 | E18: S01 | F18: MushCrk UN 9-1 | G18: 12 | H18: ='Master Form 2'!X134 -> 0 | I18: ='Master Form 2'!T134 -> 0 | J18: ='Master Form 2'!W134 -> 0 | K18: ='Master Form 2'!V134 -> 0 | L18: ='Master Form 2'!Y134 -> 0
A19: LA | B19: 0002 | C19: A | D19: 490450925000 | E19: S01 | F19: MushCrk U 10-1D | G19: 08 | H19: ='Master Form 2'!X132 -> 0 | I19: ='Master Form 2'!T132 -> 0 | J19: ='Master Form 2'!W132 -> 0 | K19: ='Master Form 2'!V132 -> 0 | L19: ='Master Form 2'!Y132 -> 0
A20: LA | B20: 0003 | C20: A | D20: 490450925100 | E20: S01 | F20: MushCrk U 10-2E | G20: 08 | H20: ='Master Form 2'!X133 -> 0 | I20: ='Master Form 2'!T133 -> 0 | J20: ='Master Form 2'!W133 -> 0 | K20: ='Master Form 2'!V133 -> 0 | L20: ='Master Form 2'!Y133 -> 0
A21: LA | B21: 0004 | C21: A | D21: 490452107300 | E21: S01 | F21: MushCrk U 10-1A | G21: 08 | H21: ='Master Form 2'!X131 -> 0 | I21: ='Master Form 2'!T131 -> 0 | J21: ='Master Form 2'!W131 -> 0 | K21: ='Master Form 2'!V131 -> 0 | L21: ='Master Form 2'!Y131 -> 0
A22: LA | B22: 0005 | C22: A | D22: 490450921800 | E22: S01 | F22: Vessels 12 | G22: 12 | H22: ='Master Form 2'!X246 -> 0 | I22: ='Master Form 2'!T246 -> 0 | J22: ='Master Form 2'!W246 -> 0 | K22: ='Master Form 2'!V246 -> 0 | L22: ='Master Form 2'!Y246 -> 0
A23: LB | B23: 2001 | C23: A | D23: 10 | H23: 0 | I23: =SUM(I18:I22) -> 0 | J23: 0 | K23: 0
A24: LC | B24: 3001 | C24: A | D24: 01 | G24: ='Actual Sales'!C30*10 -> 0 | H24: =Inventory!K4 -> 115 | I24: =I23 -> 0 | J24: =Inventory!M4 -> 0 | M24: =H24+I24-J24+L24 -> 115
A25: T1 | B25: =COUNTIF(A18:A24,"LA")+COUNTIF(A18:A24,"LB")+COUNTIF(A18:A24,"LC") -> 7 | C25: =C16 -> Mark Choury | D25: =D16 -> 3072377854 | F25: =F16 -> 42326
A26: H1 | B26: OGOR | C26: O | D26: =D5 -> 102015 | E26: K3387 | F26: POC-I LLC | H26: Mush Creek | J26: WYB037775
A27: LA | B27: 0001 | C27: A | D27: 490450638900 | E27: S01 | F27: Texaco 17 | G27: 12 | H27: ='Master Form 2'!X224 -> 0 | I27: ='Master Form 2'!T224 -> 0 | J27: ='Master Form 2'!W224 -> 0 | K27: ='Master Form 2'!V224 -> 0 | L27: ='Master Form 2'!Y224 -> 0
A28: LA | B28: 0002 | C28: A | D28: 490450640500 | E28: S01 | F28: Texaco 9 | G28: 08 | H28: ='Master Form 2'!X230 -> 0 | I28: ='Master Form 2'!T230 -> 0 | J28: ='Master Form 2'!W230 -> 0 | K28: ='Master Form 2'!V230 -> 0 | L28: ='Master Form 2'!Y230 -> 0
A29: LA | B29: 0003 | C29: A | D29: 490450642100 | E29: S01 | F29: Texaco 4 | G29: 08 | H29: ='Master Form 2'!X226 -> 0 | I29: ='Master Form 2'!T226 -> 0 | J29: ='Master Form 2'!W226 -> 0 | K29: ='Master Form 2'!V226 -> 0 | L29: ='Master Form 2'!Y226 -> 0
A30: LA | B30: 0004 | C30: A | D30: 490450644200 | E30: S01 | F30: Texaco 6 | G30: 08 | H30: ='Master Form 2'!X228 -> 0 | I30: ='Master Form 2'!T228 -> 0 | J30: ='Master Form 2'!W228 -> 0 | K30: ='Master Form 2'!V228 -> 0 | L30: ='Master Form 2'!Y228 -> 0
A31: LA | B31: 0005 | C31: A | D31: 490450646600 | E31: S01 | F31: Texaco 6W | G31: 12 | H31: ='Master Form 2'!X229 -> 0 | I31: ='Master Form 2'!T229 -> 0 | J31: ='Master Form 2'!W229 -> 0 | K31: ='Master Form 2'!V229 -> 0 | L31: ='Master Form 2'!Y229 -> 0
A32: LA | B32: 0006 | C32: A | D32: 490451109300 | E32: S01 | F32: Texaco 5 | G32: 12 | H32: ='Master Form 2'!X227 -> 0 | I32: ='Master Form 2'!T227 -> 0 | J32: ='Master Form 2'!W227 -> 0 | K32: ='Master Form 2'!V227 -> 0 | L32: ='Master Form 2'!Y227 -> 0
A33: LA | B33: 0007 | C33: A | D33: 490452057800 | E33: S01 | F33: Texaco 23 | G33: 12 | H33: ='Master Form 2'!X225 -> 0 | I33: ='Master Form 2'!T225 -> 0 | J33: ='Master Form 2'!W225 -> 0 | K33: ='Master Form 2'!V225 -> 0 | L33: ='Master Form 2'!Y225 -> 0
A34: LB | B34: 2001 | C34: A | D34: 10 | H34: 0 | I34: =SUM(I27:I33) -> 0 | J34: 0 | K34: 0
A35: LB | B35: 2002 | C35: A | D35: 27 | H35: 0 | I35: 0 | J35: 0 | K35: =SUM(K27:K33) -> 0
A36: LC | B36: 3001 | C36: A | D36: 01 | G36: 0 | H36: =Inventory!K5 -> 634 | I36: =I34 -> 0 | J36: =Inventory!M5 -> 0 | M36: =H36+I36-J36+L36 -> 634 | O36: Gravity
A37: T1 | B37: =COUNTIF(A27:A36,"LA")+COUNTIF(A27:A36,"LB")+COUNTIF(A27:A36,"LC") -> 10 | C37: =C16 -> Mark Choury | D37: =D16 -> 3072377854 | F37: =F16 -> 42326
A38: H1 | B38: OGOR | C38: O | D38: =D5 -> 102015 | E38: K3387 | F38: POC-I LLC | H38: NSCU | J38: WYW184179X
A39: LA | B39: 0001 | C39: A | D39: 490450705400 | E39: S01 | F39: Chism 2 | G39: 12 | H39: ='Master Form 2'!X31 -> 0 | I39: ='Master Form 2'!T31 -> 0 | J39: ='Master Form 2'!W31 -> 0 | K39: ='Master Form 2'!V31 -> 0 | L39: ='Master Form 2'!Y31 -> 0
A40: LA | B40: 0002 | C40: A | D40: 490450705900 | E40: S01 | F40: Chism 3 | G40: 12 | H40: ='Master Form 2'!X32 -> 0 | I40: ='Master Form 2'!T32 -> 0 | J40: ='Master Form 2'!W32 -> 0 | K40: ='Master Form 2'!V32 -> 0 | L40: ='Master Form 2'!Y32 -> 0
A41: LA | B41: 0003 | C41: A | D41: 490452004700 | E41: S01 | F41: Chism 5 | G41: 12 | H41: ='Master Form 2'!X33 -> 0 | I41: ='Master Form 2'!T33 -> 0 | J41: ='Master Form 2'!W33 -> 0 | K41: ='Master Form 2'!V33 -> 0 | L41: ='Master Form 2'!Y33 -> 0
A42: LA | B42: 0004 | C42: A | D42: 490452042700 | E42: S01 | F42: Horton A2 | G42: 08 | H42: ='Master Form 2'!X112 -> 0 | I42: ='Master Form 2'!T112 -> 0 | J42: ='Master Form 2'!W112 -> 0 | K42: ='Master Form 2'!V112 -> 0 | L42: ='Master Form 2'!Y112 -> 0
A43: LA | B43: 0005 | C43: A | D43: 490452038300 | E43: S01 | F43: Horton 6 | G43: 08 | H43: ='Master Form 2'!X111 -> 0 | I43: ='Master Form 2'!T111 -> 0 | J43: ='Master Form 2'!W111 -> 0 | K43: ='Master Form 2'!V111 -> 0 | L43: ='Master Form 2'!Y111 -> 0
A44: LA | B44: 0006 | C44: A | D44: 490452022400 | E44: S01 | F44: Horton 5 | G44: 08 | H44: ='Master Form 2'!X110 -> 0 | I44: ='Master Form 2'!T110 -> 0 | J44: ='Master Form 2'!W110 -> 0 | K44: ='Master Form 2'!V110 -> 0 | L44: ='Master Form 2'!Y110 -> 0
A45: LA | B45: 0007 | C45: A | D45: 490452018000 | E45: S01 | F45: Horton 4 | G45: 08 | H45: ='Master Form 2'!X109 -> 0 | I45: ='Master Form 2'!T109 -> 0 | J45: ='Master Form 2'!W109 -> 0 | K45: ='Master Form 2'!V109 -> 0 | L45: ='Master Form 2'!Y109 -> 0
A46: LA | B46: 0008 | C46: A | D46: 490452013100 | E46: S01 | F46: Horton 2 | G46: 04 | H46: ='Master Form 2'!X2 -> 0 | I46: ='Master Form 2'!T2 -> 0 | J46: ='Master Form 2'!W2 -> 0 | K46: ='Master Form 2'!V2 -> 0 | L46: ='Master Form 2'!Y2 -> 0
A47: LA | B47: 0009 | C47: A | D47: 490450710700 | E47: S01 | F47: Horton 1 | G47: 08 | H47: ='Master Form 2'!X105 -> 0 | I47: ='Master Form 2'!T105 -> 0 | J47: ='Master Form 2'!W105 -> 0 | K47: ='Master Form 2'!V105 -> 0 | L47: ='Master Form 2'!Y105 -> 0
A48: LA | B48: 0010 | C48: A | D48: 490452053400 | E48: S01 | F48: Horton 11 | G48: 04 | H48: ='Master Form 2'!X107 -> 0 | I48: ='Master Form 2'!T107 -> 0 | J48: ='Master Form 2'!W107 -> 0 | K48: ='Master Form 2'!V107 -> 0 | L48: ='Master Form 2'!Y107 -> 0
A49: LA | B49: 0011 | C49: A | D49: 490450710600 | E49: S01 | F49: Horton 3 | G49: WIWSI | H49: ='Master Form 2'!X108 -> 0 | I49: ='Master Form 2'!T108 -> 0 | J49: ='Master Form 2'!W108 -> 0 | K49: ='Master Form 2'!V108 -> 0 | L49: ='Master Form 2'!Y108 -> 0
A50: LA | B50: 0012 | C50: A | D50: 490452042000 | E50: S01 | F50: Horton 10 | G50: 08 | H50: ='Master Form 2'!X106 -> 0 | I50: ='Master Form 2'!T106 -> 0 | J50: ='Master Form 2'!W106 -> 0 | K50: ='Master Form 2'!V106 -> 0 | L50: ='Master Form 2'!Y106 -> 0
A51: LA | B51: 0013 | C51: A | D51: 490450713300 | E51: S01 | F51: Peter Smith A1 | G51: 08 | H51: ='Master Form 2'!X143 -> 0 | I51: ='Master Form 2'!T143 -> 0 | J51: ='Master Form 2'!W143 -> 0 | K51: ='Master Form 2'!V143 -> 0 | L51: ='Master Form 2'!Y143 -> 0
A52: LA | B52: 0014 | C52: A | D52: 490450710400 | E52: S01 | F52: Peter Smith 1 | G52: 08 | H52: ='Master Form 2'!X142 -> 0 | I52: ='Master Form 2'!T142 -> 0 | J52: ='Master Form 2'!W142 -> 0 | K52: ='Master Form 2'!V142 -> 0 | L52: ='Master Form 2'!Y142 -> 0
A53: LA | B53: 0015 | C53: A | D53: 490450711100 | E53: S01 | F53: Engle 3 | G53: 12 | H53: ='Master Form 2'!X60 -> 0 | I53: ='Master Form 2'!T60 -> 0 | J53: ='Master Form 2'!W60 -> 0 | K53: ='Master Form 2'!V60 -> 0 | L53: ='Master Form 2'!Y60 -> 0
A54: LA | B54: 0016 | C54: A | D54: 490450702700 | E54: S01 | F54: Mondell B 1 | G54: 08 | H54: ='Master Form 2'!X127 -> 0 | I54: ='Master Form 2'!T127 -> 0 | J54: ='Master Form 2'!W127 -> 0 | K54: ='Master Form 2'!V127 -> 0 | L54: ='Master Form 2'!Y127 -> 0
A55: LA | B55: 0017 | C55: A | D55: 490452040200 | E55: S01 | F55: Mondell B 3 | G55: 04 | H55: ='Master Form 2'!X128 -> 0 | I55: ='Master Form 2'!T128 -> 0 | J55: ='Master Form 2'!W128 -> 0 | K55: ='Master Form 2'!V128 -> 0 | L55: ='Master Form 2'!Y128 -> 0
A56: LA | B56: 0018 | C56: A | D56: 490450709700 | E56: S01 | F56: Mondell B 4 | G56: 12 | H56: ='Master Form 2'!X129 -> 0 | I56: ='Master Form 2'!T129 -> 0 | J56: ='Master Form 2'!W129 -> 0 | K56: ='Master Form 2'!V129 -> 0 | L56: ='Master Form 2'!Y129 -> 0
A57: LA | B57: 0019 | C57: A | D57: 490452040600 | E57: S01 | F57: Mondell B 5 | G57: 06 | H57: ='Master Form 2'!X130 -> 0 | I57: ='Master Form 2'!T130 -> 0 | J57: ='Master Form 2'!W130 -> 0 | K57: ='Master Form 2'!V130 -> 0 | L57: ='Master Form 2'!Y130 -> 0
A58: LA | B58: 0020 | C58: A | D58: 490450928100 | E58: S01 | F58: Mondell A 1 | G58: 08 | H58: ='Master Form 2'!X125 -> 0 | I58: ='Master Form 2'!T125 -> 0 | J58: ='Master Form 2'!W125 -> 0 | K58: ='Master Form 2'!V125 -> 0 | L58: ='Master Form 2'!Y125 -> 0
A59: LA | B59: 0021 | C59: A | D59: 490450935700 | E59: S01 | F59: Mondell A 2 | G59: 08 | H59: ='Master Form 2'!X126 -> 0 | I59: ='Master Form 2'!T126 -> 0 | J59: ='Master Form 2'!W126 -> 0 | K59: ='Master Form 2'!V126 -> 0 | L59: ='Master Form 2'!Y126 -> 0
A60: LA | B60: 0022 | C60: A | D60: 490452009400 | E60: S01 | F60: Mondell A 4 | G60: 04 | H60: ='Master Form 2'!X3 -> 0 | I60: ='Master Form 2'!T3 -> 0 | J60: ='Master Form 2'!W3 -> 0 | K60: ='Master Form 2'!V3 -> 0 | L60: ='Master Form 2'!Y3 -> 0
A61: LA | B61: 0023 | C61: A | D61: 490450930000 | E61: S01 | F61: State #2 | G61: 08 | H61: ='Master Form 2'!X215 -> 0 | I61: ='Master Form 2'!T215 -> 0 | J61: ='Master Form 2'!W215 -> 0 | K61: ='Master Form 2'!V215 -> 0 | L61: ='Master Form 2'!Y215 -> 0
A62: LA | B62: 0024 | C62: A | D62: 490450933600 | E62: S01 | F62: Garfield 3 | G62: 08 | H62: ='Master Form 2'!X77 -> 0 | I62: ='Master Form 2'!T77 -> 0 | J62: ='Master Form 2'!W77 -> 0 | K62: ='Master Form 2'!V77 -> 0 | L62: ='Master Form 2'!Y77 -> 0
A63: LA | B63: 0025 | C63: A | D63: 490452012000 | E63: S01 | F63: Garfield 4 | G63: 12 | H63: ='Master Form 2'!X78 -> 0 | I63: ='Master Form 2'!T78 -> 0 | J63: ='Master Form 2'!W78 -> 0 | K63: ='Master Form 2'!V78 -> 0 | L63: ='Master Form 2'!Y78 -> 0
A64: LA | B64: 0026 | C64: A | D64: 490452911900 | E64: S01 | F64: Rockwell 34-15H | G64: 08 | H64: ='Master Form 2'!X159 -> 0 | I64: ='Master Form 2'!T159 -> 0 | J64: ='Master Form 2'!W159 -> 0 | K64: ='Master Form 2'!V159 -> 0 | L64: ='Master Form 2'!Y159 -> 0
A65: LA | B65: 0027 | C65: A | D65: 490452257700 | E65: S01 | F65: Boggs 1 | G65: 12 | H65: ='Master Form 2'!X19 -> 0 | I65: ='Master Form 2'!T19 -> 0 | J65: ='Master Form 2'!W19 -> 0 | K65: ='Master Form 2'!V19 -> 0 | L65: ='Master Form 2'!Y19 -> 0
A66: LA | B66: 0028 | C66: A | D66: 490452257800 | E66: S01 | F66: Boggs 2 | G66: WIWSI | H66: ='Master Form 2'!X20 -> 0 | I66: ='Master Form 2'!T20 -> 0 | J66: ='Master Form 2'!W20 -> 0 | K66: ='Master Form 2'!V20 -> 0 | L66: ='Master Form 2'!Y20 -> 0
A67: LA | B67: 0029 | C67: A | D67: 490452256900 | E67: S01 | F67: Boggs 3 | G67: 08 | H67: ='Master Form 2'!X21 -> 0 | I67: ='Master Form 2'!T21 -> 0 | J67: ='Master Form 2'!W21 -> 0 | K67: ='Master Form 2'!V21 -> 0 | L67: ='Master Form 2'!Y21 -> 0
A68: LA | B68: 0030 | C68: A | D68: 490452248500 | E68: S01 | F68: Coronado 2 | G68: 08 | H68: ='Master Form 2'!X38 -> 0 | I68: ='Master Form 2'!T38 -> 0 | J68: ='Master Form 2'!W38 -> 0 | K68: ='Master Form 2'!V38 -> 0 | L68: ='Master Form 2'!Y38 -> 0
A69: LA | B69: 0031 | C69: A | D69: 490452257600 | E69: S01 | F69: Webber State 1 | G69: 08 | H69: ='Master Form 2'!X258 -> 0 | I69: ='Master Form 2'!T258 -> 0 | J69: ='Master Form 2'!W258 -> 0 | K69: ='Master Form 2'!V258 -> 0 | L69: ='Master Form 2'!Y258 -> 0
A70: LA | B70: 0032 | C70: A | D70: 490452244600 | E70: S01 | F70: Rawhouser 2 | G70: WIWSI | H70: ='Master Form 2'!X150 -> 0 | I70: ='Master Form 2'!T150 -> 0 | J70: ='Master Form 2'!W150 -> 0 | K70: ='Master Form 2'!V150 -> 0 | L70: ='Master Form 2'!Y150 -> 0
A71: LA | B71: 0033 | C71: A | D71: 490452248100 | E71: S01 | F71: Rawhouser 3 | G71: 08 | H71: ='Master Form 2'!X151 -> 0 | I71: ='Master Form 2'!T151 -> 0 | J71: ='Master Form 2'!W151 -> 0 | K71: ='Master Form 2'!V151 -> 0 | L71: ='Master Form 2'!Y151 -> 0
A72: LA | B72: 0034 | C72: A | D72: 490452248400 | E72: S01 | F72: Rawhouser 4 | G72: 08 | H72: ='Master Form 2'!X152 -> 0 | I72: ='Master Form 2'!T152 -> 0 | J72: ='Master Form 2'!W152 -> 0 | K72: ='Master Form 2'!V152 -> 0 | L72: ='Master Form 2'!Y152 -> 0
A73: LA | B73: 0035 | C73: A | D73: 490452252800 | E73: S01 | F73: Rawhouser 6 | G73: 08 | H73: ='Master Form 2'!X153 -> 0 | I73: ='Master Form 2'!T153 -> 0 | J73: ='Master Form 2'!W153 -> 0 | K73: ='Master Form 2'!V153 -> 0 | L73: ='Master Form 2'!Y153 -> 0
A74: LA | B74: 0036 | C74: A | D74: 490452275300 | E74: S01 | F74: Rawhouser 7 | G74: 08 | H74: ='Master Form 2'!X154 -> 0 | I74: ='Master Form 2'!T154 -> 0 | J74: ='Master Form 2'!W154 -> 0 | K74: ='Master Form 2'!V154 -> 0 | L74: ='Master Form 2'!Y154 -> 0
A75: LA | B75: 0037 | C75: A | D75: 490452275200 | E75: S01 | F75: Rawhouser 8 | G75: 12 | H75: ='Master Form 2'!X155 -> 0 | I75: ='Master Form 2'!T155 -> 0 | J75: ='Master Form 2'!W155 -> 0 | K75: ='Master Form 2'!V155 -> 0 | L75: ='Master Form 2'!Y155 -> 0
A76: LB | B76: 2001 | C76: A | D76: 10 | H76: 0 | I76: =SUM(I39:I75) -> 0 | J76: 0 | K76: 0
A77: LB | B77: 2002 | C77: A | D77: 14 | H77: 0 | I77: 0 | J77: 0 | K77: =L55+L48+L49+L60+L46+L66+L70 -> 0
A78: LB | B78: 2002 | C78: A | D78: 27 | H78: 0 | I78: 0 | J78: 0 | K78: =SUM(K39:K75)-K77 -> 0
A79: LC | B79: 3001 | C79: A | D79: 01 | G79: 272 | H79: =Inventory!K6 -> 3746 | I79: =I76 -> 0 | J79: =Inventory!M6 -> 0 | L79: =Inventory!N6 -> 0 | M79: =H79+I79-J79+L79 -> 3746 | O79: Gravity
A80: T1 | B80: =COUNTIF(A39:A79,"LA")+COUNTIF(A39:A79,"LB")+COUNTIF(A39:A79,"LC") -> 41 | C80: =C16 -> Mark Choury | D80: =D16 -> 3072377854 | F80: =F16 -> 42326
A81: H1 | B81: OGOR | C81: O | D81: =D5 -> 102015 | E81: K3387 | F81: POC-I LLC | H81: Mush Creek | J81: WYB043857
A82: LA | B82: 0001 | C82: A | D82: 490450648900 | E82: S01 | F82: Hayes Kyle 1 | G82: 08 | H82: ='Master Form 2'!X104 -> 0 | I82: ='Master Form 2'!T104 -> 0 | J82: ='Master Form 2'!W104 -> 0 | K82: ='Master Form 2'!V104 -> 0 | L82: ='Master Form 2'!Y104 -> 0
A83: LA | B83: 0002 | C83: A | D83: 490450659300 | E83: S01 | F83: Kyle Walker 1 | G83: 12 | H83: ='Master Form 2'!X117 -> 0 | I83: ='Master Form 2'!T117 -> 0 | J83: ='Master Form 2'!W117 -> 0 | K83: ='Master Form 2'!V117 -> 0 | L83: ='Master Form 2'!Y117 -> 0
A84: LB | B84: 2001 | C84: A | D84: 10 | H84: 0 | I84: =SUM(I82:I83) -> 0 | J84: 0 | K84: 0
A85: LB | B85: 2002 | C85: A | D85: 27 | H85: 0 | I85: 0 | J85: 0 | K85: =SUM(K82:K83) -> 0
A86: LC | B86: 3001 | C86: A | D86: 01 | G86: ='Actual Sales'!C10*10 -> 0 | H86: =Inventory!K8 -> 126 | I86: =I84 -> 0 | J86: =Inventory!M8 -> 0 | M86: =H86+I86-J86+L86 -> 126
A87: T1 | B87: =COUNTIF(A82:A86,"LA")+COUNTIF(A82:A86,"LB")+COUNTIF(A82:A86,"LC") -> 5 | C87: =C16 -> Mark Choury | D87: =D16 -> 3072377854 | F87: =F16 -> 42326
A88: H1 | B88: OGOR | C88: O | D88: =D5 -> 102015 | E88: K3387 | F88: POC-I LLC | H88: Mush Creek | J88: WYBLMA017074
A89: LA | B89: 0001 | C89: A | D89: 490450634600 | E89: S01 | F89: Wight Govt 3 | G89: 12 | H89: ='Master Form 2'!X259 -> 0 | I89: ='Master Form 2'!T259 -> 0 | J89: ='Master Form 2'!W259 -> 0 | K89: ='Master Form 2'!V259 -> 0 | L89: ='Master Form 2'!Y259 -> 0
A90: LC | B90: 3001 | C90: A | D90: 01 | G90: ='Actual Sales'!C19*10 -> 0 | H90: =Inventory!K9 -> 222 | I90: 0 | J90: =Inventory!M9 -> 0 | M90: =H90+I90-J90+L90 -> 222
A91: T1 | B91: =COUNTIF(A89:A90,"LA")+COUNTIF(A89:A90,"LB")+COUNTIF(A89:A90,"LC") -> 2 | C91: =C16 -> Mark Choury | D91: =D16 -> 3072377854 | F91: =F16 -> 42326
A92: H1 | B92: OGOR | C92: O | D92: =D5 -> 102015 | E92: K3387 | F92: POC-I LLC | H92: Clareton Field | J92: WYW01020C
A93: LA | B93: 0001 | C93: A | D93: 490450579800 | E93: S01 | F93: 4-H Fed 3 | G93: 12 | H93: ='Master Form 2'!X6 -> 0 | I93: ='Master Form 2'!T6 -> 0 | J93: ='Master Form 2'!W6 -> 0 | K93: ='Master Form 2'!V6 -> 0 | L93: ='Master Form 2'!Y6 -> 0
A94: LA | B94: 0002 | C94: A | D94: 490451119000 | E94: S01 | F94: 4-H Fed 1 | G94: 12 | H94: ='Master Form 2'!X4 -> 0 | I94: ='Master Form 2'!T4 -> 0 | J94: ='Master Form 2'!W4 -> 0 | K94: ='Master Form 2'!V4 -> 0 | L94: ='Master Form 2'!Y4 -> 0
A95: LA | B95: 0003 | C95: A | D95: 490451120000 | E95: S01 | F95: 4-H Fed 2 | G95: 12 | H95: ='Master Form 2'!X5 -> 0 | I95: ='Master Form 2'!T5 -> 0 | J95: ='Master Form 2'!W5 -> 0 | K95: ='Master Form 2'!V5 -> 0 | L95: ='Master Form 2'!Y5 -> 0
A96: T1 | B96: =COUNTIF(A93:A95,"LA")+COUNTIF(A93:A95,"LB")+COUNTIF(A93:A95,"LC") -> 3 | C96: =C16 -> Mark Choury | D96: =D16 -> 3072377854 | F96: =F16 -> 42326
A97: H1 | B97: OGOR | C97: O | D97: =D5 -> 102015 | E97: K3387 | F97: POC-I LLC | H97: Mush Creek | J97: WYW01020D
A98: LA | B98: 0001 | C98: A | D98: 490450612000 | E98: S01 | F98: Huber Fed 1 | G98: 12 | H98: ='Master Form 2'!X113 -> 0 | I98: ='Master Form 2'!T113 -> 0 | J98: ='Master Form 2'!W113 -> 0 | K98: ='Master Form 2'!V113 -> 0 | L98: ='Master Form 2'!Y113 -> 0
A99: LA | B99: 0002 | C99: A | D99: 490452110000 | E99: S01 | F99: Bradley Fed 3-1 | G99: 12 | H99: ='Master Form 2'!X23 -> 0 | I99: ='Master Form 2'!T23 -> 0 | J99: ='Master Form 2'!W23 -> 0 | K99: ='Master Form 2'!V23 -> 0 | L99: ='Master Form 2'!Y23 -> 0
A100: LB | B100: 2001 | C100: A | D100: 10 | H100: 0 | I100: =SUM(I98:I99) -> 0 | J100: 0 | K100: 0
...

Sheet Inventory
B1: 42292 | J1: OGOR Inventories
A2: Name | B2: BEG | C2: Prod | D2: Sold | E2: Variance | F2: END | K2: BEG | L2: Prod | M2: Sold | N2: Variance | O2: END
A3: Bradley Federal 3-1 | B3: 113 | C3: ='Master Form 2'!T23 -> 0 | D3: ='Master Form 2'!AB23 -> 0 | E3: 0 | F3: =B3+C3-D3+E3 -> 113 | J3: WYB038802 | K3: =B4+B10+B16 -> 827 | L3: =C4+C10+C16 -> 0 | M3: =D4+D10+D16 -> 0 | N3: =E4+E10+E16 -> 0 | O3: =F4+F10+F16 -> 827
A4: Capitol 4 & 5 | B4: 305 | C4: ='Master Form 2'!T28+'Master Form 2'!T29 -> 0 | D4: ='Master Form 2'!AB28+'Master Form 2'!AB29 -> 0 | E4: 0 | F4: =B4+C4-D4+E4 -> 305 | J4: 891011622C | K4: =B15 -> 115 | L4: =C15 -> 0 | M4: =D15 -> 0 | N4: =E15 -> 0 | O4: =F15 -> 115
A5: Chism B-042450A 2 & 5 | B5: 53 | C5: ='Master Form 2'!T31+'Master Form 2'!T33 -> 0 | D5: ='Master Form 2'!AB31+'Master Form 2'!AB33 -> 0 | E5: 0 | F5: =B5+C5-D5+E5 -> 53 | J5: WYB037775 | K5: =B31+B32+B33 -> 634 | L5: =C31+C32+C33 -> 0 | M5: =D31+D32+D33 -> 0 | N5: =E31+E32+E33 -> 0 | O5: =F31+F32+F33 -> 634
A6: Don Thorson 1 | B6: 342 | C6: ='Master Form 2'!T41 -> 0 | D6: ='Master Form 2'!AB41 -> 0 | E6: 0 | F6: =B6+C6-D6+E6 -> 342 | J6: WYW184791X | K6: =B5+B12+B13+B19+B20+B22+B23+B63+B64+B26+B73+B77+B97+B98+B101+B134+B131 -> 3746 | L6: =C5+C12+C13+C19+C20+C22+C23+C63+C64+C26+C73+C77+C97+C98+C101+C134+C131 -> 0 | M6: =D5+D12+D13+D19+D20+D22+D23+D63+D64+D26+D73+D77+D97+D98+D101+D134+D131 -> 0 | N6: =E5+E12+E13+E19+E20+E22+E23+E63+E64+E26+E73+E77+E97+E98+E101+E134+E131 -> 0 | O6: =F5+F12+F13+F19+F20+F22+F23+F63+F64+F26+F73+F77+F97+F98+F101+F134+F131 -> 3746
A7: Egert 2 | B7: 83 | C7: ='Master Form 2'!T59 -> 0 | D7: ='Master Form 2'!AB59 -> 0 | E7: 0 | F7: =B7+C7-D7+E7 -> 83 | J7: WYB043538 | K7: 0 | L7: 0 | M7: 0 | N7: 0 | O7: 0
A8: Federal 32-1 | B8: 232 | C8: ='Master Form 2'!T71 -> 0 | D8: ='Master Form 2'!AB71 -> 0 | E8: 0 | F8: =B8+C8-D8+E8 -> 232 | J8: WYB043857 | K8: =B11 -> 126 | L8: =C11 -> 0 | M8: =D11 -> 0 | N8: =E11 -> 0 | O8: =F11 -> 126
E9: 0 | J9: WYBLMA017074 | K9: =B37 -> 222 | L9: =C37 -> 0 | M9: =D37 -> 0 | N9: =E37 -> 0 | O9: =F37 -> 222
A10: Hanzol 2 | B10: 212 | C10: ='Master Form 2'!T103 -> 0 | D10: ='Master Form 2'!AB103 -> 0 | E10: 0 | F10: =B10+C10-D10+E10 -> 212 | J10: WYW01020C | K10: 0 | L10: 0 | M10: 0 | N10: 0 | O10: 0
A11: Hayes Kyhl 1 | B11: 126 | C11: ='Master Form 2'!T104+'Master Form 2'!T117 -> 0 | D11: ='Master Form 2'!AB104 -> 0 | E11: 0 | F11: =B11+C11-D11+E11 -> 126 | J11: WYW01020D | K11: =B3 -> 113 | L11: =C3 -> 0 | M11: =D3 -> 0 | N11: =E3 -> 0 | O11: =F3 -> 113
A12: Horton A 2 | B12: 167 | C12: ='Master Form 2'!T112 -> 0 | D12: ='Master Form 2'!AB112 -> 0 | E12: 0 | F12: =B12+C12-D12+E12 -> 167 | J12: WYW0175933 | K12: =B39 -> 148 | L12: =C39 -> 0 | M12: =D39 -> 0 | N12: =E39 -> 0 | O12: =F39 -> 148
A13: Horton Battery | B13: 267 | C13: ='Master Form 2'!T105+'Master Form 2'!T106+'Master Form 2'!T107+'Master Form 2'!T108+'Master Form 2'!T109+'Master Form 2'!T110+'Master Form 2'!T111 -> 0 | D13: ='Master Form 2'!AB105+'Master Form 2'!AB106+'Master Form 2'!AB107+'Master Form 2'!AB108+'Master Form 2'!AB109+'Master Form 2'!AB110+'Master Form 2'!AB111 -> 0 | E13: 0 | F13: =B13+C13-D13+E13 -> 267 | J13: WYW0208729 | K13: =B54 -> 337 | L13: =C54 -> 0 | M13: =D54 -> 0 | N13: =E54 -> 0 | O13: =F54 -> 337
A14: Johnson B 1 | B14: 526 | C14: ='Master Form 2'!T115 -> 0 | D14: ='Master Form 2'!AB115 -> 0 | E14: 0 | F14: =B14+C14-D14+E14 -> 526 | J14: WYW0311265 | K14: =B128 -> 19 | L14: =C128 -> 0 | M14: =D128 -> 0 | N14: =E128 -> 0 | O14: =F128 -> 19
A15: Mallette Battery (Mush Crk) | B15: 115 | C15: ='Master Form 2'!T131+'Master Form 2'!T132+'Master Form 2'!T133+'Master Form 2'!T134 -> 0 | D15: ='Master Form 2'!AB131+'Master Form 2'!AB132+'Master Form 2'!AB133+'Master Form 2'!AB134 -> 0 | E15: 0 | F15: =B15+C15-D15+E15 -> 115 | J15: WYW0314275 | K15: =B52 -> 206 | L15: =C52 -> 0 | M15: =D52 -> 0 | N15: =E52 -> 0 | O15: =F52 -> 206
A16: Manx 2 & 3 | B16: 310 | C16: ='Master Form 2'!T120+'Master Form 2'!T121 -> 0 | D16: ='Master Form 2'!AB120+'Master Form 2'!AB121 -> 0 | E16: 0 | F16: =B16+C16-D16+E16 -> 310 | J16: WYW035705A | K16: =B38 -> 77 | L16: =C38 -> 0 | M16: =D38 -> 0 | N16: =E38 -> 0 | O16: =F38 -> 77
A17: Michaels 3-20 | B17: 80 | C17: ='Master Form 2'!T123 -> 0 | D17: ='Master Form 2'!AB123 -> 0 | E17: 0 | F17: =B17+C17-D17+E17 -> 80 | J17: WYW037878A | K17: =B103 -> 156 | L17: =C103 -> 0 | M17: =D103 -> 0 | N17: =E103 -> 0 | O17: =F103 -> 156
A18: Michigan Oil 3 | B18: 0 | C18: ='Master Form 2'!T124 -> 0 | D18: ='Master Form 2'!AB124 -> 0 | E18: 0 | F18: =B18+C18-D18+E18 -> 0 | J18: WYBLMA014652C | K18: =B122 -> 4 | L18: =C122 -> 0 | M18: =D122 -> 0 | N18: =E122 -> 0 | O18: =F122 -> 4
A19: Mondell A 1 & 2 | B19: 141 | C19: ='Master Form 2'!T125+'Master Form 2'!T126 -> 0 | D19: ='Master Form 2'!AB125+'Master Form 2'!AB126 -> 0 | E19: 0 | F19: =B19+C19-D19+E19 -> 141 | J19: WYW046887B | K19: =B121+B123 -> 309 | L19: =C121+C123 -> 0 | M19: =D121+D123 -> 0 | N19: =E121+E123 -> 0 | O19: =F121+F123 -> 309
A20: Mondell B 1 & 4 | B20: 563 | C20: ='Master Form 2'!T127+'Master Form 2'!T128+'Master Form 2'!T129+'Master Form 2'!T130 -> 0 | D20: ='Master Form 2'!AB127+'Master Form 2'!AB128+'Master Form 2'!AB129+'Master Form 2'!AB130 -> 0 | E20: 0 | F20: =B20+C20-D20+E20 -> 563 | J20: WYW046887C | K20: =B119 -> 35 | L20: =C119 -> 0 | M20: =D119 -> 0 | N20: =E119 -> 0 | O20: =F119 -> 35
A21: P A Smith 1 | B21: 85 | C21: ='Master Form 2'!T139 -> 0 | D21: ='Master Form 2'!AB139 -> 0 | E21: 0 | F21: =B21+C21-D21+E21 -> 85 | J21: WYW065946B | K21: =B118+B117+B130 -> 437 | L21: =C118+C117+C130 -> 0 | M21: =D118+D117+D130 -> 0 | N21: =E118+E117+E130 -> 0 | O21: =F118+F117+F130 -> 437
A22: Peter Smith 1 | B22: 291 | C22: ='Master Form 2'!T142 -> 0 | D22: ='Master Form 2'!AB142 -> 0 | E22: 0 | F22: =B22+C22-D22+E22 -> 291 | J22: WYW083471A | K22: =B116+B120 -> 333 | L22: =C116+C120 -> 0 | M22: =D116+D120 -> 0 | N22: =E116+E120 -> 0 | O22: =F116+F120 -> 333
A23: Peter Smith A 1 | B23: 268 | C23: ='Master Form 2'!T143 -> 0 | D23: ='Master Form 2'!AB143 -> 0 | E23: 0 | F23: =B23+C23-D23+E23 -> 268 | J23: 891008671A | K23: =B99 -> 82 | L23: =C99 -> 0 | M23: =D99 -> 0 | N23: =E99 -> 0 | O23: =F99 -> 82
A24: Ritthaler 1 | B24: 77 | C24: ='Master Form 2'!T157 -> 0 | D24: ='Master Form 2'!AB157 -> 0 | E24: 0 | F24: =B24+C24-D24+E24 -> 77 | J24: 891008664A | K24: =B100 -> 327 | L24: =C100 -> 0 | M24: =D100 -> 0 | N24: =E100 -> 0 | O24: =F100 -> 327
A25: Rock Well 17-15H | B25: 257 | C25: ='Master Form 2'!T158 -> 0 | D25: ='Master Form 2'!AB158 -> 0 | E25: 0 | F25: =B25+C25-D25+E25 -> 257 | J25: 84685U9250 | K25: =B34 -> 318 | L25: =C34 -> 0 | M25: =D34 -> 0 | N25: =E34 -> 0 | O25: =F34 -> 318
A26: Rock Well 34-15H | B26: 187 | C26: ='Master Form 2'!T159 -> 0 | D26: ='Master Form 2'!AB159 -> 0 | E26: 0 | F26: =B26+C26-D26+E26 -> 187 | J26: WYW141491X | K26: =B106 -> 257 | L26: =C106 -> 0 | M26: =D106 -> 0 | N26: =E106 -> 0 | O26: =F106 -> 257
A27: ROCK WELL STATE 16-15H | B27: 455 | C27: ='Master Form 2'!T160 -> 0 | D27: ='Master Form 2'!AB160 -> 0 | E27: 0 | F27: =B27+C27-D27+E27 -> 455 | J27: WYW3504 | K27: =B8 -> 232 | L27: =C8 -> 0 | M27: =D8 -> 0 | N27: =E8 -> 0 | O27: =F8 -> 232
A28: Sedgwick Patent 6 | B28: 75 | C28: ='Master Form 2'!T204 -> 0 | D28: ='Master Form 2'!AB204 -> 0 | E28: 0 | F28: =B28+C28-D28+E28 -> 75 | J28: WYW50072 | K28: =B53 -> 46 | L28: =C53 -> 0 | M28: =D53 -> 0 | N28: =E53 -> 0 | O28: =F53 -> 46
A29: Sprecher Skinner 3 | B29: 293 | C29: ='Master Form 2'!T214 -> 0 | D29: ='Master Form 2'!AB214 -> 0 | E29: 0 | F29: =B29+C29-D29+E29 -> 293 | J29: WYW51499 | K29: =B68 -> 84 | L29: =C68 -> 0 | M29: =D68 -> 0 | N29: =E68 -> 0 | O29: =F68 -> 84
A30: State 27,7 | B30: 50 | C30: ='Master Form 2'!T216+'Master Form 2'!T219 -> 0 | D30: ='Master Form 2'!AB216+'Master Form 2'!AB219 -> 0 | E30: 0 | F30: =B30+C30-D30+E30 -> 50 | J30: WYW64732 | K30: =B87 -> 16 | L30: =C87 -> 0 | M30: =D87 -> 0 | N30: =E87 -> 0 | O30: =F87 -> 16
A31: Texaco 4 (Updike) | B31: 270 | C31: ='Master Form 2'!T226 -> 0 | D31: ='Master Form 2'!AB226 -> 0 | E31: 0 | F31: =B31+C31-D31+E31 -> 270 | J31: WYW67655 | K31: =B89+B88+B86 -> 545 | L31: =C89+C88+C86 -> 0 | M31: =D89+D88+D86 -> 0 | N31: =E89+E88+E86 -> 0 | O31: =F89+F88+F86 -> 545
A32: Texaco 6 (Updike) | B32: 92 | C32: ='Master Form 2'!T228 -> 0 | D32: ='Master Form 2'!AB228 -> 0 | E32: 0 | F32: =B32+C32-D32+E32 -> 92 | J32: WYW73415 | K32: =B85+B136 -> 740 | L32: =C85+C136 -> 0 | M32: =D85+D136 -> 0 | N32: =E85+E136 -> 0 | O32: =F85+F136 -> 740
A33: Texaco 9 (Updike) | B33: 272 | C33: ='Master Form 2'!T230 -> 0 | D33: ='Master Form 2'!AB230 -> 0 | E33: 0 | F33: =B33+C33-D33+E33 -> 272 | J33: 8910087090 | K33: =B29 -> 293 | L33: =C29 -> 0 | M33: =D29 -> 0 | N33: =E29 -> 0 | O33: =F29 -> 293
A34: TNSU | B34: 318 | C34: ='Master Form 2'!T235+'Master Form 2'!T236+'Master Form 2'!T237+'Master Form 2'!T238+'Master Form 2'!T239+'Master Form 2'!T240+'Master Form 2'!T241+'Master Form 2'!T242+'Master Form 2'!T243+'Master Form 2'!T244+'Master Form 2'!T245 -> 0 | D34: ='Master Form 2'!AB235+'Master Form 2'!AB236+'Master Form 2'!AB237+'Master Form 2'!AB238+'Master Form 2'!AB239+'Master Form 2'!AB240+'Master Form 2'!AB241+'Master Form 2'!AB242+'Master Form 2'!AB243+'Master Form 2'!AB244+'Master Form 2'!AB245 -> 0 | E34: 0 | F34: =B34+C34-D34+E34 -> 318 | J34: WYW0321830 | K34: 0 | L34: 0 | M34: 0 | N34: 0 | O34: 0
A35: Wade Unit | B35: 287 | C35: ='Master Form 2'!T247+'Master Form 2'!T248+'Master Form 2'!T249+'Master Form 2'!T250+'Master Form 2'!T251+'Master Form 2'!T252+'Master Form 2'!T253+'Master Form 2'!T254+'Master Form 2'!T255+'Master Form 2'!T257 -> 0 | D35: ='Master Form 2'!AB247+'Master Form 2'!AB248+'Master Form 2'!AB249+'Master Form 2'!AB250+'Master Form 2'!AB251+'Master Form 2'!AB252+'Master Form 2'!AB253+'Master Form 2'!AB254+'Master Form 2'!AB255+'Master Form 2'!AB257 -> 0 | E35: 0 | F35: =B35+C35-D35+E35 -> 287 | J35: WYW118260 | K35: =B42 -> 268 | L35: =C42 -> 0 | M35: =D42 -> 0 | N35: =E42 -> 0 | O35: =F42 -> 268
A36: Wade Unit 5 | B36: 40 | C36: ='Master Form 2'!T256 -> 0 | D36: ='Master Form 2'!AB256 -> 0 | E36: 0 | F36: =B36+C36-D36+E36 -> 40 | J36: WYW121965 | K36: =B41 -> 284 | L36: =C41 -> 0 | M36: =D41 -> 0 | N36: =E41 -> 0 | O36: =F41 -> 284
A37: Wight Govt 3 | B37: 222 | C37: ='Master Form 2'!T259 -> 0 | D37: ='Master Form 2'!AB259 -> 0 | E37: 0 | F37: =B37+C37-D37+E37 -> 222 | J37: WYW67877 | K37: =B56 -> 185 | L37: =C56 -> 0 | M37: =D56 -> 0 | N37: =E56 -> 0 | O37: =F56 -> 185
A38: Wilner 1 | B38: 77 | C38: ='Master Form 2'!T260 -> 0 | D38: ='Master Form 2'!AB260 -> 0 | E38: 0 | F38: =B38+C38-D38+E38 -> 77 | J38: WYW115093X | K38: =B58 -> 337 | L38: =C58 -> 0 | M38: =D58 -> 0 | N38: =E58 -> 0 | O38: =F58 -> 337
A39: Wolters 1 | B39: 148 | C39: ='Master Form 2'!T267 -> 0 | D39: ='Master Form 2'!AB267 -> 0 | E39: 0 | F39: =B39+C39-D39+E39 -> 148 | J39: WYW55050 | K39: =B57 -> 120 | L39: =C57 -> 0 | M39: =D57 -> 0 | N39: =E57 -> 0 | O39: =F57 -> 120
A40: ASPEN FEDERAL #28-1 | B40: 519 | C40: ='Master Form 2'!T14 -> 0 | D40: ='Master Form 2'!AB14 -> 0 | E40: 0 | F40: =B40+C40-D40+E40 -> 519 | J40: WYW143300 | K40: =B55 -> 151 | L40: =C55 -> 0 | M40: =D55 -> 0 | N40: =E55 -> 0 | O40: =F55 -> 151
A41: FEDERAL #35-1 | B41: 284 | C41: ='Master Form 2'!T65 -> 0 | D41: ='Master Form 2'!AB65 -> 0 | E41: 0 | F41: =B41+C41-D41+E41 -> 284 | J41: WYW125237X | K41: =B40 -> 519 | L41: =C40 -> 0 | M41: =D40 -> 0 | N41: =E40 -> 0 | O41: =F40 -> 519
A42: GOVERNMENT #1 (Texaco) | B42: 268 | C42: ='Master Form 2'!T86 -> 0 | D42: ='Master Form 2'!AB86 -> 0 | E42: 0 | F42: =B42+C42-D42+E42 -> 268 | J42: WYW119637X | K42: =B44 -> 100 | L42: =C44 -> 0 | M42: =D44 -> 0 | N42: =E44 -> 0 | O42: =F44 -> 100
A43: L B GRAY #1-23 | B43: 207 | C43: ='Master Form 2'!T118 -> 0 | D43: ='Master Form 2'!AB118 -> 0 | E43: 0 | F43: =B43+C43-D43+E43 -> 207 | J43: 8920004290 | K43: =B51 -> 1102 | L43: =C51 -> #REF! | M43: =D51 -> #REF! | N43: =E51 -> 0 | O43: =F51 -> #REF!
A44: North Breaks (Fed 26-7 & 26-8) | B44: 100 | C44: ='Master Form 2'!T63+'Master Form 2'!T64 -> 0 | D44: ='Master Form 2'!AB63+'Master Form 2'!AB64 -> 0 | E44: 0 | F44: =B44+C44-D44+E44 -> 100 | J44: WYW163188 | K44: =B133 -> 274 | L44: =C133 -> 0 | M44: =D133 -> 0 | N44: =E133 -> 0 | O44: =F133 -> 274
E45: 0
A46: REB FEE 31-11 | B46: 482 | C46: ='Master Form 2'!T156 -> 0 | D46: ='Master Form 2'!AB156 -> 0 | E46: 0 | F46: =B46+C46-D46+E46 -> 482
A47: SIMPSON #31-10 | B47: 392 | C47: ='Master Form 2'!T205 -> 0 | D47: ='Master Form 2'!AB205 -> 0 | E47: 0 | F47: =B47+C47-D47+E47 -> 392
A48: STEWART #1A | B48: 200 | C48: ='Master Form 2'!T220 -> 0 | D48: ='Master Form 2'!AB220 -> 0 | E48: 0 | F48: =B48+C48-D48+E48 -> 200
A49: STEWART #2 | B49: 150 | C49: ='Master Form 2'!T221 -> 0 | D49: ='Actual Sales'!B153 -> 0 | E49: 0 | F49: =B49+C49-D49+E49 -> 150
A50: HAIGHT TRUST #1 | B50: 210 | C50: ='Master Form 2'!T96 -> 0 | D50: ='Master Form 2'!AB96 -> 0 | E50: 0 | F50: =B50+C50-D50+E50 -> 210
A51: ILES Dome | B51: 1102 | C51: ='Master Form 7'!#REF! -> #REF! | D51: ='Master Form 7'!#REF! -> #REF! | E51: 0 | F51: =B51+C51-D51+E51 -> #REF!
A52: Federal 12-1 & 12-2 | B52: 206 | C52: ='Master Form 2'!T69+'Master Form 2'!T70 -> 0 | D52: ='Master Form 2'!AB69+'Master Form 2'!AB70 -> 0 | E52: 0 | F52: =B52+C52-D52+E52 -> 206
A53: Husky Govt 3X-A | B53: 46 | C53: ='Master Form 2'!T114 -> 0 | D53: ='Master Form 2'!AB114 -> 0 | E53: 0 | F53: =B53+C53-D53+E53 -> 46
A54: Ogle Federal 2 & 3 | B54: 337 | C54: ='Master Form 2'!T135+'Master Form 2'!T136 -> 0 | D54: ='Master Form 2'!AB135+'Master Form 2'!AB136 -> 0 | E54: 0 | F54: =B54+C54-D54+E54 -> 337
A55: AMMO FEDERAL #18-8A | B55: 151 | C55: ='Master Form 2'!T9 -> 0 | D55: ='Master Form 2'!AB9 -> 0 | E55: 0 | F55: =B55+C55-D55+E55 -> 151
A56: OXFORD FED 1-14 | B56: 185 | C56: ='Master Form 2'!T138 -> 0 | D56: ='Master Form 2'!AB138 -> 0 | E56: 0 | F56: =B56+C56-D56+E56 -> 185
A57: RODRIGUEZ #21-22 | B57: 120 | C57: ='Master Form 2'!T162 -> 0 | D57: ='Master Form 2'!AB162 -> 0 | E57: 0 | F57: =B57+C57-D57+E57 -> 120
A58: WOLF DRAW UNIT #34-18 | B58: 337 | C58: ='Master Form 2'!T263+'Master Form 2'!T264+'Master Form 2'!T265 -> 0 | D58: ='Master Form 2'!AB263+'Master Form 2'!AB264+'Master Form 2'!AB265 -> 0 | E58: 0 | F58: =B58+C58-D58+E58 -> 337
A59: Z-HAHN #23-2 | B59: 340 | C59: ='Master Form 2'!T289 -> 0 | D59: ='Master Form 2'!AB289 -> 0 | E59: 0 | F59: =B59+C59-D59+E59 -> 340
A60: MENG #25-15 | B60: 0 | C60: ='Master Form 2'!T122 -> 0 | D60: ='Master Form 2'!AB122 -> 0 | E60: 0 | F60: =B60+C60-D60+E60 -> 0
A61: PFISTER #13-19 | B61: 277 | C61: ='Master Form 2'!T144 -> 0 | D61: ='Master Form 2'!AB144 -> 0 | E61: 0 | F61: =B61+C61-D61+E61 -> 277
A62: PFISTER #43-25 | B62: 165 | C62: ='Master Form 2'!T147 -> 0 | D62: ='Master Form 2'!AB147 -> 0 | E62: 0 | F62: =B62+C62-D62+E62 -> 165
A63: Boggs 1 & 3 | B63: 313 | C63: ='Master Form 2'!T19+'Master Form 2'!T21 -> 0 | D63: ='Master Form 2'!AB19+'Master Form 2'!AB21 -> 0 | E63: 0 | F63: =B63+C63-D63+E63 -> 313
A64: Coronado 2 | B64: 153 | C64: ='Master Form 2'!T38 -> 0 | D64: ='Master Form 2'!AB38 -> 0 | E64: 0 | F64: =B64+C64-D64+E64 -> 153
A65: Gaskill 27-24 | B65: 79 | C65: ='Master Form 2'!T82 -> 0 | D65: ='Master Form 2'!AB82 -> 0 | E65: 0 | F65: =B65+C65-D65+E65 -> 79
A66: Gaskill 27-34 | B66: 303 | C66: ='Master Form 2'!T83 -> 0 | D66: ='Master Form 2'!AB83 -> 0 | E66: 0 | F66: =B66+C66-D66+E66 -> 303
A67: Gaskill 34-43 | B67: 187 | C67: ='Master Form 2'!T84 -> 0 | D67: ='Master Form 2'!AB84 -> 0 | E67: 0 | F67: =B67+C67-D67+E67 -> 187
A68: Gaskill Federal 13-13 | B68: 84 | C68: ='Master Form 2'!T85 -> 0 | D68: ='Master Form 2'!AB85 -> 0 | E68: 0 | F68: =B68+C68-D68+E68 -> 84
A69: Hanson 14-7 | B69: 533 | C69: ='Master Form 2'!T97 -> 0 | D69: ='Master Form 2'!AB97 -> 0 | E69: 0 | F69: =B69+C69-D69+E69 -> 533
A70: Hanson 41-13 | B70: 67 | C70: ='Master Form 2'!T98 -> 0 | D70: ='Master Form 2'!AB98 -> 0 | E70: 0 | F70: =B70+C70-D70+E70 -> 67
A71: Hanson 43-12 | B71: 51 | C71: ='Master Form 2'!T99 -> 0 | D71: ='Master Form 2'!AB99 -> 0 | E71: 0 | F71: =B71+C71-D71+E71 -> 51
A72: Hanson 44-12 | B72: 39 | C72: ='Master Form 2'!T100 -> 0 | D72: ='Master Form 2'!AB100 -> 0 | E72: 0 | F72: =B72+C72-D72+E72 -> 39
A73: Rawhouser | B73: 552 | C73: ='Master Form 2'!T149+'Master Form 2'!T150+'Master Form 2'!T151+'Master Form 2'!T152+'Master Form 2'!T153+'Master Form 2'!T154+'Master Form 2'!T155 -> 0 | D73: ='Master Form 2'!AB149+'Master Form 2'!AB150+'Master Form 2'!AB151+'Master Form 2'!AB152+'Master Form 2'!AB153+'Master Form 2'!AB154+'Master Form 2'!AB155 -> 0 | E73: 0 | F73: =B73+C73-D73+E73 -> 552
A74: Thompson 1 | B74: 28 | C74: ='Master Form 2'!T231 -> 0 | D74: ='Master Form 2'!AB231 -> 0 | E74: 0 | F74: =B74+C74-D74+E74 -> 28
A75: Thompson 34-41 | B75: 168 | C75: ='Master Form 2'!T232 -> 0 | D75: ='Master Form 2'!AB232 -> 0 | E75: 0 | F75: =B75+C75-D75+E75 -> 168
A76: Thompson 34-42 | B76: 7 | C76: ='Master Form 2'!T233 -> 0 | D76: ='Master Form 2'!AB233 -> 0 | E76: 0 | F76: =B76+C76-D76+E76 -> 7
A77: Webber State 1 | B77: 87 | C77: ='Master Form 2'!T258 -> 0 | D77: ='Master Form 2'!AB258 -> 0 | E77: 0 | F77: =B77+C77-D77+E77 -> 87
A78: Zerbst 10-11 | B78: 34 | C78: ='Master Form 2'!T268 -> 0 | D78: ='Master Form 2'!AB268 -> 0 | E78: 0 | F78: =B78+C78-D78+E78 -> 34
A79: Zerbst 10-12 | B79: 26 | C79: ='Master Form 2'!T269 -> 0 | D79: ='Master Form 2'!AB269 -> 0 | E79: 0 | F79: =B79+C79-D79+E79 -> 26
A80: Zerbst 10-21 | B80: 74 | C80: ='Master Form 2'!T270 -> 0 | D80: ='Master Form 2'!AB270 -> 0 | E80: 0 | F80: =B80+C80-D80+E80 -> 74
A81: Zerbst 3-14 | B81: 83 | C81: ='Master Form 2'!T271 -> 0 | D81: ='Master Form 2'!AB271 -> 0 | E81: 0 | F81: =B81+C81-D81+E81 -> 83
A82: Zerbst 3-22 | B82: 152 | C82: ='Master Form 2'!T272 -> 0 | D82: ='Master Form 2'!AB272 -> 0 | E82: 0 | F82: =B82+C82-D82+E82 -> 152
A83: Zerbst 3-24 | B83: 42 | C83: ='Master Form 2'!T274 -> 0 | D83: ='Master Form 2'!AB274 -> 0 | E83: 0 | F83: =B83+C83-D83+E83 -> 42
A84: Zerbst 34-31 | B84: 253 | C84: ='Master Form 2'!T276 -> 0 | D84: ='Master Form 2'!AB276 -> 0 | E84: 0 | F84: =B84+C84-D84+E84 -> 253
A85: Zerbst Federal 21-18 | B85: 283 | C85: ='Master Form 2'!T278 -> 0 | D85: ='Master Form 2'!AB278 -> 0 | E85: 0 | F85: =B85+C85-D85+E85 -> 283
A86: Zerbst Federal 23-10 | B86: 60 | C86: ='Master Form 2'!T279 -> 0 | D86: ='Master Form 2'!AB279 -> 0 | E86: 0 | F86: =B86+C86-D86+E86 -> 60
A87: Zerbst Federal 34-44 | B87: 16 | C87: ='Master Form 2'!T280 -> 0 | D87: ='Master Form 2'!AB280 -> 0 | E87: 0 | F87: =B87+C87-D87+E87 -> 16
A88: Zerbst Federal 42-13 | B88: 173 | C88: ='Master Form 2'!T281 -> 0 | D88: ='Master Form 2'!AB281 -> 0 | E88: 0 | F88: =B88+C88-D88+E88 -> 173
A89: Zerbst Federal 43-13 | B89: 312 | C89: ='Master Form 2'!T282 -> 0 | D89: ='Master Form 2'!AB282 -> 0 | E89: 0 | F89: =B89+C89-D89+E89 -> 312
A90: Zerbst State 3-31 & 3-41 | B90: 22 | C90: ='Master Form 2'!T283+'Master Form 2'!T285 -> 0 | D90: ='Master Form 2'!AB283+'Master Form 2'!AB285 -> 0 | E90: 0 | F90: =B90+C90-D90+E90 -> 22
A91: Zerbst State 3-32 | B91: 180 | C91: ='Master Form 2'!T284 -> 0 | D91: ='Master Form 2'!AB284 -> 0 | E91: 0 | F91: =B91+C91-D91+E91 -> 180
A92: Aimonetto 2 & 4 | B92: 776 | C92: ='Master Form 2'!T7+'Master Form 2'!T8 -> 0 | D92: ='Master Form 2'!AB7+'Master Form 2'!AB8 -> 0 | E92: 0 | F92: =B92+C92-D92+E92 -> 776
A93: Boulden 1 | B93: 155 | C93: ='Master Form 2'!T22 -> 0 | D93: ='Master Form 2'!AB22 -> 0 | E93: 0 | F93: =B93+C93-D93+E93 -> 155
A94: Donielson / Garfield | B94: 447 | C94: ='Master Form 2'!T42+'Master Form 2'!T43+'Master Form 2'!T44+'Master Form 2'!T45+'Master Form 2'!T49+'Master Form 2'!T73+'Master Form 2'!T74+'Master Form 2'!T78+'Master Form 2'!T79+'Master Form 2'!T80 -> 0 | D94: ='Master Form 2'!AB42+'Master Form 2'!AB43+'Master Form 2'!AB44+'Master Form 2'!AB45+'Master Form 2'!AB49+'Master Form 2'!AB73+'Master Form 2'!AB74+'Master Form 2'!AB78+'Master Form 2'!AB79+'Master Form 2'!AB80 -> 0 | E94: 0 | F94: =B94+C94-D94+E94 -> 447
A95: FINA STATE 1 | B95: 298 | C95: ='Master Form 2'!T72 -> 0 | D95: ='Master Form 2'!AB72 -> 0 | E95: 0 | F95: =B95+C95-D95+E95 -> 298
A96: Garfield 2 | B96: 115 | C96: ='Master Form 2'!T76 -> 0 | D96: ='Master Form 2'!AB76 -> 0 | E96: 0 | F96: =B96+C96-D96+E96 -> 115
A97: Garfield 3 | B97: 105 | C97: ='Master Form 2'!T77 -> 0 | D97: ='Master Form 2'!AB77 -> 0 | E97: 0 | F97: =B97+C97-D97+E97 -> 105
A98: Garfield 4 | B98: 251 | C98: ='Master Form 2'!T78 -> 0 | D98: ='Master Form 2'!AB78 -> 0 | E98: 0 | F98: =B98+C98-D98+E98 -> 251
A99: SCSU | B99: 82 | C99: ='Master Form 2'!T163+'Master Form 2'!T164+'Master Form 2'!T165+'Master Form 2'!T166+'Master Form 2'!T167 -> 0 | D99: ='Master Form 2'!AB163+'Master Form 2'!AB164+'Master Form 2'!AB165+'Master Form 2'!AB166+'Master Form 2'!AB167 -> 0 | E99: 0 | F99: =B99+C99-D99+E99 -> 82 | G99: =SUM(F99:F100) -> 409
A100: SCU | B100: 327 | C100: ='Master Form 2'!T168+'Master Form 2'!T169+'Master Form 2'!T170+'Master Form 2'!T171+'Master Form 2'!T172+'Master Form 2'!T173+'Master Form 2'!T174+'Master Form 2'!T175+'Master Form 2'!T176+'Master Form 2'!T177+'Master Form 2'!T178+'Master Form 2'!T179+'Master Form 2'!T180+'Master Form 2'!T181+'Master Form 2'!T182+'Master Form 2'!T183+'Master Form 2'!T184+'Master Form 2'!T185+'Master Form 2'!T186+'Master Form 2'!T187+'Master Form 2'!T188+'Master Form 2'!T189+'Master Form 2'!T190+'Master Form 2'!T191+'Master Form 2'!T192+'Master Form 2'!T193+'Master Form 2'!T194+'Master Form 2'!T195+'Master Form 2'!T196+'Master Form 2'!T197+'Master Form 2'!T198+'Master Form 2'!T199+'Master Form 2'!T200+'Master Form 2'!T201+'Master Form 2'!T202+'Master Form 2'!T203 -> 0 | D100: =SUM('Master Form 2'!AB168:AB203) -> 0 | E100: 0 | F100: =B100+C100-D100+E100 -> 327
...

Sheet Actual Sales
A1: Tank Battery | B1: BBLS | C1: Gravity | D1: MCF | E1: BTU | F1: Gross Value | G1: Purchaser | I1: Enterprise
A2: Chism Govt
A3: Mondell A | I3: Wyoming Refining
A4: Mondell B | I4: 88 Oil
A5: Pete Smith 1 | I5: Anadarko
A6: Horton A | I6: EnWest
A7: Peter Smith A
A8: Horton Battery
A9: St 34-15H
A10: Hayes Kyhl | I10: Oil Sales Value: | K10: =SUM(F2:F123,F152:F160) -> 0 | L10: =SUM(B2:B123,B152:B160) -> 0
A11: PA Smith | I11: Gas Sales Value: | K11: =SUM(F124:F150) -> 0 | L11: =SUM(D124:D150) -> 0
A12: Wilner
A13: Texaco 9
A14: Texaco 4
A15: State 27, 7, 3, 4
A16: State 16-15H
A17: Texaco 6
A18: St 17-15H
A19: Wight Govt 3
A20: Sedgwick 6
A21: Hanzol 2
A22: Michaels 3-20
A23: Manx 2
... A38: Sprecher Skinner
A39: Bradley Federal 3-1 | H39: SCU WYW109691X
A40: Skull Creek Unit | H40: SCSU WYW109692X
A41: Donielson | H41: Donielson Wells | L41: Garfield 2 sells off Donielson Battery
A42: Garfield 2 | H42: Garfield Wells | L42: Calculated with other Garfields for Severance
A43: Garfield 3
A44: Garfield 4
A45: State 2
A46: Fina State 1-16
A47: Boulden Fee
A48: Aimonetto
A49: Winco St.
A50: BNSU
A51: Barton 1
A52: Smith Govt
A53: Smith 1-A
A54: Cotton 2&3
... A57: Elk Fee 13-4&13-5
A58: Federal 43-11&44-11 | H58: Fed 11-43
A59: Bruner Fee 3&4 | H59: Fed 11-44
A60: Bruner 1
A61: Govt 11-1-S
A62: Bruner 2
A63: Collins 8,10,31-14 | H63: Collins 8-10
A64: Collins 14-7 | H64: Collins 31
A65: Govt 7
A66: Govt 14-9
A67: Elk Govt 2,3,8
A68: Govt 9
A69: Govt 10
A70: Elk Berg 2&9
A71: Grieves 24-8
A72: Grieves 24-1
A73: Grieves 13-16
A74: Elk Fee 13-9
A75: Reb Fee
A76: LB Gray
... A150: Zerbst Fee 10-21
A151: Iles Dome Unit | B151: 2424 | C151: 30.4 | F151: 92561.48
A152: Webber State 1
A153: Stewart 2
A154: Pfister 24-19
A155: Pfister 14-19A
A156: Zim Fed #5-11
A157: Engle #3
A158: Hanson Fed #1
A159: Simspon #31-15
A160: ELK Govt 14-4

Sheet Severance
A1: 2375 | B1: 2000 | C1: 102015 | D1: 571 | E1: O | F1: 0 | G1: 0 | H1: 0 | I1: 0 | J1: S10 | K1: ='Actual Sales'!B2+'Actual Sales'!B3+'Actual Sales'!B4+'Actual Sales'!B5+'Actual Sales'!B6+'Actual Sales'!B7+'Actual Sales'!B8+'Actual Sales'!B9+'Actual Sales'!B43+'Actual Sales'!B44+'Actual Sales'!B45+'Actual Sales'!B121+'Actual Sales'!B122+'Actual Sales'!B123+'Actual Sales'!B152+'Actual Sales'!B157 -> 0 | L1: ='Actual Sales'!F2+'Actual Sales'!F3+'Actual Sales'!F4+'Actual Sales'!F5+'Actual Sales'!F6+'Actual Sales'!F7+'Actual Sales'!F8+'Actual Sales'!F9+'Actual Sales'!F43+'Actual Sales'!F44+'Actual Sales'!F45+'Actual Sales'!F121+'Actual Sales'!F122+'Actual Sales'!F123+'Actual Sales'!F152+'Actual Sales'!F157 -> 0 | M1: =ROUND(L1*0.02263381,0) -> 0 | N1: =L1-M1 -> 0 | O1: =ROUND(N1*0.04,2) -> 0 | P1: North Skull Creek Unit | R1: =L1/K1 -> #DIV/0! | S1: When verifying Sales check for
A2: 2375 | B2: 2000 | C2: =C1 -> 102015 | D2: 575 | E2: O | F2: 0 | G2: 0 | H2: 0 | I2: 0 | J2: S10 | K2: 0 | L2: 0 | M2: =ROUND(L2*0.125,0) -> 0 | N2: =L2-M2 -> 0 | O2: =ROUND(N2*0.04,2) -> 0 | P2: Smith Govt | R2: =L2/K2 -> #DIV/0! | S2: inactive lines that need to be added!
A3: 2375 | B3: 2000 | C3: =C1 -> 102015 | D3: 678 | E3: O | F3: 0 | G3: 0 | H3: 0 | I3: 0 | J3: S10 | K3: ='Actual Sales'!B49 -> 0 | L3: ='Actual Sales'!F49 -> 0 | M3: =ROUND(L3*0.125,0) -> 0 | N3: =L3-M3 -> 0 | O3: =ROUND(N3*0.04,2) -> 0 | P3: Winco State | R3: =L3/K3 -> #DIV/0!
A4: 2375 | B4: 2000 | C4: =C1 -> 102015 | D4: 681 | E4: O | F4: 0 | G4: 0 | H4: 0 | I4: 0 | J4: S10 | K4: ='Actual Sales'!B48 -> 0 | L4: ='Actual Sales'!F48 -> 0 | M4: 0 | N4: =L4-M4 -> 0 | O4: =ROUND(N4*0.04,2) -> 0 | P4: Aimonetto 2, 4 | R4: =L4/K4 -> #DIV/0! | S4: If corrections are needed
A5: 2375 | B5: 2000 | C5: =C1 -> 102015 | D5: 2205 | E5: O | F5: 0 | G5: 0 | H5: 0 | I5: 0 | J5: S10 | K5: ='Actual Sales'!B11 -> 0 | L5: ='Actual Sales'!F11 -> 0 | M5: 0 | N5: =L5-M5 -> 0 | O5: =ROUND(N5*0.04,2) -> 0 | P5: P A Smith | R5: =L5/K5 -> #DIV/0! | S5: must email barb.royce@wyo.gov
A6: 2375 | B6: 2000 | C6: =C1 -> 102015 | D6: 2273 | E6: O | F6: 0 | G6: 0 | H6: 0 | I6: 0 | J6: S10 | K6: ='Actual Sales'!B120 -> 0 | L6: ='Actual Sales'!F120 -> 0 | M6: 0 | N6: =L6-M6 -> 0 | O6: =ROUND(N6*0.04,2) -> 0 | P6: Thompson 1 | R6: =L6/K6 -> #DIV/0! | S6: telling why amending report
A7: 2375 | B7: 2000 | C7: =C1 -> 102015 | D7: 2274 | E7: O | F7: 0 | G7: 0 | H7: 0 | I7: 0 | J7: S10 | K7: ='Actual Sales'!B111+'Actual Sales'!B99+'Actual Sales'!B102 -> 0 | L7: ='Actual Sales'!F102+'Actual Sales'!F99+'Actual Sales'!F111 -> 0 | M7: =ROUND(L7*0.125,0) -> 0 | N7: =L7-M7 -> 0 | O7: =ROUND(N7*0.04,2) -> 0 | P7: Zerbst 23-10, 43-13 & 42-13 | R7: =L7/K7 -> #DIV/0!
A8: 2375 | B8: 3000 | C8: =C1 -> 102015 | D8: 2274 | E8: O | F8: 0 | G8: 0 | H8: 0 | I8: 0 | J8: BAS | K8: 0 | L8: 0 | M8: =ROUND(L8*0.125,0) -> 0 | N8: =L8-M8 -> 0 | O8: =ROUND(N8*0.06,2) -> 0 | P8: Zerbst 23-10, 43-13 & 42-13 | R8: =L8/K8 -> #DIV/0!
A9: 2375 | B9: 2000 | C9: =C1 -> 102015 | D9: 2276 | E9: O | F9: 0 | G9: 0 | H9: 0 | I9: 0 | J9: BAS | K9: ='Actual Sales'!B96 -> 0 | L9: ='Actual Sales'!F96 -> 0 | M9: 0 | N9: =L9-M9 -> 0 | O9: =ROUND(N9*0.06,2) -> 0 | P9: Hanson 14-7 | R9: =L9/K9 -> #DIV/0!
A10: 2375 | B10: 2000 | C10: =C1 -> 102015 | D10: 2277 | E10: O | F10: 0 | G10: 0 | H10: 0 | I10: 0 | J10: S10 | K10: ='Actual Sales'!B100+'Actual Sales'!B98 -> 0 | L10: ='Actual Sales'!F100+'Actual Sales'!F98 -> 0 | M10: 0 | N10: =L10-M10 -> 0 | O10: =ROUND(N10*0.04,2) -> 0 | P10: Hanson 41-13 | R10: =L10/K10 -> #DIV/0!
A11: 2375 | B11: 2000 | C11: =C1 -> 102015 | D11: 2278 | E11: O | F11: 0 | G11: 0 | H11: 0 | I11: 0 | J11: S10 | K11: ='Actual Sales'!B104+'Actual Sales'!B112 -> 0 | L11: ='Actual Sales'!F104+'Actual Sales'!F112 -> 0 | M11: 0 | N11: =L11-M11 -> 0 | O11: =ROUND(N11*0.04,2) -> 0 | P11: Gaskil 24-27 & 34-27 | R11: =L11/K11 -> #DIV/0!
A12: 2375 | B12: 2000 | C12: =C1 -> 102015 | D12: 2279 | E12: O | F12: 0 | G12: 0 | H12: 0 | I12: 0 | J12: S10 | K12: ='Actual Sales'!B114+'Actual Sales'!B115 -> 0 | L12: ='Actual Sales'!F114+'Actual Sales'!F115 -> 0 | M12: 0 | N12: =L12-M12 -> 0 | O12: =ROUND(N12*0.04,2) -> 0 | P12: Thomposn 41-34 7 42-34 | R12: =L12/K12 -> #DIV/0!
A13: 2375 | B13: 3000 | C13: =C1 -> 102015 | D13: 2279 | E13: O | F13: 0 | G13: 0 | H13: 0 | I13: 0 | J13: BAS | K13: ='Actual Sales'!D143 -> 0 | L13: ='Actual Sales'!F143 -> 0 | M13: 0 | N13: =L13-M13 -> 0 | O13: =ROUND(N13*0.06,2) -> 0 | P13: Thompson 41-34 | R13: =L13/K13 -> #DIV/0!
A14: 2375 | B14: 2000 | C14: =C1 -> 102015 | D14: 2280 | E14: O | F14: 0 | G14: 0 | H14: 0 | I14: 0 | J14: S10 | K14: ='Actual Sales'!B105 -> 0 | L14: ='Actual Sales'!F105 -> 0 | M14: 0 | N14: =L14-M14 -> 0 | O14: =ROUND(N14*0.04,2) -> 0 | P14: Gaskill 43-34 | R14: =L14/K14 -> #DIV/0!
A15: 2375 | B15: 3000 | C15: =C1 -> 102015 | D15: 2280 | E15: O | F15: 0 | G15: 0 | H15: 0 | I15: 0 | J15: BAS | K15: ='Actual Sales'!D137 -> 0 | L15: ='Actual Sales'!F137 -> 0 | M15: 0 | N15: =L15-M15 -> 0 | O15: =ROUND(N15*0.06,2) -> 0 | P15: Gaskill 43-34 | R15: =L15/K15 -> #DIV/0!
A16: 2375 | B16: 2000 | C16: =C1 -> 102015 | D16: 2285 | E16: O | F16: 0 | G16: 0 | H16: 0 | I16: 0 | J16: S10 | K16: ='Actual Sales'!B118 -> 0 | L16: ='Actual Sales'!F118 -> 0 | M16: 0 | N16: =L16-M16 -> 0 | O16: =ROUND(N16*0.04,2) -> 0 | P16: Zerbst 3-31 | R16: =L16/K16 -> #DIV/0!
A17: 2375 | B17: 3000 | C17: =C1 -> 102015 | D17: 2285 | E17: O | F17: 0 | G17: 0 | H17: 0 | I17: 0 | J17: BAS | K17: 0 | L17: 0 | M17: 0 | N17: =L17-M17 -> 0 | O17: =ROUND(N17*0.06,2) -> 0 | P17: Zerbst 3-31 | R17: =L17/K17 -> #DIV/0!
A18: 2375 | B18: 2000 | C18: =C1 -> 102015 | D18: 2286 | E18: O | F18: 0 | G18: 0 | H18: 0 | I18: 0 | J18: S10 | K18: ='Actual Sales'!B109+'Actual Sales'!B110+'Actual Sales'!B119+'Actual Sales'!B108+'Actual Sales'!B107+'Actual Sales'!B117+'Actual Sales'!B113 -> 0 | L18: ='Actual Sales'!F109+'Actual Sales'!F110+'Actual Sales'!F119+'Actual Sales'!F108+'Actual Sales'!F107+'Actual Sales'!F117+'Actual Sales'!F113 -> 0 | M18: 0 | N18: =L18-M18 -> 0 | O18: =ROUND(N18*0.04,2) -> 0 | P18: Zerbst #3-14, #31-34, 11-10, 12-10, 22-3 | R18: =L18/K18 -> #DIV/0!
A19: 2375 | B19: 3000 | C19: =C1 -> 102015 | D19: 2286 | E19: O | F19: 0 | G19: 0 | H19: 0 | I19: 0 | J19: BAS | K19: ='Actual Sales'!D145+'Actual Sales'!D146+'Actual Sales'!D147+'Actual Sales'!D144+'Actual Sales'!D150 -> 0 | L19: ='Actual Sales'!F145+'Actual Sales'!F146+'Actual Sales'!F147+'Actual Sales'!F144+'Actual Sales'!F150 -> 0 | M19: 0 | N19: =L19-M19 -> 0 | O19: =ROUND(N19*0.06,2) -> 0 | P19: Zerbst 3-22 & 10-21 & 3-14 & 24-3 & 11-10 | R19: =L19/K19 -> #DIV/0!
A20: 2375 | B20: 2000 | C20: =C1 -> 102015 | D20: 2287 | E20: O | F20: 0 | G20: 0 | H20: 0 | I20: 0 | J20: S10 | K20: ='Actual Sales'!B106 -> 0 | L20: ='Actual Sales'!F106 -> 0 | M20: =ROUND(L20*0.125,0) -> 0 | N20: =L20-M20 -> 0 | O20: =ROUND(N20*0.04,2) -> 0 | P20: Zerbst State 3-32 | R20: =L20/K20 -> #DIV/0!
A21: 2375 | B21: 3000 | C21: =C1 -> 102015 | D21: 2287 | E21: O | F21: 0 | G21: 0 | H21: 0 | I21: 0 | J21: BAS | K21: ='Actual Sales'!D149 -> 0 | L21: ='Actual Sales'!F149 -> 0 | M21: =ROUND(L21*0.125,0) -> 0 | N21: =L21-M21 -> 0 | O21: =ROUND(N21*0.06,2) -> 0 | P21: Zerbst 3-32 | R21: =L21/K21 -> #DIV/0!
A22: 2375 | B22: 2000 | C22: =C1 -> 102015 | D22: 2288 | E22: O | F22: 0 | G22: 0 | H22: 0 | I22: 0 | J22: S10 | K22: ='Actual Sales'!B101 -> 0 | L22: ='Actual Sales'!F101 -> 0 | M22: =ROUND(L22*0.125,0) -> 0 | N22: =L22-M22 -> 0 | O22: =ROUND(N22*0.04,2) -> 0 | P22: Zerbst 21-18 | R22: =L22/K22 -> #DIV/0!
A23: 2375 | B23: 3000 | C23: =C1 -> 102015 | D23: 2288 | E23: O | F23: 0 | G23: 0 | H23: 0 | I23: 0 | J23: BAS | K23: ='Actual Sales'!D148 -> 0 | L23: ='Actual Sales'!F148 -> 0 | M23: =ROUND(L23*0.125,0) -> 0 | N23: =L23-M23 -> 0 | O23: =ROUND(N23*0.06,2) -> 0 | P23: Zerbst 21-18 | R23: =L23/K23 -> #DIV/0!
A24: 2375 | B24: 2000 | C24: =C1 -> 102015 | D24: 2757 | E24: O | F24: 0 | G24: 0 | H24: 0 | I24: 0 | J24: S10 | K24: ='Actual Sales'!B23 -> 0 | L24: ='Actual Sales'!F23 -> 0 | M24: =ROUND(L24*0.125,0) -> 0 | N24: =L24-M24 -> 0 | O24: =ROUND(N24*0.04,2) -> 0 | P24: Manx #2 | R24: =L24/K24 -> #DIV/0!
A25: 2375 | B25: 2000 | C25: =C1 -> 102015 | D25: 2759 | E25: O | F25: 0 | G25: 0 | H25: 0 | I25: 0 | J25: S10 | K25: ='Actual Sales'!B84 -> 0 | L25: ='Actual Sales'!F84 -> 0 | M25: 0 | N25: =L25-M25 -> 0 | O25: =ROUND(N25*0.04,2) -> 0 | P25: Haight Trust #1 | R25: =L25/K25 -> #DIV/0!
A26: 2375 | B26: 2000 | C26: =C1 -> 102015 | D26: 5444 | E26: O | F26: 0 | G26: 0 | H26: 0 | I26: 0 | J26: S10 | K26: ='Actual Sales'!B153 -> 0 | L26: ='Actual Sales'!F153 -> 0 | M26: 0 | N26: =L26-M26 -> 0 | O26: =ROUND(N26*0.04,2) -> 0 | P26: Stewart 2 | R26: =L26/K26 -> #DIV/0!
A27: 2375 | B27: 2000 | C27: =C1 -> 102015 | D27: 5446 | E27: O | F27: 0 | G27: 0 | H27: 0 | I27: 0 | J27: BAS | K27: ='Actual Sales'!B80 -> 0 | L27: ='Actual Sales'!F80 -> 0 | M27: =ROUND(L27*0.125,0) -> 0 | N27: =L27-M27 -> 0 | O27: =ROUND(N27*0.06,2) -> 0 | P27: Federal Texaco Government #1 | R27: =L27/K27 -> #DIV/0!
A28: 2375 | B28: 2000 | C28: =C1 -> 102015 | D28: 5449 | E28: O | F28: 0 | G28: 0 | H28: 0 | I28: 0 | J28: BAS | K28: ='Actual Sales'!B77 -> 0 | L28: ='Actual Sales'!F77 -> 0 | M28: =ROUND(L28*0.125,0) -> 0 | N28: =L28-M28 -> 0 | O28: =ROUND(N28*0.06,2) -> 0 | P28: Federal 35-1 | R28: =L28/K28 -> #DIV/0!
A29: 2375 | B29: 2000 | C29: =C1 -> 102015 | D29: 5450 | E29: O | F29: 0 | G29: 0 | H29: 0 | I29: 0 | J29: BAS | K29: ='Actual Sales'!B76 -> 0 | L29: ='Actual Sales'!F76 -> 0 | M29: 0 | N29: =L29-M29 -> 0 | O29: =ROUND(N29*0.06,2) -> 0 | P29: LB Gray 1-23 | R29: =L29/K29 -> #DIV/0!
A30: 2375 | B30: 2000 | C30: =C1 -> 102015 | D30: 5456 | E30: O | F30: 0 | G30: 0 | H30: 0 | I30: 0 | J30: BAS | K30: ='Actual Sales'!B79 -> 0 | L30: ='Actual Sales'!F79 -> 0 | M30: =ROUND(L30*0.125,0) -> 0 | N30: =L30-M30 -> 0 | O30: =ROUND(N30*0.06,2) -> 0 | P30: North Breaks Minnelusa B Unit | R30: =L30/K30 -> #DIV/0!
A31: 2375 | B31: 2000 | C31: =C1 -> 102015 | D31: 5458 | E31: O | F31: 0 | G31: 0 | H31: 0 | I31: 0 | J31: BAS | K31: ='Actual Sales'!B78+'Actual Sales'!B159 -> 0 | L31: ='Actual Sales'!F78+'Actual Sales'!F159 -> 0 | M31: 0 | N31: =L31-M31 -> 0 | O31: =ROUND(N31*0.06,2) -> 0 | P31: Simpson 31-10 & 31-15 | R31: =L31/K31 -> #DIV/0!
A32: 2375 | B32: 2000 | C32: =C1 -> 102015 | D32: 5459 | E32: O | F32: 0 | G32: 0 | H32: 0 | I32: 0 | J32: BAS | K32: ='Actual Sales'!B92 -> 0 | L32: ='Actual Sales'!F92 -> 0 | M32: 0 | N32: =L32-M32 -> 0 | O32: =ROUND(N32*0.06,2) -> 0 | P32: Zimmerschied-Hahn 23-2 | R32: =L32/K32 -> #DIV/0!
A33: 2375 | B33: 2000 | C33: =C1 -> 102015 | D33: 5462 | E33: O | F33: 0 | G33: 0 | H33: 0 | I33: 0 | J33: BAS | K33: 0 | L33: 0 | M33: 0 | N33: =L33-M33 -> 0 | O33: =ROUND(N33*0.06,2) -> 0 | P33: Z-Hahn 14-10 | R33: =L33/K33 -> #DIV/0!
A34: 2375 | B34: 2000 | C34: =C1 -> 102015 | D34: 5559 | E34: O | F34: 0 | G34: 0 | H34: 0 | I34: 0 | J34: BAS | K34: ='Actual Sales'!B85 -> 0 | L34: ='Actual Sales'!F85 -> 0 | M34: =ROUND(L34*0.125,0) -> 0 | N34: =L34-M34 -> 0 | O34: =ROUND(N34*0.06,2) -> 0 | P34: King Dome/Ogle Wells | R34: =L34/K34+R55 -> #DIV/0!
A35: 2375 | B35: 2000 | C35: =C1 -> 102015 | D35: 6168 | E35: O | F35: 0 | G35: 0 | H35: 0 | I35: 0 | J35: BAS | K35: ='Actual Sales'!B94+'Actual Sales'!B154+'Actual Sales'!B155 -> 0 | L35: ='Actual Sales'!F154+'Actual Sales'!F155+'Actual Sales'!F94 -> 0 | M35: 0 | N35: =L35-M35 -> 0 | O35: =ROUND(N35*0.06,2) -> 0 | P35: Pfister 13-19, 14-19A&24-19 | R35: =L35/K35 -> #DIV/0!
A36: 2375 | B36: 2000 | C36: =C1 -> 102015 | D36: 6169 | E36: O | F36: 0 | G36: 0 | H36: 0 | I36: 0 | J36: BAS | K36: ='Actual Sales'!B95 -> 0 | L36: ='Actual Sales'!F95 -> 0 | M36: 0 | N36: =L36-M36 -> 0 | O36: =ROUND(N36*0.06,2) -> 0 | P36: Pfister 43-25 | R36: =L36/K36 -> #DIV/0!
A37: 2375 | B37: 2000 | C37: =C1 -> 102015 | D37: 6356 | E37: O | F37: 0 | G37: 0 | H37: 0 | I37: 0 | J37: S10 | K37: ='Actual Sales'!B69 -> 0 | L37: ='Actual Sales'!F69 -> 0 | M37: =ROUND(L37*0.125,0) -> 0 | N37: =L37-M37 -> 0 | O37: =ROUND(N37*0.04,2) -> 0 | P37: Govt #10 | R37: =L37/K37 -> #DIV/0!
A38: 2375 | B38: 2000 | C38: =C1 -> 102015 | D38: 6357 | E38: O | F38: 0 | G38: 0 | H38: 0 | I38: 0 | J38: S10 | K38: ='Actual Sales'!B68 -> 0 | L38: ='Actual Sales'!F68 -> 0 | M38: =ROUND(L38*0.125,0) -> 0 | N38: =L38-M38 -> 0 | O38: =ROUND(N38*0.04,2) -> 0 | P38: Govt #9 | R38: =L38/K38 -> #DIV/0!
A39: 2375 | B39: 2000 | C39: =C1 -> 102015 | D39: 6358 | E39: O | F39: 0 | G39: 0 | H39: 0 | I39: 0 | J39: S10 | K39: 0 | L39: 0 | M39: =ROUND(L39*0.125,0) -> 0 | N39: =L39-M39 -> 0 | O39: =ROUND(N39*0.04,2) -> 0 | P39: Govt #8 | R39: =L39/K39 -> #DIV/0!
A40: 2375 | B40: 2000 | C40: =C1 -> 102015 | D40: 6360 | E40: O | F40: 0 | G40: 0 | H40: 0 | I40: 0 | J40: S10 | K40: ='Actual Sales'!B67 -> 0 | L40: ='Actual Sales'!F67 -> 0 | M40: =ROUND(L40*0.125,0) -> 0 | N40: =L40-M40 -> 0 | O40: =ROUND(N40*0.04,2) -> 0 | P40: Govt #2 | R40: =L40/K40 -> #DIV/0!
A41: 2375 | B41: 3000 | C41: =C1 -> 102015 | D41: 6360 | E41: O | F41: 0 | G41: 0 | H41: 0 | I41: 0 | J41: BAS | K41: ='Actual Sales'!D139 -> 0 | L41: ='Actual Sales'!F139 -> 0 | M41: =ROUND(L41*0.125,0) -> 0 | N41: =L41-M41 -> 0 | O41: =ROUND(N41*0.06,2) -> 0 | P41: Gov 1-2 | R41: =L41/K41 -> #DIV/0!
A42: 2375 | B42: 2000 | C42: =C1 -> 102015 | D42: 6361 | E42: O | F42: 0 | G42: 0 | H42: 0 | I42: 0 | J42: S10 | K42: ='Actual Sales'!B55 -> 0 | L42: ='Actual Sales'!F55 -> 0 | M42: =ROUND(L42*0.125,0) -> 0 | N42: =L42-M42 -> 0 | O42: =ROUND(N42*0.04,2) -> 0 | P42: Arman Fed B-1 | R42: =L42/K42 -> #DIV/0!
A43: 2375 | B43: 2000 | C43: =C1 -> 102015 | D43: 6365 | E43: O | F43: 0 | G43: 0 | H43: 0 | I43: 0 | J43: S10 | K43: ='Actual Sales'!B47 -> 0 | L43: ='Actual Sales'!F47 -> 0 | M43: =L43*0.0625 -> 0 | N43: =L43-M43 -> 0 | O43: =ROUND(N43*0.04,2) -> 0 | P43: Boulden | R43: =L43/K43 -> #DIV/0!
A44: 2375 | B44: 2000 | C44: =C1 -> 102015 | D44: 6366 | E44: O | F44: 0 | G44: 0 | H44: 0 | I44: 0 | J44: S10 | K44: ='Actual Sales'!B31 -> 0 | L44: ='Actual Sales'!F31 -> 0 | M44: 0 | N44: =L44-M44 -> 0 | O44: =ROUND(N44*0.04,2) -> 0 | P44: Johnson B-1 | R44: =L44/K44 -> #DIV/0!
A45: 2375 | B45: 2000 | C45: =C1 -> 102015 | D45: 6368 | E45: O | F45: 0 | G45: 0 | H45: 0 | I45: 0 | J45: S10 | K45: ='Actual Sales'!B46 -> 0 | L45: ='Actual Sales'!F46 -> 0 | M45: =ROUND(L45*0.125,0) -> 0 | N45: =L45-M45 -> 0 | O45: =ROUND(N45*0.04,2) -> 0 | P45: Fina State 1-16 | R45: =L45/K45 -> #DIV/0!
A46: 2375 | B46: 2000 | C46: =C1 -> 102015 | D46: 6372 | E46: O | F46: 0 | G46: 0 | H46: 0 | I46: 0 | J46: S10 | K46: ='Actual Sales'!B32 -> 0 | L46: ='Actual Sales'!F32 -> 0 | M46: 0 | N46: =L46-M46 -> 0 | O46: =ROUND(N46*0.04,2) -> 0 | P46: Egert #2 | R46: =L46/K46 -> #DIV/0!
A47: 2375 | B47: 2000 | C47: =C1 -> 102015 | D47: 6387 | E47: O | F47: 0 | G47: 0 | H47: 0 | I47: 0 | J47: S10 | K47: ='Actual Sales'!B33 -> 0 | L47: ='Actual Sales'!F33 -> 0 | M47: =ROUND(L47*0.125,0) -> 0 | N47: =L47-M47 -> 0 | O47: =ROUND(N47*0.04,2) -> 0 | P47: Federal 32-1 | R47: =L47/K47 -> #DIV/0!
A48: 2375 | B48: 2000 | C48: =C1 -> 102015 | D48: 6394 | E48: O | F48: 0 | G48: 0 | H48: 0 | I48: 0 | J48: S10 | K48: ='Actual Sales'!B53 -> 0 | L48: ='Actual Sales'!F53 -> 0 | M48: 0 | N48: =L48-M48 -> 0 | O48: =ROUND(N48*0.04,2) -> 0 | P48: Smith 1A | R48: =L48/K48 -> #DIV/0!
A49: 2375 | B49: 2000 | C49: =C1 -> 102015 | D49: 6396 | E49: O | F49: 0 | G49: 0 | H49: 0 | I49: 0 | J49: S10 | K49: ='Actual Sales'!I42 -> 0 | L49: ='Actual Sales'!J42 -> 0 | M49: 0 | N49: =L49-M49 -> 0 | O49: =ROUND(N49*0.04,2) -> 0 | P49: Garfield 1, 2, 4, 7, 10, 11, 5 & 6 | R49: =L49/K49 -> #DIV/0!
A50: 2375 | B50: 2000 | C50: =C1 -> 102015 | D50: 6401 | E50: O | F50: 0 | G50: 0 | H50: 0 | I50: 0 | J50: S10 | K50: ='Actual Sales'!B36 -> 0 | L50: ='Actual Sales'!F36 -> 0 | M50: =ROUND(L50*0.059029,0) -> 0 | N50: =L50-M50 -> 0 | O50: =ROUND(N50*0.04,2) -> 0 | P50: TNSU & Michigan Oil 3 | R50: =L50/K50 -> #DIV/0!
A51: 2375 | B51: 2000 | C51: =C1 -> 102015 | D51: 6408 | E51: O | F51: 0 | G51: 0 | H51: 0 | I51: 0 | J51: S10 | K51: ='Actual Sales'!I41 -> 0 | L51: ='Actual Sales'!J41 -> 0 | M51: 0 | N51: =L51-M51 -> 0 | O51: =ROUND(N51*0.04,2) -> 0 | P51: Donielson | R51: =L51/K51 -> #DIV/0!
A52: 2375 | B52: 2000 | C52: =C1 -> 102015 | D52: 6409 | E52: O | F52: 0 | G52: 0 | H52: 0 | I52: 0 | J52: S10 | K52: ='Actual Sales'!B60+'Actual Sales'!B59+'Actual Sales'!B62 -> 0 | L52: ='Actual Sales'!F59+'Actual Sales'!F60+'Actual Sales'!F62 -> 0 | M52: 0 | N52: =L52-M52 -> 0 | O52: =ROUND(N52*0.04,2) -> 0 | P52: Bruner 1 & 3 & 4 | R52: =L52/K52 -> #DIV/0!
A53: 2375 | B53: 3000 | C53: =C1 -> 102015 | D53: 6409 | E53: O | F53: 0 | G53: 0 | H53: 0 | I53: 0 | J53: BAS | K53: ='Actual Sales'!D125+'Actual Sales'!D126 -> 0 | L53: ='Actual Sales'!F125+'Actual Sales'!F126 -> 0 | M53: 0 | N53: =L53-M53 -> 0 | O53: =ROUND(N53*0.06,2) -> 0 | P53: Bruner 1 & 3 | R53: =L53/K53 -> #DIV/0!
A54: 2375 | B54: 2000 | C54: =C1 -> 102015 | D54: 6410 | E54: O | F54: 0 | G54: 0 | H54: 0 | I54: 0 | J54: S10 | K54: ='Actual Sales'!B61+'Actual Sales'!B65 -> 0 | L54: ='Actual Sales'!F61+'Actual Sales'!F65 -> 0 | M54: =ROUND(L54*0.125,0) -> 0 | N54: =L54-M54 -> 0 | O54: =ROUND(N54*0.04,2) -> 0 | P54: Govt 11-1-S & ELK Govt 14-7 | R54: =L54/K54 -> #DIV/0!
A55: 2375 | B55: 3000 | C55: =C1 -> 102015 | D55: 6410 | E55: O | F55: 0 | G55: 0 | H55: 0 | I55: 0 | J55: BAS | K55: ='Actual Sales'!D138+'Actual Sales'!D134 -> 0 | L55: ='Actual Sales'!F138+'Actual Sales'!F134 -> 0 | M55: =ROUND(L55*0.125,0) -> 0 | N55: =L55-M55 -> 0 | O55: =ROUND(N55*0.06,2) -> 0 | P55: Gov 11-1-S & ELK 14-7 | R55: =L55/K55 -> #DIV/0!
A56: 2375 | B56: 2000 | C56: =C1 -> 102015 | D56: 6411 | E56: O | F56: 0 | G56: 0 | H56: 0 | I56: 0 | J56: S10 | K56: ='Actual Sales'!B57+'Actual Sales'!B56+'Actual Sales'!B74 -> 0 | L56: ='Actual Sales'!F56+'Actual Sales'!F57+'Actual Sales'!F74 -> 0 | M56: 0 | N56: =L56-M56 -> 0 | O56: =ROUND(N56*0.04,2) -> 0 | P56: ELK 13-4 & 13-5 & 13-9 & ELK 13-2 | R56: =L56/K56 -> #DIV/0!
A57: 2375 | B57: 3000 | C57: =C1 -> 102015 | D57: 6411 | E57: O | F57: 0 | G57: 0 | H57: 0 | I57: 0 | J57: BAS | K57: ='Actual Sales'!D130+'Actual Sales'!D131+'Actual Sales'!D132+'Actual Sales'!D133 -> 0 | L57: ='Actual Sales'!F130+'Actual Sales'!F131+'Actual Sales'!F132+'Actual Sales'!F133 -> 0 | M57: 0 | N57: =L57-M57 -> 0 | O57: =ROUND(N57*0.06,2) -> 0 | P57: ELK 13-2 & 13-5 & 13-9 & 13-4 | R57: =L57/K57 -> #DIV/0!
A58: 2375 | B58: 2000 | C58: =C1 -> 102015 | D58: 6412 | E58: O | F58: 0 | G58: 0 | H58: 0 | I58: 0 | J58: S10 | K58: ='Actual Sales'!I63 -> 0 | L58: ='Actual Sales'!J63 -> 0 | M58: 0 | N58: =L58-M58 -> 0 | O58: =ROUND(N58*0.04,2) -> 0 | P58: Collins 8, 10 | R58: =L58/K58 -> #DIV/0!
A59: 2375 | B59: 3000 | C59: =C1 -> 102015 | D59: 6412 | E59: O | F59: 0 | G59: 0 | H59: 0 | I59: 0 | J59: BAS | K59: ='Actual Sales'!D127+'Actual Sales'!D129 -> 0 | L59: ='Actual Sales'!F127+'Actual Sales'!F129 -> 0 | M59: 0 | N59: =L59-M59 -> 0 | O59: =ROUND(N59*0.06,2) -> 0 | P59: Collins 10, 8 | R59: =L59/K59 -> #DIV/0!
A60: 2375 | B60: 2000 | C60: =C1 -> 102015 | D60: 6413 | E60: O | F60: 0 | G60: 0 | H60: 0 | I60: 0 | J60: S10 | K60: ='Actual Sales'!B70 -> 0 | L60: ='Actual Sales'!F70 -> 0 | M60: 0 | N60: =L60-M60 -> 0 | O60: =ROUND(N60*0.04,2) -> 0 | P60: Berg 2 & 9 | R60: =L60/K60 -> #DIV/0!
A61: 2375 | B61: 3000 | C61: =C1 -> 102015 | D61: 6413 | E61: O | F61: 0 | G61: 0 | H61: 0 | I61: 0 | J61: BAS | K61: ='Actual Sales'!D124 -> 0 | L61: ='Actual Sales'!F124 -> 0 | M61: 0 | N61: =L61-M61 -> 0 | O61: =ROUND(N61*0.06,2) -> 0 | P61: Berg 9 | R61: =L61/K61 -> #DIV/0!
A62: 2375 | B62: 2000 | C62: =C1 -> 102015 | D62: 6415 | E62: O | F62: 0 | G62: 0 | H62: 0 | I62: 0 | J62: S10 | K62: ='Actual Sales'!B66 -> 0 | L62: ='Actual Sales'!F66 -> 0 | M62: =ROUND(L62*0.125,0) -> 0 | N62: =L62-M62 -> 0 | O62: =ROUND(N62*0.04,2) -> 0 | P62: Govt 14-9 | R62: =L62/K62 -> #DIV/0!
A63: 2375 | B63: 3000 | C63: =C1 -> 102015 | D63: 6415 | E63: O | F63: 0 | G63: 0 | H63: 0 | I63: 0 | J63: BAS | K63: 0 | L63: 0 | M63: =ROUND(L63*0.125,0) -> 0 | N63: =L63-M63 -> 0 | O63: =ROUND(N63*0.06,2) -> 0 | P63: Govt 14-9 | R63: =L63/K63 -> #DIV/0!
A64: 2375 | B64: 2000 | C64: =C1 -> 102015 | D64: 6417 | E64: O | F64: 0 | G64: 0 | H64: 0 | I64: 0 | J64: S10 | K64: ='Actual Sales'!I39 -> 0 | L64: ='Actual Sales'!J39 -> 0 | M64: =ROUND(L64*0.012551288,0) -> 0 | N64: =L64-M64 -> 0 | O64: =ROUND(N64*0.04,2) -> 0 | P64: Skull Creek Unit B (north) | R64: =L64/K64 -> #DIV/0!
A65: 2375 | B65: 2000 | C65: =C1 -> 102015 | D65: 6418 | E65: O | F65: 0 | G65: 0 | H65: 0 | I65: 0 | J65: S10 | K65: ='Actual Sales'!I40 -> 0 | L65: ='Actual Sales'!J40 -> 0 | M65: =ROUND(L65*0.125,0) -> 0 | N65: =L65-M65 -> 0 | O65: =ROUND(N65*0.04,2) -> 0 | P65: Skull Creek South Unit | R65: =L65/K65 -> #DIV/0!
A66: 2375 | B66: 2000 | C66: =C1 -> 102015 | D66: 6425 | E66: O | F66: 0 | G66: 0 | H66: 0 | I66: 0 | J66: BAS | K66: ='Actual Sales'!B90 -> 0 | L66: ='Actual Sales'!F90 -> 0 | M66: =ROUND(L66*0.125,0) -> 0 | N66: =L66-M66 -> 0 | O66: =ROUND(N66*0.06,2) -> 0 | P66: Wolf Draw Unit | R66: =L66/K66 -> #DIV/0!
A67: 2375 | B67: 2000 | C67: =C1 -> 102015 | D67: 6704 | E67: O | F67: 0 | G67: 0 | H67: 0 | I67: 0 | J67: S10 | K67: ='Actual Sales'!B97 -> 0 | L67: ='Actual Sales'!F97 -> 0 | M67: 0 | N67: =L67-M67 -> 0 | O67: =ROUND(N67*0.04,2) -> 0 | P67: Hanson 43-12 | R67: =L67/K67 -> #DIV/0!
A68: 2375 | B68: 2000 | C68: =C1 -> 102015 | D68: 6730 | E68: O | F68: 0 | G68: 0 | H68: 0 | I68: 0 | J68: S10 | K68: ='Actual Sales'!B54 -> 0 | L68: ='Actual Sales'!F54 -> 0 | M68: 0 | N68: =L68-M68 -> 0 | O68: =ROUND(N68*0.04,2) -> 0 | P68: Cotton #2, #3 | R68: =L68/K68 -> #DIV/0!
A69: 2375 | B69: 2000 | C69: =C1 -> 102015 | D69: 6868 | E69: O | F69: 0 | G69: 0 | H69: 0 | I69: 0 | J69: S10 | K69: ='Actual Sales'!B51 -> 0 | L69: ='Actual Sales'!F51 -> 0 | M69: 0 | N69: =L69-M69 -> 0 | O69: =ROUND(N69*0.04,2) -> 0 | P69: Barton #1 | R69: =L69/K69 -> #DIV/0!
A70: 2375 | B70: 2000 | C70: =C1 -> 102015 | D70: 7094 | E70: O | F70: 0 | G70: 0 | H70: 0 | I70: 0 | J70: BAS | K70: ='Actual Sales'!B91+'Actual Sales'!B156 -> 0 | L70: ='Actual Sales'!F91+'Actual Sales'!F156 -> 0 | M70: =ROUND(L70*0.125,0) -> 0 | N70: =L70-M70 -> 0 | O70: =ROUND(N70*0.06,2) -> 0 | P70: Oxford 1-14 & Zim Fed #5-11 | R70: =L70/K70 -> #DIV/0!
A71: 2375 | B71: 2000 | C71: =C1 -> 102015 | D71: 7278 | E71: O | F71: 0 | G71: 0 | H71: 0 | I71: 0 | J71: S10 | K71: ='Actual Sales'!B29 -> 0 | L71: ='Actual Sales'!F29 -> 0 | M71: =ROUND(L71*0.125,0) -> 0 | N71: =L71-M71 -> 0 | O71: =ROUND(N71*0.04,2) -> 0 | P71: Farm/Capital #4 & #6 | R71: =L71/K71 -> #DIV/0!
A72: 2375 | B72: 2000 | C72: =C1 -> 102015 | D72: 7279 | E72: O | F72: 0 | G72: 0 | H72: 0 | I72: 0 | J72: S10 | K72: ='Actual Sales'!B28 -> 0 | L72: ='Actual Sales'!F28 -> 0 | M72: =ROUND(L72*0.125,0) -> 0 | N72: =L72-M72 -> 0 | O72: =ROUND(N72*0.04,2) -> 0 | P72: Farm/Capital #5 | R72: =L72/K72 -> #DIV/0!
A73: 2375 | B73: 2000 | C73: =C1 -> 102015 | D73: 7660 | E73: O | F73: 0 | G73: 0 | H73: 0 | I73: 0 | J73: S10 | K73: ='Actual Sales'!B103 -> 0 | L73: ='Actual Sales'!F103 -> 0 | M73: =ROUND(L73*0.125,0) -> 0 | N73: =L73-M73 -> 0 | O73: =ROUND(N73*0.04,2) -> 0 | P73: Gaskill 13-13 | R73: =L73/K73 -> #DIV/0!
A74: 2375 | B74: 2000 | C74: =C1 -> 102015 | D74: 7710 | E74: O | F74: 0 | G74: 0 | H74: 0 | I74: 0 | J74: S10 | K74: ='Actual Sales'!B24 -> 0 | L74: ='Actual Sales'!F24 -> 0 | M74: =ROUND(L74*0.125,0) -> 0 | N74: =L74-M74 -> 0 | O74: =ROUND(N74*0.04,2) -> 0 | P74: Manx Government #3 | R74: =L74/K74 -> #DIV/0!
A75: 2375 | B75: 2000 | C75: =C1 -> 102015 | D75: 7788 | E75: O | F75: 0 | G75: 0 | H75: 0 | I75: 0 | J75: BAS | K75: 0 | L75: 0 | M75: =ROUND(L75*0.125,0) -> 0 | N75: =L75-M75 -> 0 | O75: =ROUND(N75*0.06,2) -> 0 | P75: Husky | R75: =L75/K75 -> #DIV/0!
A76: 2375 | B76: 2000 | C76: =C1 -> 102015 | D76: 7794 | E76: O | F76: 0 | G76: 0 | H76: 0 | I76: 0 | J76: BAS | K76: ='Actual Sales'!B86 -> 0 | L76: ='Actual Sales'!F86 -> 0 | M76: =ROUND(L76*0.125,0) -> 0 | N76: =L76-M76 -> 0 | O76: =ROUND(N76*0.06,2) -> 0 | P76: Girouard #12-1, #12-2 | R76: =L76/K76 -> #DIV/0!
A77: 2375 | B77: 2000 | C77: =C1 -> 102015 | D77: 7877 | E77: O | F77: 0 | G77: 0 | H77: 0 | I77: 0 | J77: S10 | K77: ='Actual Sales'!B38 -> 0 | L77: ='Actual Sales'!F38 -> 0 | M77: =ROUND(L77*0.125,0) -> 0 | N77: =L77-M77 -> 0 | O77: =ROUND(N77*0.04,2) -> 0 | P77: Sprecher/Skinner | R77: =L77/K77 -> #DIV/0!
A78: 2375 | B78: 2000 | C78: =C1 -> 102015 | D78: 7878 | E78: O | F78: 0 | G78: 0 | H78: 0 | I78: 0 | J78: S10 | K78: ='Actual Sales'!B19 -> 0 | L78: ='Actual Sales'!F19 -> 0 | M78: =ROUND(L78*0.125,0) -> 0 | N78: =L78-M78 -> 0 | O78: =ROUND(N78*0.04,2) -> 0 | P78: Wright #3 | R78: =L78/K78 -> #DIV/0!
A79: 2375 | B79: 2000 | C79: =C1 -> 102015 | D79: 7880 | E79: O | F79: 0 | G79: 0 | H79: 0 | I79: 0 | J79: S10 | K79: ='Actual Sales'!B20 -> 0 | L79: ='Actual Sales'!F20 -> 0 | M79: 0 | N79: =L79-M79 -> 0 | O79: =ROUND(N79*0.04,2) -> 0 | P79: Sedgewick #6 | R79: =L79/K79 -> #DIV/0!
A80: 2375 | B80: 2000 | C80: =C1 -> 102015 | D80: 7903 | E80: O | F80: 0 | G80: 0 | H80: 0 | I80: 0 | J80: S10 | K80: ='Actual Sales'!B26 -> 0 | L80: ='Actual Sales'!F26 -> 0 | M80: 0 | N80: =L80-M80 -> 0 | O80: =ROUND(N80*0.04,2) -> 0 | P80: Don Thorson #1 | R80: =L80/K80 -> #DIV/0!
A81: 2375 | B81: 2000 | C81: =C1 -> 102015 | D81: 7908 | E81: O | F81: 0 | G81: 0 | H81: 0 | I81: 0 | J81: S10 | K81: ='Actual Sales'!B13+'Actual Sales'!B14+'Actual Sales'!B17 -> 0 | L81: ='Actual Sales'!F13+'Actual Sales'!F14+'Actual Sales'!F17 -> 0 | M81: =ROUND(L81*0.125,0) -> 0 | N81: =L81-M81 -> 0 | O81: =ROUND(N81*0.04,2) -> 0 | P81: Updike-Texaco | R81: =L81/K81 -> #DIV/0!
A82: 2375 | B82: 2000 | C82: =C1 -> 102015 | D82: 7917 | E82: O | F82: 0 | G82: 0 | H82: 0 | I82: 0 | J82: S10 | K82: 0 | L82: 0 | M82: 0 | N82: =L82-M82 -> 0 | O82: =ROUND(N82*0.04,2) -> 0 | P82: Michaels 3-20 | R82: =L82/K82 -> #DIV/0!
A83: 2375 | B83: 2000 | C83: =C1 -> 102015 | D83: 7941 | E83: O | F83: 0 | G83: 0 | H83: 0 | I83: 0 | J83: S10 | K83: ='Actual Sales'!B16+'Actual Sales'!B15 -> 0 | L83: ='Actual Sales'!F16+'Actual Sales'!F15 -> 0 | M83: =ROUND(L83*0.125,0) -> 0 | N83: =L83-M83 -> 0 | O83: =ROUND(N83*0.04,2) -> 0 | P83: State 16-15H,27,3,4, & 7 | R83: =L83/K83 -> #DIV/0!
A84: 2375 | B84: 2000 | C84: =C1 -> 102015 | D84: 7949 | E84: O | F84: 0 | G84: 0 | H84: 0 | I84: 0 | J84: S10 | K84: ='Actual Sales'!B25+'Actual Sales'!B18 -> 0 | L84: ='Actual Sales'!F25+'Actual Sales'!F18 -> 0 | M84: =ROUND(L84*0.0001829,0) -> 0 | N84: =L84-M84 -> 0 | O84: =ROUND(N84*0.04,2) -> 0 | P84: Wade Unit Battery | R84: =L84/K84 -> #DIV/0!
A85: 2375 | B85: 2000 | C85: =C1 -> 102015 | D85: 7958 | E85: O | F85: 0 | G85: 0 | H85: 0 | I85: 0 | J85: BAS | K85: ='Actual Sales'!B81 -> 0 | L85: ='Actual Sales'!F81 -> 0 | M85: =ROUND(L85*0.125,0) -> 0 | N85: =L85-M85 -> 0 | O85: =ROUND(N85*0.06,2) -> 0 | P85: Ash B Sand Unit/Aspen Fed | R85: =L85/K85 -> #DIV/0!
A86: 2375 | B86: 2000 | C86: =C1 -> 102015 | D86: 8127 | E86: O | F86: 0 | G86: 0 | H86: 0 | I86: 0 | J86: S10 | K86: ='Actual Sales'!B21 -> 0 | L86: ='Actual Sales'!F21 -> 0 | M86: =ROUND(L86*0.125,0) -> 0 | N86: =L86-M86 -> 0 | O86: =ROUND(N86*0.04,2) -> 0 | P86: Hanzol #2 | R86: =L86/K86 -> #DIV/0!
A87: 2375 | B87: 2000 | C87: =C1 -> 102015 | D87: 8415 | E87: O | F87: 0 | G87: 0 | H87: 0 | I87: 0 | J87: S10 | K87: 0 | L87: 0 | M87: =ROUND(L87*0.125,0) -> 0 | N87: =L87-M87 -> 0 | O87: =ROUND(N87*0.04,2) -> 0 | P87: Huber Fed 1 | R87: =L87/K87 -> #DIV/0!
A88: 2375 | B88: 2000 | C88: =C1 -> 102015 | D88: 8417 | E88: O | F88: 0 | G88: 0 | H88: 0 | I88: 0 | J88: S10 | K88: ='Actual Sales'!B12 -> 0 | L88: ='Actual Sales'!F12 -> 0 | M88: =ROUND(L88*0.125,0) -> 0 | N88: =L88-M88 -> 0 | O88: =ROUND(N88*0.04,2) -> 0 | P88: Wilner | R88: =L88/K88 -> #DIV/0!
A89: 2375 | B89: 2000 | C89: =C1 -> 102015 | D89: 8426 | E89: O | F89: 0 | G89: 0 | H89: 0 | I89: 0 | J89: S10 | K89: ='Actual Sales'!B10 -> 0 | L89: ='Actual Sales'!F10 -> 0 | M89: =ROUND(L89*0.125,0) -> 0 | N89: =L89-M89 -> 0 | O89: =ROUND(N89*0.04,2) -> 0 | P89: Kyhl Walker #1 | R89: =L89/K89 -> #DIV/0!
A90: 2375 | B90: 2000 | C90: =C1 -> 102015 | D90: 8427 | E90: O | F90: 0 | G90: 0 | H90: 0 | I90: 0 | J90: S10 | K90: ='Actual Sales'!B30 -> 0 | L90: ='Actual Sales'!F30 -> 0 | M90: 0 | N90: =L90-M90 -> 0 | O90: =ROUND(N90*0.04,2) -> 0 | P90: Mush Creek Extension | R90: =L90/K90 -> #DIV/0!
A91: 2375 | B91: 2000 | C91: =C1 -> 102015 | D91: 8780 | E91: O | F91: 0 | G91: 0 | H91: 0 | I91: 0 | J91: S10 | K91: ='Actual Sales'!B39 -> 0 | L91: ='Actual Sales'!F39 -> 0 | M91: =ROUND(L91*0.125,0) -> 0 | N91: =L91-M91 -> 0 | O91: =ROUND(N91*0.04,2) -> 0 | P91: Federal (Bradley) 3-1 | R91: =L91/K91 -> #DIV/0!
A92: 2375 | B92: 2000 | C92: =C1 -> 102015 | D92: 10721 | E92: O | F92: 0 | G92: 0 | H92: 0 | I92: 0 | J92: BAS | K92: ='Actual Sales'!B89 -> 0 | L92: ='Actual Sales'!F89 -> 0 | M92: =ROUND(L92*0.125,0) -> 0 | N92: =L92-M92 -> 0 | O92: =ROUND(N92*0.06,2) -> 0 | P92: Rodriguez 21-22 | R92: =L92/K92 -> #DIV/0!
A93: 2375 | B93: 2000 | C93: =C1 -> 102015 | D93: 12450 | E93: O | F93: 0 | G93: 0 | H93: 0 | I93: 0 | J93: S10 | K93: ='Actual Sales'!I58 -> 0 | L93: ='Actual Sales'!J58 -> 0 | M93: =ROUND(L93*0.125,0) -> 0 | N93: =L93-M93 -> 0 | O93: =ROUND(N93*0.04,2) -> 0 | P93: Fed 11-43 | R93: =L93/K93 -> #DIV/0!
A94: 2375 | B94: 3000 | C94: =C1 -> 102015 | D94: 12450 | E94: O | F94: 0 | G94: 0 | H94: 0 | I94: 0 | J94: BAS | K94: ='Actual Sales'!D135 -> 0 | L94: ='Actual Sales'!F135 -> 0 | M94: =ROUND(L94*0.125,0) -> 0 | N94: =L94-M94 -> 0 | O94: =ROUND(N94*0.06,2) -> 0 | P94: Fed 43-11 | R94: =L94/K94 -> #DIV/0!
A95: 2375 | B95: 2000 | C95: =C1 -> 102015 | D95: 12451 | E95: O | F95: 0 | G95: 0 | H95: 0 | I95: 0 | J95: S10 | K95: =ROUNDDOWN('Actual Sales'!I59,0) -> 0 | L95: ='Actual Sales'!J59 -> 0 | M95: =ROUND(L95*0.125,0) -> 0 | N95: =L95-M95 -> 0 | O95: =ROUND(N95*0.04,2) -> 0 | P95: Fed 11-44 | R95: =L95/K95 -> #DIV/0!
A96: 2375 | B96: 3000 | C96: =C1 -> 102015 | D96: 12451 | E96: O | F96: 0 | G96: 0 | H96: 0 | I96: 0 | J96: BAS | K96: ='Actual Sales'!D136 -> 0 | L96: ='Actual Sales'!F136 -> 0 | M96: =ROUND(L96*0.125,0) -> 0 | N96: =L96-M96 -> 0 | O96: =ROUND(N96*0.06,2) -> 0 | P96: Fed 44-11 | R96: =L96/K96 -> #DIV/0!
A97: 2375 | B97: 2000 | C97: =C1 -> 102015 | D97: 12452 | E97: O | F97: 0 | G97: 0 | H97: 0 | I97: 0 | J97: S10 | K97: ='Actual Sales'!I64 -> 0 | L97: ='Actual Sales'!J64 -> 0 | M97: 0 | N97: =L97-M97 -> 0 | O97: =ROUND(N97*0.04,2) -> 0 | P97: Collins 31 | R97: =L97/K97 -> #DIV/0!
A98: 2375 | B98: 3000 | C98: =C1 -> 102015 | D98: 12452 | E98: O | F98: 0 | G98: 0 | H98: 0 | I98: 0 | J98: BAS | K98: 0 | L98: 0 | M98: 0 | N98: =L98-M98 -> 0 | O98: =ROUND(N98*0.06,2) -> 0 | P98: Collins 31-14 | R98: =L98/K98 -> #DIV/0!
A99: 2375 | B99: 2000 | C99: =C1 -> 102015 | D99: 13059 | E99: O | F99: 0 | G99: 0 | H99: 0 | I99: 0 | J99: BAS | K99: ='Actual Sales'!B82 -> 0 | L99: ='Actual Sales'!F82 -> 0 | M99: 0 | N99: =L99-M99 -> 0 | O99: =ROUND(N99*0.06,2) -> 0 | P99: Stewart 1A | R99: =L99/K99 -> #DIV/0!
A100: 2375 | B100: 2000 | C100: =C1 -> 102015 | D100: 13740 | E100: O | F100: 0 | G100: 0 | H100: 0 | I100: 0 | J100: S10 | K100: ='Actual Sales'!B88 -> 0 | L100: ='Actual Sales'!F88 -> 0 | M100: =ROUND(L100*0.125,0) -> 0 | N100: =L100-M100 -> 0 | O100: =ROUND(N100*0.04,2) -> 0 | P100: Ammo #18-8A | R100: =L100/K100 -> #DIV/0!
...

Sheet Conservation
A2: POC-I LLC. | E2: For the Period Ending: | G2: 42308
A3: Lease Name | B3: APIS | C3: Gross Gas Sales (MCF) | D3: Gross Value of Sales | E3: Federal Royalty | F3: Net Gas Sales | G3: Taxable Value of Gas Sales
A4: Bruner 1 | B4: 4521526 | C4: ='Actual Sales'!D125 -> 0 | D4: ='Actual Sales'!F125 -> 0 | E4: 0 | F4: =C4-E4 -> 0 | G4: =D4 -> 0
A5: Gov 11-1-S | B5: 4521977 | C5: ='Actual Sales'!D138 -> 0 | D5: ='Actual Sales'!F138 -> 0 | E5: =C5*0.125 -> 0 | F5: =C5-E5 -> 0 | G5: =D5*0.875 -> 0
A6: Elk 13-2 | B6: 4521778 | C6: ='Actual Sales'!D130 -> 0 | D6: ='Actual Sales'!F130 -> 0 | E6: 0 | F6: =C6-E6 -> 0 | G6: =D6 -> 0
A7: Collins 10 | B7: 4522074 | C7: ='Actual Sales'!D127 -> 0 | D7: ='Actual Sales'!F127 -> 0 | E7: 0 | F7: =C7-E7 -> 0 | G7: =D7 -> 0
A8: Bruner Fee 3 | B8: 4522076 | C8: ='Actual Sales'!D138 -> 0 | D8: ='Actual Sales'!F138 -> 0 | E8: 0 | F8: =C8-E8 -> 0 | G8: =D8 -> 0
A9: Elk 13-5 | B9: 4522178 | C9: ='Actual Sales'!D132 -> 0 | D9: ='Actual Sales'!F132 -> 0 | E9: 0 | F9: =C9-E9 -> 0 | G9: =D9 -> 0
A10: Elk 13-9 | B10: 4522228 | C10: ='Actual Sales'!D133 -> 0 | D10: ='Actual Sales'!F133 -> 0 | E10: 0 | F10: =C10-E10 -> 0 | G10: =D10 -> 0
A11: Govt 14-9 | B11: 4522436 | C11: 0 | D11: 0 | E11: 0 | F11: =C11-E11 -> 0 | G11: =D11 -> 0
A12: Collins 8 | B12: 4505460 | C12: ='Actual Sales'!D129 -> 0 | D12: ='Actual Sales'!F129 -> 0 | E12: 0 | F12: =C12-E12 -> 0 | G12: =D12 -> 0
A13: Elk 7 | B13: 4505443 | C13: ='Actual Sales'!D134 -> 0 | D13: ='Actual Sales'!F134 -> 0 | E13: =C13*0.125 -> 0 | F13: =C13-E13 -> 0 | G13: =D13*0.875 -> 0
A14: Elk 13-4 | B14: 4522451 | C14: ='Actual Sales'!D131 -> 0 | D14: ='Actual Sales'!F131 -> 0 | E14: 0 | F14: =C14-E14 -> 0 | G14: =D14 -> 0
A15: Fed 43-11 | B15: 4522880 | C15: ='Actual Sales'!D135 -> 0 | D15: ='Actual Sales'!F135 -> 0 | E15: =C15*0.125 -> 0 | F15: =C15-E15 -> 0 | G15: =D15*0.875 -> 0
A16: Fed 44-11 | B16: 4522881 | C16: ='Actual Sales'!D136 -> 0 | D16: ='Actual Sales'!F136 -> 0 | E16: =C16*0.125 -> 0 | F16: =C16-E16 -> 0 | G16: =D16*0.875 -> 0
A17: Collins 31-14 | B17: 4522882 | C17: 0 | D17: 0 | E17: 0 | F17: =C17-E17 -> 0 | G17: =D17 -> 0
A18: Berg 9 | B18: 4505372 | C18: ='Actual Sales'!D124 -> 0 | D18: ='Actual Sales'!F124 -> 0 | E18: 0 | F18: =C18-E18 -> 0 | G18: =D18 -> 0
A19: Grieves 24-8 | B19: 4529260 | C19: ='Actual Sales'!D142 -> 0 | D19: ='Actual Sales'!F142 -> 0 | E19: 0 | F19: =C19-E19 -> 0 | G19: =D19 -> 0
A20: Grieves 24-1 | B20: 4529261 | C20: ='Actual Sales'!D141 -> 0 | D20: ='Actual Sales'!F141 -> 0 | E20: 0 | F20: =C20-E20 -> 0 | G20: =D20 -> 0
A21: Grieves 13-16 | B21: 4529256 | C21: ='Actual Sales'!D140 -> 0 | D21: ='Actual Sales'!F140 -> 0 | E21: 0 | F21: =C21-E21 -> 0 | G21: =D21 -> 0
A22: Gov 1-2 | B22: 4505409 | C22: ='Actual Sales'!D139 -> 0 | D22: ='Actual Sales'!F139 -> 0 | E22: =C22*0.125 -> 0 | F22: =C22-E22 -> 0 | G22: =D22*0.875 -> 0
A23: Collins 14-7 | B23: 4529257 | C23: ='Actual Sales'!D128 -> 0 | D23: ='Actual Sales'!F128 -> 0 | E23: 0 | F23: =C23-E23 -> 0 | G23: =D23 -> 0
A24: Zerbst 3-32 | B24: 2720869 | C24: ='Actual Sales'!D149 -> 0 | D24: ='Actual Sales'!F149 -> 0 | E24: 0 | F24: =C24-E24 -> 0 | G24: =D24 -> 0
A25: Zerbst 3-22 | B25: 2720894 | C25: ='Actual Sales'!D146 -> 0 | D25: ='Actual Sales'!F146 -> 0 | E25: =C25*0.125 -> 0 | F25: =C25-E25 -> 0 | G25: =D25*0.875 -> 0
A26: Zerbst 10-21 | B26: 2720902 | C26: ='Actual Sales'!D150 -> 0 | D26: ='Actual Sales'!F150 -> 0 | E26: 0 | F26: =C26-E26 -> 0 | G26: =D26 -> 0
A27: Gaskill 43-34 | B27: 2720843 | C27: ='Actual Sales'!D137 -> 0 | D27: ='Actual Sales'!F137 -> 0 | E27: 0 | F27: =C27-E27 -> 0 | G27: =D27 -> 0
A28: Zerbst 24-3 | B28: 2720899 | C28: ='Actual Sales'!D147 -> 0 | D28: ='Actual Sales'!F147 -> 0 | E28: 0 | F28: =C28-E28 -> 0 | G28: =D28 -> 0
A29: Zerbst 3-14 | B29: 2720908 | C29: ='Actual Sales'!D145 -> 0 | D29: ='Actual Sales'!F145 -> 0 | E29: 0 | F29: =C29-E29 -> 0 | G29: =D29 -> 0
A30: 11-10 | B30: 2720909 | C30: ='Actual Sales'!D144 -> 0 | D30: ='Actual Sales'!F144 -> 0 | E30: 0 | F30: =C30-E30 -> 0 | G30: =D30 -> 0
A31: Thompson 41-34 | B31: 2720829 | C31: ='Actual Sales'!D143 -> 0 | D31: ='Actual Sales'!F143 -> 0 | E31: 0 | F31: =C31-E31 -> 0 | G31: =D31 -> 0
A33: Totals | C33: =SUM(C4:C31) -> 0 | D33: =SUM(D4:D31) -> 0 | E33: =SUM(E4:E31) -> 0 | F33: =SUM(F4:F31) -> 0 | G33: =SUM(G4:G31) -> 0
E35: GAS | F35: Cons Tax | G35: =G33*0.0004 -> 0
A37: POC-I LLC. | E37: For the Period Ending: | G37: =G2 -> 42308
A38: Lease Name | B38: APIs | C38: Gross Oil Sales (Bbl) | D38: Gross Value of Sales | E38: Federal Royalty | F38: Net Oil Sales | G38: Taxable Value of Oil Sales
A39: 4-H Fed Battery | B39: 4511190 | C39: 0 | D39: 0 | E39: =C39*0.125 -> 0 | F39: =C39-E39 -> 0 | G39: =D39*0.875 -> 0
B40: 4511200
B41: 4505798
A42: Aimonetto 2 & 4 | B42: 4521761 | C42: ='Actual Sales'!B48 -> 0 | D42: ='Actual Sales'!F48 -> 0 | E42: 0 | F42: =C42-E42 -> 0 | G42: =D42 -> 0
B43: 4522101
A44: Ames Federal 32-1 | B44: 4521065 | C44: ='Actual Sales'!B33 -> 0 | D44: ='Actual Sales'!F33 -> 0 | E44: =C44*0.125 -> 0 | F44: =C44-E44 -> 0 | G44: =D44*0.875 -> 0
A45: BNSU | B45: 4522127 | C45: ='Actual Sales'!B50 -> 0 | D45: ='Actual Sales'!F50 -> 0 | E45: =C45*0.125 -> 0 | F45: =C45-E45 -> 0 | G45: =D45*0.875 -> 0
B46: 4521961
B47: 4522088
B48: 4522117
A49: Barton 1 | B49: 4522097 | C49: ='Actual Sales'!B51 -> 0 | D49: ='Actual Sales'!F51 -> 0 | E49: 0 | F49: =C49-E49 -> 0 | G49: =D49 -> 0
A50: Boulden 1 | B50: 4506455 | C50: ='Actual Sales'!B47 -> 0 | D50: ='Actual Sales'!F47 -> 0 | E50: =C50*0.0625 -> 0 | F50: =C50-E50 -> 0 | G50: =D50*0.9375 -> 0
A51: Capitol Battery | B51: 4506494 | C51: ='Actual Sales'!B28+'Actual Sales'!B29 -> 0 | D51: ='Actual Sales'!F28+'Actual Sales'!F29 -> 0 | E51: =C51*0.125 -> 0 | F51: =C51-E51 -> 0 | G51: =D51*0.875 -> 0
B52: 4506727
B53: 4511151
A54: Cotton 2 & 3 | B54: 4505872 | C54: ='Actual Sales'!B54 -> 0 | D54: ='Actual Sales'!F54 -> 0 | E54: 0 | F54: =C54-E54 -> 0 | G54: =D54 -> 0
B55: 4505892
A56: Don Thorsen 1 | B56: 4522546 | C56: ='Actual Sales'!B26 -> 0 | D56: ='Actual Sales'!F26 -> 0 | E56: 0 | F56: =C56-E56 -> 0 | G56: =D56 -> 0
A57: Donielson/Garfield Battery | B57: 4521489 | C57: ='Actual Sales'!B42+'Actual Sales'!I41+'Actual Sales'!I42 -> 0 | D57: ='Actual Sales'!J41+'Actual Sales'!J42 -> 0 | E57: 0 | F57: =C57-E57 -> 0 | G57: =D57 -> 0
B58: 4506715
B59: 4506844
B60: 4506806
B61: 4521062
B62: 4509299
B63: 4520422
B64: 4522787
A65: Egert 2 | B65: 4508181 | C65: ='Actual Sales'!B32 -> 0 | D65: ='Actual Sales'!F32 -> 0 | E65: 0 | F65: =C65-E65 -> 0 | G65: =D65 -> 0
A66: Fina State 1 | B66: 4506686 | C66: ='Actual Sales'!B46 -> 0 | D66: ='Actual Sales'!F46 -> 0 | E66: 0 | F66: =C66-E66 -> 0 | G66: =D66 -> 0
A67: Gaskill 27-24 | B67: 2720811 | C67: ='Actual Sales'!B112 -> 0 | D67: ='Actual Sales'!F112 -> 0 | E67: 0 | F67: =C67-E67 -> 0 | G67: =D67 -> 0
A68: Gaskill 27-34 | B68: 2720828 | C68: ='Actual Sales'!B104 -> 0 | D68: ='Actual Sales'!F104 -> 0 | E68: 0 | F68: =C68-E68 -> 0 | G68: =D68 -> 0
A69: Gaskill 34-43 | B69: 2720843 | C69: ='Actual Sales'!B105 -> 0 | D69: ='Actual Sales'!F105 -> 0 | E69: 0 | F69: =C69-E69 -> 0 | G69: =D69 -> 0
A70: Gaskill Fed. 13 | B70: 2720742 | C70: ='Actual Sales'!B103 -> 0 | D70: ='Actual Sales'!F103 -> 0 | E70: =C70*0.125 -> 0 | F70: =C70-E70 -> 0 | G70: =D70*0.875 -> 0
A71: Haight Trust #1 | B71: 0527121 | C71: ='Actual Sales'!B84 -> 0 | D71: ='Actual Sales'!F84 -> 0 | E71: 0 | F71: =C71-E71 -> 0 | G71: =D71 -> 0
A72: Hanson 14 | B72: 2720757 | C72: ='Actual Sales'!B96 -> 0 | D72: ='Actual Sales'!F96 -> 0 | E72: 0 | F72: =C72-E72 -> 0 | G72: =D72 -> 0
A73: Hanson 41 | B73: 2720818 | C73: ='Actual Sales'!B100 -> 0 | D73: ='Actual Sales'!F100 -> 0 | E73: 0 | F73: =C73-E73 -> 0 | G73: =D73 -> 0
A74: Hanson 43 | B74: 2720768 | C74: ='Actual Sales'!B97 -> 0 | D74: ='Actual Sales'!F97 -> 0 | E74: 0 | F74: =C74-E74 -> 0 | G74: =D74 -> 0
A75: Hanson 44 | B75: 2720769 | C75: ='Actual Sales'!B98 -> 0 | D75: ='Actual Sales'!F98 -> 0 | E75: 0 | F75: =C75-E75 -> 0 | G75: =D75 -> 0
A76: Hanson Fed. 1 | B76: 2720934 | C76: ='Actual Sales'!B158 -> 0 | D76: ='Actual Sales'!F158 -> 0 | E76: =C76*0.125 -> 0 | F76: =C76-E76 -> 0 | G76: =D76*0.875 -> 0
A77: Hanzol 1 & 2 | B77: 4520107 | C77: ='Actual Sales'!B21 -> 0 | D77: ='Actual Sales'!F21 -> 0 | E77: =C77*0.125 -> 0 | F77: =C77-E77 -> 0 | G77: =D77*0.875 -> 0
B78: 4520119
A79: Hayes Kyhl 1 | B79: 4506489 | C79: ='Actual Sales'!B10 -> 0 | D79: ='Actual Sales'!F10 -> 0 | E79: =C79*0.125 -> 0 | F79: =C79-E79 -> 0 | G79: =D79*0.875 -> 0
B80: 4506593
A81: Huber Federal 1 | B81: 4506120 | C81: 0 | D81: 0 | E81: =C81*0.125 -> 0 | F81: =C81-E81 -> 0 | G81: =D81*0.875 -> 0
A82: Johnson B 1 | B82: 4506559 | C82: ='Actual Sales'!B31 -> 0 | D82: ='Actual Sales'!F31 -> 0 | E82: 0 | F82: =C82-E82 -> 0 | G82: =D82 -> 0
A83: Manx 2 | B83: 4520498 | C83: ='Actual Sales'!B23 -> 0 | D83: ='Actual Sales'!F23 -> 0 | E83: =C83*0.125 -> 0 | F83: =C83-E83 -> 0 | G83: =D83*0.875 -> 0
A84: Manx 3 | B84: 4521854 | C84: ='Actual Sales'!B24 -> 0 | D84: ='Actual Sales'!F24 -> 0 | E84: =C84*0.125 -> 0 | F84: =C84-E84 -> 0 | G84: =D84*0.875 -> 0
A85: Michaels 3-20 | B85: 4506473 | C85: ='Actual Sales'!B22 -> 0 | D85: ='Actual Sales'!F22 -> 0 | E85: 0 | F85: =C85-E85 -> 0 | G85: =D85 -> 0
A86: Michigan Oil 3 | B86: 4507791 | C86: 0 | D86: 0 | E86: 0 | F86: =C86-E86 -> 0 | G86: =D86 -> 0
A87: Mallette Battery (MCEU) | B87: 4521073 | C87: ='Actual Sales'!B30 -> 0 | D87: ='Actual Sales'!F30 -> 0 | E87: =C87*0.125 -> 0 | F87: =C87-E87 -> 0 | G87: =D87*0.875 -> 0
B88: 4509250
B89: 4509251
B90: 4509248
A91: North Skull Creek Unit | B91: 4520427 | C91: ='Actual Sales'!B2+'Actual Sales'!B3+'Actual Sales'!B4+'Actual Sales'!B5+'Actual Sales'!B6+'Actual Sales'!B7+'Actual Sales'!B8+'Actual Sales'!B9+'Actual Sales'!B45+'Actual Sales'!B43+'Actual Sales'!B44+'Actual Sales'!B121+'Actual Sales'!B122+'Actual Sales'!B123+'Actual Sales'!B152+'Actual Sales'!B157 -> 0 | D91: ='Actual Sales'!F2+'Actual Sales'!F3+'Actual Sales'!F4+'Actual Sales'!F5+'Actual Sales'!F6+'Actual Sales'!F7+'Actual Sales'!F8+'Actual Sales'!F9+'Actual Sales'!F45+'Actual Sales'!F43+'Actual Sales'!F44+'Actual Sales'!F121+'Actual Sales'!F122+'Actual Sales'!F123+'Actual Sales'!F152+'Actual Sales'!F157 -> 0 | E91: =C91*0.02263381 -> 0 | F91: =C91-E91 -> 0 | G91: =D91*0.97736619 -> 0
B92: 4520383
B93: 4520224
B94: 4520180
B95: 4520131
B96: 4507107
B97: 4520534
B98: 4507106
B99: 4520420
B100: 4507133
B101: 4507104
B102: 4507111
B103: 4507027
... B127: 4522752
...

Sheet Cons. Tax Form
B1: FORM OG- 001 | K1: WYOMING OIL AND GAS CONSERVATION COMMISSION
B2: 10M 10-13 | K2: 2211 KING BOULEVARD
B3: RETURN ORIGINAL | K3: P.O. BOX 2640 | S3: FOR THE PERIOD ENDING | U3: =Conservation!G2 -> 42308
B4: 2375 | D4: Oil & Gas | F4: Monthly or Semi | J4: ( Circle One ) | K4: CASPER, WYOMING 82602
B5: Op. Code | D5: Oil or Gas
B6: POC-I LLC. | L6: CONSERVATION TAX FORM OG-001
B7: Name of business or taxpayer | S7: Payments and corresponding forms must be submitted on or before the 25th day of the 2nd month following the month in which the production occurs.
B8: 1888 Sherman St. Suite 500 Denver, CO 80203
B9: Business Address
B10: API # / WELL NAME | J10: GROSS OIL SALES IN BARRELS | K10: GROSS GAS SALES IN M.C.F. | L10: INDIAN OR TRIBAL, STATE OR GOVERN- MENT ROYALTIES | N10: GAS PLANT NAME, SHRINKAGE, PLANT USE, ETC. | O10: NET OIL SALES IN BARRELS | P10: NET GAS SALES IN M.C.F. | Q10: NET LIQUID SALES IN GALLONS | R10: TAXABLE VALUE OF NET SALES | U10: IF ANOTHER PARTY REMITS THE TAXES ON THIS PROPERTY
L11: BBLS. OR M.C.F. | R11: OIL | S11: GAS | T11: LIQUIDS | U11: LIST NAME
B13: See Attached
L27: =Conservation!E33 -> 0 | M27: MCF
B28: TOTALS | J28: =Conservation!C278 -> 0 | K28: =Conservation!C33 -> 0 | L28: =Conservation!E278 -> 0 | M28: BBLS | O28: =Conservation!F278 -> 0 | P28: =Conservation!F33 -> 0 | R28: =Conservation!G278 -> 0 | S28: =Conservation!G33 -> 0
C29: This Form Must Be Signed
B30: I hereby certify that I have examined this report and that the statements made and shown hereon and in any accompanying schedules are to the best of my knowledge and belief a true and complete return, made in good faith for the period stated, pursuant to Section 30-5-116 W.S. Republished 1977, and the rules and regulations issued under authority thereof. | S30: OIL | T30: GAS | U30: LIQUIDS
L31: Phone: | N31: 307-237-7854 | Q31: TOTAL TAXABLE VALUE | S31: =R28 -> 0 | T31: =S28 -> 0
K33: =TODAY() -> 42326 | L33: Email: | N33: wyoeaglefan@wyoming.com
C34: Agent, or officer if corp., trustee, etc. | J34: Date | L34: GAS PLANT INFORMATION SHOULD CORRESPOND WITH FORM 9.VOLUMES SHOULD CORRESPOND WITH VOLUMES REPORTED ON PRODUCTION FORM 2. TOTAL TAXABLE VALUE LIABILITY SHOULD CORRESPOND WITH THE INFORMATION PROVIDED TO THE DEPT. OF REVENUE AND TAXATION. PURCHASERS SHOULD PROVIDE OPERATORS NAME FOR EACH PROPERTY. | Q34: NET TAXABLE VALUE | S34: =S31 -> 0 | T34: =T31 -> 0
C35: POC-I LLC.
Q36: TAX RATE | S36: 0.0004 | T36: 0.0004
C37: Name of business or taxpayer ( PLEASE PRINT ) | Q37: TAX DUE | S37: =S34*S36 -> 0 | T37: =T34*T36 -> 0
B38: Make All Remittances Payable To Wyoming Oil And Gas Conservation Fund

Sheet Check Request
A1: Company | C1: POC-I LLC. | F1: Date | H1: =TODAY() -> 42326
A4: Vendor Name and Address | F4: WOGCC PO BOX 2640 Casper, WY 82602
A10: Amount | C10: ='Cons. Tax Form'!S37+'Cons. Tax Form'!T37 -> 0
A13: Check #
A16: Description | C16: Conservation Tax for October 2015
D22: Requested By: | G22: Stephen Tygard
A25: Charge to Account Number & Description
A30: Voucher Number
A33: Special Instructions

Sheet ERMA
A1: Company ID | E1: Lease No. | F1: PSA No. | G1: Sales Period | H1: Product Code | I1: Production Units | J1: Gross Sales Units | K1: Gross Sales Value | L1: Processing Deduction | M1: Transportation Deduction | N1: Misc. Deduction | O1: Misc. Deduction Type | P1: Net Sales Value | Q1: State Royalty
A2: 2616 | B2: MR20 | C2: O | D2: 0 | E2: 77-00006 | F2: SL | G2: 102015 | H2: 32 | I2: 0 | J2: =I2 -> 0 | K2: 0 | L2: 0 | M2: 0 | N2: 0 | O2: 0 | P2: =K2-L2-M2-N2 -> 0 | Q2: =P2*0.125 -> 0 | S2: Zerbst 3-31, 3-32, 3-41, 3-42
A3: =A2 -> 2616 | B3: MR20 | C3: O | D3: 0 | E3: 77-00006 | F3: SL | G3: =$G$2 -> 102015 | H3: 50 | I3: 0 | J3: =I3 -> 0 | K3: 0 | L3: 0 | M3: 0 | N3: 0 | O3: 0 | P3: =K3-L3-M3-N3 -> 0 | Q3: =P3*0.125 -> 0
A4: =A2 -> 2616 | B4: MR20 | C4: O | D4: 0 | E4: 77-00006 | F4: SL | G4: =$G$2 -> 102015 | H4: 40 | I4: 0 | J4: 0 | K4: 0 | L4: 0 | M4: 0 | N4: 0 | O4: 0 | P4: =K4-L4-M4-N4 -> 0 | Q4: =P4*0.125 -> 0
A5: =A2 -> 2616 | B5: MR10 | C5: O | D5: 0 | E5: 0-15723 | F5: SL | G5: =$G$2 -> 102015 | H5: 10 | I5: ='Master Form 2'!T160+'Master Form 2'!T216+'Master Form 2'!T219+'Master Form 2'!T218+'Master Form 2'!T217 -> 0 | J5: ='Actual Sales'!B16+'Actual Sales'!B15 -> 0 | K5: ='Actual Sales'!F16+'Actual Sales'!F15 -> 0 | L5: 0 | M5: 0 | N5: 0 | O5: 0 | P5: =K5-L5-M5-N5 -> 0 | Q5: =P5*0.125 -> 0 | S5: State 27, 3, 4, 7, RW St 16-15H
A6: =A2 -> 2616 | B6: MR10 | C6: O | D6: 0 | E6: 0-14892 | F6: WYW109691X | G6: =$G$2 -> 102015 | H6: 10 | I6: =SUM('Master Form 2'!T168:T203) -> 0 | J6: ='Actual Sales'!I39 -> 0 | K6: ='Actual Sales'!J39 -> 0 | L6: 0 | M6: 0 | N6: 0 | O6: 0 | P6: =K6-L6-M6-N6 -> 0 | Q6: =(P6*0.008822)*0.125 -> 0 | S6: SCU 31
A7: =A2 -> 2616 | B7: MR10 | C7: O | D7: 0 | E7: 0-14906 | F7: WYW109691X | G7: =$G$2 -> 102015 | H7: 10 | I7: =SUM('Master Form 2'!T168:T203) -> 0 | J7: ='Actual Sales'!I39 -> 0 | K7: ='Actual Sales'!J39 -> 0 | L7: 0 | M7: 0 | N7: 0 | O7: 0 | P7: =K7-L7-M7-N7 -> 0 | Q7: =(P7*0.035014)*0.125 -> 0 | S7: Fina State 1-16 Unit Participation
A8: =A4 -> 2616 | B8: MR10 | C8: O | D8: 0 | E8: 63-13844 | F8: WYW109691X | G8: =$G$2 -> 102015 | H8: 10 | I8: =SUM('Master Form 2'!T168:T203) -> 0 | J8: ='Actual Sales'!I39 -> 0 | K8: ='Actual Sales'!J39 -> 0 | L8: 0 | M8: 0 | N8: 0 | O8: 0 | P8: =K8-L8-M8-N8 -> 0 | Q8: =(P8*0.002068)*0.125 -> 0 | S8: SCU Unit Participation
A9: =A2 -> 2616 | B9: MR10 | C9: O | D9: 0 | E9: 0-14906 | F9: SL | G9: =$G$2 -> 102015 | H9: 10 | I9: ='Master Form 2'!T72 -> 0 | J9: ='Actual Sales'!B46 -> 0 | K9: ='Actual Sales'!F46 -> 0 | L9: 0 | M9: 0 | N9: 0 | O9: 0 | P9: =K9-L9-M9-N9 -> 0 | Q9: =P9*0.125 -> 0 | S9: Fina State 1-16
A10: =A2 -> 2616 | B10: MR10 | C10: O | D10: 0 | E10: 83-00304 | F10: SL | G10: =$G$2 -> 102015 | H10: 10 | I10: 0 | J10: 0 | K10: 0 | L10: 0 | M10: 0 | N10: 0 | O10: 0 | P10: =K10-L10-M10-N10 -> 0 | Q10: =P10*0.1666667 -> 0 | S10: Webber State 1
A11: =A2 -> 2616 | B11: MR10 | C11: O | D11: 0 | E11: 73-27019 | F11: SL | G11: =$G$2 -> 102015 | H11: 10 | I11: ='Master Form 2'!T261 -> 0 | J11: ='Actual Sales'!B49 -> 0 | K11: ='Actual Sales'!F49 -> 0 | L11: 0 | M11: 0 | N11: 0 | O11: 0 | P11: =K11-L11-M11-N11 -> 0 | Q11: =P11*0.125 -> 0 | S11: Winco State 1&2
A12: =A2 -> 2616 | B12: MR10 | C12: O | D12: 0 | E12: 0-15723 | F12: SF000009X | G12: =$G$2 -> 102015 | H12: 10 | I12: =SUM('Master Form 2'!T247:T255, 'Master Form 2'!T257) -> 0 | J12: ='Actual Sales'!B25 -> 0 | K12: ='Actual Sales'!F25 -> 0 | L12: 0 | M12: 0 | N12: 0 | O12: 0 | P12: =K12-L12-M12-N12 -> 0 | Q12: =(P12*0.0014632)*0.125 -> 0 | S12: Wade Unit
A13: =A2 -> 2616 | B13: MR10 | C13: O | D13: 0 | E13: 77-00006 | F13: SL | G13: =$G$2 -> 102015 | H13: 10 | I13: ='Master Form 2'!T283+'Master Form 2'!T284+'Master Form 2'!T286+'Master Form 2'!T285 -> 0 | J13: ='Actual Sales'!B118+'Actual Sales'!B106 -> 0 | K13: ='Actual Sales'!F106+'Actual Sales'!F118 -> 0 | L13: 0 | M13: 0 | N13: 0 | O13: 0 | P13: =K13-L13-M13-N13 -> 0 | Q13: =P13*0.125 -> 0 | S13: Zerbst 3-31, 3-32, 3-41, 3-42
A14: =A4 -> 2616 | B14: MR10 | C14: O | D14: 0 | E14: 12-00334 | F14: WYW184179X | G14: =G2 -> 102015 | H14: 10 | I14: =I29 -> 0 | J14: =J29 -> 0 | K14: =K29 -> 0 | L14: 0 | M14: 0 | N14: 0 | O14: 0 | P14: =K14-L14-M14-N14 -> 0 | Q14: =(P14*0.00846)*0.1666667 -> 0 | S14: North Skull Creek Unit
A15: =A4 -> 2616 | B15: MR10 | C15: O | D15: 0 | E15: 13-00025 | F15: WYW184179X | G15: =G2 -> 102015 | H15: 10 | I15: =I29 -> 0 | J15: =J29 -> 0 | K15: =K29 -> 0 | L15: 0 | M15: 0 | N15: 0 | O15: 0 | P15: =K15-L15-M15-N15 -> 0 | Q15: =(P15*0.01759)*0.1666667 -> 0 | S15: North Skull Creek Unit
A16: =A6 -> 2616 | B16: MR10 | C16: O | D16: 0 | E16: 65-20130 | F16: WYW184179X | G16: =G2 -> 102015 | H16: 10 | I16: =I29 -> 0 | J16: =J29 -> 0 | K16: =K29 -> 0 | L16: 0 | M16: 0 | N16: 0 | O16: 0 | P16: =K16-L16-M16-N16 -> 0 | Q16: =(P16*0.02982)*0.125 -> 0 | S16: North Skull Creek Unit
A17: =A6 -> 2616 | B17: MR10 | C17: O | D17: 0 | E17: 83-00304 | F17: WYW184179X | G17: =G2 -> 102015 | H17: 10 | I17: =I29 -> 0 | J17: =J29 -> 0 | K17: =K29 -> 0 | L17: 0 | M17: 0 | N17: 0 | O17: 0 | P17: =K17-L17-M17-N17 -> 0 | Q17: =(P17*0.01325)*0.1666667 -> 0 | S17: North Skull Creek Unit
A18: =A8 -> 2616 | B18: MR10 | C18: O | D18: 0 | E18: 77-00176 | F18: WYW184179X | G18: =G2 -> 102015 | H18: 10 | I18: =I29 -> 0 | J18: =J29 -> 0 | K18: =K29 -> 0 | L18: 0 | M18: 0 | N18: 0 | O18: 0 | P18: =K18-L18-M18-N18 -> 0 | Q18: =(P18*0.02266)*0.125 -> 0 | S18: North Skull Creek Unit
A19: =A2 -> 2616 | B19: MR50 | C19: O | D19: 0 | E19: 77-00006 | F19: SL | G19: =G2 -> 102015 | H19: 32 | I19: =I2 -> 0 | J19: =J2 -> 0 | K19: =K2 -> 0 | L19: 0 | M19: 0 | N19: 0 | O19: 0 | P19: =K19-L19-M19-N19 -> 0 | Q19: 0 | S19: Zerbst 3-31, 3-32, 3-41, 3-42
A20: =A2 -> 2616 | B20: MR50 | C20: O | D20: 0 | E20: 77-00006 | F20: SL | G20: =$G$2 -> 102015 | H20: 50 | I20: =I3 -> 0 | J20: =J3 -> 0 | K20: =K3 -> 0 | L20: 0 | M20: 0 | N20: 0 | O20: 0 | P20: =K20-L20-M20-N20 -> 0 | Q20: 0 | S20: Zerbst 3-31, 3-32, 3-41, 3-42
A21: =A2 -> 2616 | B21: MR50 | C21: O | D21: 0 | E21: 77-00006 | F21: SL | G21: =$G$2 -> 102015 | H21: 40 | I21: =I4 -> 0 | J21: =J4 -> 0 | K21: =K4 -> 0 | L21: 0 | M21: 0 | N21: 0 | O21: 0 | P21: =K21-L21-M21-N21 -> 0 | Q21: 0 | S21: Zerbst 3-31, 3-32, 3-41, 3-42
A22: =A2 -> 2616 | B22: MR40 | C22: O | D22: 0 | E22: 0-15723 | F22: SL | G22: =$G$2 -> 102015 | H22: 10 | I22: ='Master Form 2'!T160+'Master Form 2'!T216+'Master Form 2'!T219+'Master Form 2'!T218+'Master Form 2'!T217 -> 0 | J22: ='Actual Sales'!B16+'Actual Sales'!B15 -> 0 | K22: ='Actual Sales'!F16+'Actual Sales'!F15 -> 0 | L22: 0 | M22: 0 | N22: 0 | O22: 0 | P22: =K22-L22-M22-N22 -> 0 | Q22: 0 | S22: State 27, 3, 4, 7, RW St 16-15H
A23: =A2 -> 2616 | B23: MR41 | C23: O | D23: 0 | F23: WYW109691X | G23: =$G$2 -> 102015 | H23: 10 | I23: =SUM('Master Form 2'!T168:T203) -> 0 | J23: ='Actual Sales'!I39 -> 0 | K23: ='Actual Sales'!J39 -> 0 | L23: 0 | M23: 0 | N23: 0 | O23: 0 | P23: =K23-L23-M23-N23 -> 0 | Q23: 0 | S23: SCU 31
A24: =A2 -> 2616 | B24: MR40 | C24: O | D24: 0 | E24: 0-14906 | F24: SL | G24: =$G$2 -> 102015 | H24: 10 | I24: ='Master Form 2'!T72 -> 0 | J24: ='Actual Sales'!B46 -> 0 | K24: ='Actual Sales'!F46 -> 0 | L24: 0 | M24: 0 | N24: 0 | O24: 0 | P24: =K24-L24-M24-N24 -> 0 | Q24: 0 | S24: Fina State 1-16
A25: =A2 -> 2616 | B25: MR40 | C25: O | D25: 0 | E25: 83-00304 | F25: SL | G25: =$G$2 -> 102015 | H25: 10 | I25: 0 | J25: 0 | K25: 0 | L25: 0 | M25: 0 | N25: 0 | O25: 0 | P25: =K25-L25-M25-N25 -> 0 | Q25: 0 | S25: Webber State 1
A26: =A2 -> 2616 | B26: MR40 | C26: O | D26: 0 | E26: 73-27019 | F26: SL | G26: =$G$2 -> 102015 | H26: 10 | I26: ='Master Form 2'!T261 -> 0 | J26: ='Actual Sales'!B49 -> 0 | K26: ='Actual Sales'!F49 -> 0 | L26: 0 | M26: 0 | N26: 0 | O26: 0 | P26: =K26-L26-M26-N26 -> 0 | Q26: 0 | S26: Winco State 1&2
A27: =A2 -> 2616 | B27: MR41 | C27: O | D27: 0 | F27: SF000009X | G27: =$G$2 -> 102015 | H27: 10 | I27: =SUM('Master Form 2'!T247:T255, 'Master Form 2'!T257) -> 0 | J27: ='Actual Sales'!B25 -> 0 | K27: ='Actual Sales'!F25 -> 0 | L27: 0 | M27: 0 | N27: 0 | O27: 0 | P27: =K27-L27-M27-N27 -> 0 | Q27: 0 | S27: Wade Unit
A28: =A2 -> 2616 | B28: MR40 | C28: O | D28: 0 | E28: 77-00006 | F28: SL | G28: =$G$2 -> 102015 | H28: 10 | I28: ='Master Form 2'!T283+'Master Form 2'!T284+'Master Form 2'!T285+'Master Form 2'!T286 -> 0 | J28: ='Actual Sales'!B118+'Actual Sales'!B106 -> 0 | K28: ='Actual Sales'!F118+'Actual Sales'!F106 -> 0 | L28: 0 | M28: 0 | N28: 0 | O28: 0 | P28: =K28-L28-M28-N28 -> 0 | Q28: 0 | S28: Zerbst 3-31, 3-32, 3-41, 3-42
A29: =A4 -> 2616 | B29: MR41 | C29: O | D29: 0 | F29: WYW184179X | G29: =G2 -> 102015 | H29: 10 | I29: =SUM('Master Form 2'!T258+'Master Form 2'!T215+'Master Form 2'!T159+'Master Form 2'!T155+'Master Form 2'!T154+'Master Form 2'!T153+'Master Form 2'!T152+'Master Form 2'!T151+'Master Form 2'!T150+'Master Form 2'!T143+'Master Form 2'!T142+'Master Form 2'!T130+'Master Form 2'!T129+'Master Form 2'!T128+'Master Form 2'!T127+'Master Form 2'!T126+'Master Form 2'!T125+'Master Form 2'!T112+'Master Form 2'!T111+'Master Form 2'!T110+'Master Form 2'!T109+'Master Form 2'!T108+'Master Form 2'!T107+'Master Form 2'!T106+'Master Form 2'!T105+'Master Form 2'!T78+'Master Form 2'!T77+'Master Form 2'!T60+'Master Form 2'!T38+'Master Form 2'!T33+'Master Form 2'!T32+'Master Form 2'!T31+'Master Form 2'!T21+'Master Form 2'!T20+'Master Form 2'!T19+'Master Form 2'!T3+'Master Form 2'!T2) -> 0 | J29: ='Actual Sales'!B157+'Actual Sales'!B152+'Actual Sales'!B123+'Actual Sales'!B122+'Actual Sales'!B121+'Actual Sales'!B45+'Actual Sales'!B44+'Actual Sales'!B43+'Actual Sales'!B9+'Actual Sales'!B8+'Actual Sales'!B7+'Actual Sales'!B6+'Actual Sales'!B5+'Actual Sales'!B4+'Actual Sales'!B3+'Actual Sales'!B2 -> 0 | K29: ='Actual Sales'!F157+'Actual Sales'!F152+'Actual Sales'!F123+'Actual Sales'!F122+'Actual Sales'!F121+'Actual Sales'!F45+'Actual Sales'!F44+'Actual Sales'!F43+'Actual Sales'!F9+'Actual Sales'!F8+'Actual Sales'!F7+'Actual Sales'!F6+'Actual Sales'!F5+'Actual Sales'!F4+'Actual Sales'!F3+'Actual Sales'!F2 -> 0 | L29: 0 | M29: 0 | N29: 0 | O29: 0 | P29: =K29-L29-M29-N29 -> 0 | Q29: 0 | S29: North Skull Creek Unit
D31: *Send supporting documentation with cover page and necessary format.*
E33: The report data must be in an ASCII File named in the following manner: CCCCYYMM.DDN Example: CCCC is the four digit company number YYMMDD is a date format N is a numeric value between 0 and 9

Sheet Summary
A1: Group Number | B1: Oil Prod. | C1: Gas Prod. | D1: Days | E1: Oil Sales | F1: Gas Sales | H1: !!!!!!!!!!!
A2: 571 | B2: =SUM('Master Form 2'!T19:T21,'Master Form 2'!T31:T33,'Master Form 2'!T38,'Master Form 2'!T60,'Master Form 2'!T77:T78,'Master Form 2'!T105:T112,'Master Form 2'!T125:T130,'Master Form 2'!T3,'Master Form 2'!T142:T143,'Master Form 2'!T150:T155,'Master Form 2'!T159,'Master Form 2'!T215,'Master Form 2'!T258) -> 0 | C2: =SUM('Master Form 2'!W19:W21,'Master Form 2'!W31:W33,'Master Form 2'!W38,'Master Form 2'!W60,'Master Form 2'!W77:W78,'Master Form 2'!W105:W112,'Master Form 2'!W125:W130,'Master Form 2'!W3,'Master Form 2'!W142:W143,'Master Form 2'!W150:W155,'Master Form 2'!W159,'Master Form 2'!W215,'Master Form 2'!W258) -> 0 | D2: =SUM('Master Form 2'!X19:X21,'Master Form 2'!X31:X33,'Master Form 2'!X38,'Master Form 2'!X60,'Master Form 2'!X77:X78,'Master Form 2'!X105:X112,'Master Form 2'!X125:X130,'Master Form 2'!X3,'Master Form 2'!X142:X143,'Master Form 2'!X150:X155,'Master Form 2'!X159,'Master Form 2'!X215,'Master Form 2'!X258) -> 0 | E2: =SUM('Master Form 2'!AB19:AB21,'Master Form 2'!AB31:AB33,'Master Form 2'!AB38,'Master Form 2'!AB60,'Master Form 2'!AB77:AB78,'Master Form 2'!AB105:AB112,'Master Form 2'!AB125:AB130,'Master Form 2'!AB3,'Master Form 2'!AB142:AB143,'Master Form 2'!AB150:AB155,'Master Form 2'!AB159,'Master Form 2'!AB215,'Master Form 2'!AB258) -> 0 | F2: =SUM('Master Form 2'!AC19:AC21,'Master Form 2'!AC31:AC33,'Master Form 2'!AC38,'Master Form 2'!AC60,'Master Form 2'!AC77:AC78,'Master Form 2'!AC105:AC112,'Master Form 2'!AC125:AC130,'Master Form 2'!AC3,'Master Form 2'!AC142:AC143,'Master Form 2'!AC150:AC155,'Master Form 2'!AC159,'Master Form 2'!AC215,'Master Form 2'!AC258) -> 0
A3: 575 | B3: ='Master Form 2'!T210+'Master Form 2'!T211 -> 0 | C3: ='Master Form 2'!W210+'Master Form 2'!W211 -> 0 | D3: ='Master Form 2'!X210+'Master Form 2'!X211 -> 0 | E3: ='Master Form 2'!AB210+'Master Form 2'!AB211 -> 0 | F3: ='Master Form 2'!AC210+'Master Form 2'!AC211 -> 0 | H3: OCT '15
A4: 678 | B4: ='Master Form 2'!T261 -> 0 | C4: ='Master Form 2'!W261 -> 0 | D4: ='Master Form 2'!X261 -> 0 | E4: ='Master Form 2'!AB261 -> 0 | F4: ='Master Form 2'!AC261 -> 0
A5: 681 | B5: ='Master Form 2'!T7+'Master Form 2'!T8 -> 0 | C5: ='Master Form 2'!W7+'Master Form 2'!W8 -> 0 | D5: ='Master Form 2'!X7+'Master Form 2'!X8 -> 0 | E5: ='Master Form 2'!AB7+'Master Form 2'!AB8 -> 0 | F5: ='Master Form 2'!AC7+'Master Form 2'!AC8 -> 0
A6: 909 | B6: ='Master Form 2'!T207+'Master Form 2'!T208 -> 0 | C6: ='Master Form 2'!W207+'Master Form 2'!W208 -> 0 | D6: ='Master Form 2'!X207+'Master Form 2'!X208 -> 0 | E6: ='Master Form 2'!AB207+'Master Form 2'!AB208 -> 0 | F6: ='Master Form 2'!AC207+'Master Form 2'!AC208 -> 0
A7: 2205 | B7: ='Master Form 2'!T139 -> 0 | C7: ='Master Form 2'!W139 -> 0 | D7: ='Master Form 2'!X139 -> 0 | E7: ='Master Form 2'!AB139 -> 0 | F7: ='Master Form 2'!AC139 -> 0
A8: 2273 | B8: ='Master Form 2'!T231 -> 0 | C8: ='Master Form 2'!W231 -> 0 | D8: ='Master Form 2'!X231 -> 0 | E8: ='Master Form 2'!AB231 -> 0 | F8: ='Master Form 2'!AC231 -> 0
A9: 2274 | B9: ='Master Form 2'!T279+'Master Form 2'!T281+'Master Form 2'!T282 -> 0 | C9: ='Master Form 2'!W279+'Master Form 2'!W281+'Master Form 2'!W282 -> 0 | D9: ='Master Form 2'!X279+'Master Form 2'!X281+'Master Form 2'!X282 -> 0 | E9: ='Master Form 2'!AB279+'Master Form 2'!AB281+'Master Form 2'!AB282 -> 0 | F9: ='Master Form 2'!AC279+'Master Form 2'!AC281+'Master Form 2'!AC282 -> 0
A10: 2276 | B10: ='Master Form 2'!T97 -> 0 | C10: ='Master Form 2'!W97 -> 0 | D10: ='Master Form 2'!X97 -> 0 | E10: ='Master Form 2'!AB97 -> 0 | F10: ='Master Form 2'!AC97 -> 0
A11: 2277 | B11: ='Master Form 2'!T98+'Master Form 2'!T100 -> 0 | C11: ='Master Form 2'!W98+'Master Form 2'!W100 -> 0 | D11: ='Master Form 2'!X98+'Master Form 2'!X100 -> 0 | E11: ='Master Form 2'!AB98+'Master Form 2'!AB100 -> 0 | F11: ='Master Form 2'!AC98+'Master Form 2'!AC100 -> 0
A12: 2278 | B12: ='Master Form 2'!T82+'Master Form 2'!T83 -> 0 | C12: ='Master Form 2'!W82+'Master Form 2'!W83 -> 0 | D12: ='Master Form 2'!X82+'Master Form 2'!X83 -> 0 | E12: ='Master Form 2'!AB82+'Master Form 2'!AB83 -> 0 | F12: ='Master Form 2'!AC82+'Master Form 2'!AC83 -> 0
A13: 2279 | B13: ='Master Form 2'!T232+'Master Form 2'!T233 -> 0 | C13: ='Master Form 2'!W232+'Master Form 2'!W233 -> 0 | D13: ='Master Form 2'!X232+'Master Form 2'!X233 -> 0 | E13: ='Master Form 2'!AB232+'Master Form 2'!AB233 -> 0 | F13: ='Master Form 2'!AC232+'Master Form 2'!AC233 -> 0
A14: 2280 | B14: ='Master Form 2'!T84 -> 0 | C14: ='Master Form 2'!W84 -> 0 | D14: ='Master Form 2'!X84 -> 0 | E14: ='Master Form 2'!AB84 -> 0 | F14: ='Master Form 2'!AC84 -> 0
A15: 2281 | B15: ='Master Form 2'!T280 -> 0 | C15: ='Master Form 2'!W280 -> 0 | D15: ='Master Form 2'!X280 -> 0 | E15: ='Master Form 2'!AB280 -> 0 | F15: ='Master Form 2'!AC280 -> 0
A16: 2284 | B16: ='Master Form 2'!T285 -> 0 | C16: ='Master Form 2'!W285 -> 0 | D16: ='Master Form 2'!X285 -> 0 | E16: ='Master Form 2'!AB285 -> 0 | F16: ='Master Form 2'!AC285 -> 0
A17: 2285 | B17: ='Master Form 2'!T283 -> 0 | C17: ='Master Form 2'!W283 -> 0 | D17: ='Master Form 2'!X283 -> 0 | E17: ='Master Form 2'!AB283 -> 0 | F17: ='Master Form 2'!AC283 -> 0
A18: 2286 | B18: ='Master Form 2'!T268+'Master Form 2'!T269+'Master Form 2'!T270+'Master Form 2'!T271+'Master Form 2'!T272+'Master Form 2'!T273+'Master Form 2'!T274+'Master Form 2'!T275+'Master Form 2'!T276+'Master Form 2'!T277 -> 0 | C18: ='Master Form 2'!W268+'Master Form 2'!W269+'Master Form 2'!W270+'Master Form 2'!W271+'Master Form 2'!W272+'Master Form 2'!W273+'Master Form 2'!W274+'Master Form 2'!W275+'Master Form 2'!W276+'Master Form 2'!W277 -> 0 | D18: ='Master Form 2'!X268+'Master Form 2'!X269+'Master Form 2'!X270+'Master Form 2'!X271+'Master Form 2'!X272+'Master Form 2'!X273+'Master Form 2'!X274+'Master Form 2'!X275+'Master Form 2'!X276+'Master Form 2'!X277 -> 0 | E18: ='Master Form 2'!AB268+'Master Form 2'!AB269+'Master Form 2'!AB270+'Master Form 2'!AB271+'Master Form 2'!AB272+'Master Form 2'!AB273+'Master Form 2'!AB274+'Master Form 2'!AB275+'Master Form 2'!AB276+'Master Form 2'!AB277 -> 0 | F18: ='Master Form 2'!AC268+'Master Form 2'!AC269+'Master Form 2'!AC270+'Master Form 2'!AC271+'Master Form 2'!AC272+'Master Form 2'!AC273+'Master Form 2'!AC274+'Master Form 2'!AC275+'Master Form 2'!AC276+'Master Form 2'!AC277 -> 0
A19: 2287 | B19: ='Master Form 2'!T284+'Master Form 2'!T286 -> 0 | C19: ='Master Form 2'!W284+'Master Form 2'!W286 -> 0 | D19: ='Master Form 2'!X284+'Master Form 2'!X286 -> 0 | E19: ='Master Form 2'!AB284+'Master Form 2'!AB286 -> 0 | F19: ='Master Form 2'!AC284+'Master Form 2'!AC286 -> 0
A20: 2288 | B20: ='Master Form 2'!T278 -> 0 | C20: ='Master Form 2'!W278 -> 0 | D20: ='Master Form 2'!X278 -> 0 | E20: ='Master Form 2'!AB278 -> 0 | F20: ='Master Form 2'!AC278 -> 0
A21: 2757 | B21: ='Master Form 2'!T120 -> 0 | C21: ='Master Form 2'!W120 -> 0 | D21: ='Master Form 2'!X120 -> 0 | E21: ='Master Form 2'!AB120 -> 0 | F21: ='Master Form 2'!AC120 -> 0
A22: 2759 | B22: ='Master Form 2'!T96 -> 0 | C22: ='Master Form 2'!W96 -> 0 | D22: ='Master Form 2'!X96 -> 0 | E22: ='Master Form 2'!AB96 -> 0 | F22: ='Master Form 2'!AC96 -> 0
A23: 5444 | B23: ='Master Form 2'!T221 -> 0 | C23: ='Master Form 2'!W221 -> 0 | D23: ='Master Form 2'!X221 -> 0 | E23: ='Master Form 2'!AB221 -> 0 | F23: ='Master Form 2'!AC221 -> 0
A24: 5446 | B24: ='Master Form 2'!T86 -> 0 | C24: ='Master Form 2'!W86 -> 0 | D24: ='Master Form 2'!X86 -> 0 | E24: ='Master Form 2'!AB86 -> 0 | F24: ='Master Form 2'!AC86 -> 0
A25: 5447 | B25: ='Master Form 2'!T222 -> 0 | C25: ='Master Form 2'!W222 -> 0 | D25: ='Master Form 2'!X222 -> 0 | E25: ='Master Form 2'!AB222 -> 0 | F25: ='Master Form 2'!AC222 -> 0
A26: 5449 | B26: ='Master Form 2'!T65 -> 0 | C26: ='Master Form 2'!W65 -> 0 | D26: ='Master Form 2'!X65 -> 0 | E26: ='Master Form 2'!AB65 -> 0 | F26: ='Master Form 2'!AC65 -> 0
A27: 5450 | B27: ='Master Form 2'!T118 -> 0 | C27: ='Master Form 2'!W118 -> 0 | D27: ='Master Form 2'!X118 -> 0 | E27: ='Master Form 2'!AB118 -> 0 | F27: ='Master Form 2'!AC118 -> 0
A28: 5456 | B28: ='Master Form 2'!T63+'Master Form 2'!T64 -> 0 | C28: ='Master Form 2'!W63+'Master Form 2'!W64 -> 0 | D28: ='Master Form 2'!X63+'Master Form 2'!X64 -> 0 | E28: ='Master Form 2'!AB63+'Master Form 2'!AB64 -> 0 | F28: ='Master Form 2'!AC63+'Master Form 2'!AC64 -> 0
A29: 5458 | B29: ='Master Form 2'!T205+'Master Form 2'!T206 -> 0 | C29: ='Master Form 2'!W205+'Master Form 2'!W206 -> 0 | D29: ='Master Form 2'!X205+'Master Form 2'!X206 -> 0 | E29: ='Master Form 2'!AB205+'Master Form 2'!AB206 -> 0 | F29: ='Master Form 2'!AC205+'Master Form 2'!AC206 -> 0
A30: 5459 | B30: ='Master Form 2'!T289 -> 0 | C30: ='Master Form 2'!W289 -> 0 | D30: ='Master Form 2'!X289 -> 0 | E30: ='Master Form 2'!AB289 -> 0 | F30: ='Master Form 2'!AC289 -> 0
A31: 5559 | B31: ='Master Form 2'!T135+'Master Form 2'!T136 -> 0 | C31: ='Master Form 2'!W135+'Master Form 2'!W136 -> 0 | D31: ='Master Form 2'!X135+'Master Form 2'!X136 -> 0 | E31: ='Master Form 2'!AB135+'Master Form 2'!AB136 -> 0 | F31: ='Master Form 2'!AC135+'Master Form 2'!AC136 -> 0
A32: 6168 | B32: ='Master Form 2'!T144+'Master Form 2'!T146+'Master Form 2'!T145 -> 0 | C32: ='Master Form 2'!W144+'Master Form 2'!W146+'Master Form 2'!W145 -> 0 | D32: ='Master Form 2'!X144+'Master Form 2'!X146+'Master Form 2'!X145 -> 0 | E32: ='Master Form 2'!AB144+'Master Form 2'!AB146+'Master Form 2'!AB145 -> 0 | F32: ='Master Form 2'!AC144+'Master Form 2'!AC146+'Master Form 2'!AC145 -> 0
A33: 6169 | B33: ='Master Form 2'!T147 -> 0 | C33: ='Master Form 2'!W147 -> 0 | D33: ='Master Form 2'!X147 -> 0 | E33: ='Master Form 2'!AB147 -> 0 | F33: ='Master Form 2'!AC147 -> 0
A34: 6356 | B34: ='Master Form 2'!T87 -> 0 | C34: ='Master Form 2'!W87 -> 0 | D34: ='Master Form 2'!X87 -> 0 | E34: ='Master Form 2'!AB87 -> 0 | F34: ='Master Form 2'!AC87 -> 0
A35: 6357 | B35: ='Master Form 2'!T92 -> 0 | C35: ='Master Form 2'!W92 -> 0 | D35: ='Master Form 2'!X92 -> 0 | E35: ='Master Form 2'!AB92 -> 0 | F35: ='Master Form 2'!AC92 -> 0
A36: 6358 | B36: ='Master Form 2'!T91 -> 0 | C36: ='Master Form 2'!W91 -> 0 | D36: ='Master Form 2'!X91 -> 0 | E36: ='Master Form 2'!AB91 -> 0 | F36: ='Master Form 2'!AC91 -> 0
A37: 6359 | B37: ='Master Form 2'!T90 -> 0 | C37: ='Master Form 2'!W90 -> 0 | D37: ='Master Form 2'!X90 -> 0 | E37: ='Master Form 2'!AB90 -> 0 | F37: ='Master Form 2'!AC90 -> 0
A38: 6360 | B38: ='Master Form 2'!T89 -> 0 | C38: ='Master Form 2'!W89 -> 0 | D38: ='Master Form 2'!X89 -> 0 | E38: ='Master Form 2'!AB89 -> 0 | F38: ='Master Form 2'!AC89 -> 0
A39: 6361 | B39: ='Master Form 2'!T11 -> 0 | C39: ='Master Form 2'!W11 -> 0 | D39: ='Master Form 2'!X11 -> 0 | E39: ='Master Form 2'!AB11 -> 0 | F39: ='Master Form 2'!AC11 -> 0
A40: 6362 | B40: ='Master Form 2'!T4+'Master Form 2'!T5+'Master Form 2'!T6 -> 0 | C40: ='Master Form 2'!W4+'Master Form 2'!W5+'Master Form 2'!W6 -> 0 | D40: ='Master Form 2'!X4+'Master Form 2'!X5+'Master Form 2'!X6 -> 0 | E40: ='Master Form 2'!AB4+'Master Form 2'!AB5+'Master Form 2'!AB6 -> 0 | F40: ='Master Form 2'!AC4+'Master Form 2'!AC5+'Master Form 2'!AC6 -> 0
A41: 6364 | B41: ='Master Form 2'!T157 -> 0 | C41: ='Master Form 2'!W157 -> 0 | D41: ='Master Form 2'!X157 -> 0 | E41: ='Master Form 2'!AB157 -> 0 | F41: ='Master Form 2'!AC157 -> 0
A42: 6365 | B42: ='Master Form 2'!T22 -> 0 | C42: ='Master Form 2'!W22 -> 0 | D42: ='Master Form 2'!X22 -> 0 | E42: ='Master Form 2'!AB22 -> 0 | F42: ='Master Form 2'!AC22 -> 0
A43: 6366 | B43: ='Master Form 2'!T115 -> 0 | C43: ='Master Form 2'!W115 -> 0 | D43: ='Master Form 2'!X115 -> 0 | E43: ='Master Form 2'!AB115 -> 0 | F43: ='Master Form 2'!AC115 -> 0
A44: 6368 | B44: ='Master Form 2'!T72 -> 0 | C44: ='Master Form 2'!W72 -> 0 | D44: ='Master Form 2'!X72 -> 0 | E44: ='Master Form 2'!AB72 -> 0 | F44: ='Master Form 2'!AC72 -> 0
A45: 6369 | B45: 0 | C45: 0 | D45: 0 | E45: 0 | F45: 0
A46: 6372 | B46: ='Master Form 2'!T59 -> 0 | C46: ='Master Form 2'!W59 -> 0 | D46: ='Master Form 2'!X59 -> 0 | E46: ='Master Form 2'!AB59 -> 0 | F46: ='Master Form 2'!AC59 -> 0
A47: 6387 | B47: ='Master Form 2'!T71 -> 0 | C47: ='Master Form 2'!W71 -> 0 | D47: ='Master Form 2'!X71 -> 0 | E47: ='Master Form 2'!AB71 -> 0 | F47: ='Master Form 2'!AC71 -> 0
A48: 6394 | B48: ='Master Form 2'!T209 -> 0 | C48: ='Master Form 2'!W209 -> 0 | D48: ='Master Form 2'!X209 -> 0 | E48: ='Master Form 2'!AB209 -> 0 | F48: ='Master Form 2'!AC209 -> 0
A49: 6396 | B49: ='Master Form 2'!T73+'Master Form 2'!T74+'Master Form 2'!T75+'Master Form 2'!T76+'Master Form 2'!T79+'Master Form 2'!T80+'Master Form 2'!T81 -> 0 | C49: ='Master Form 2'!W73+'Master Form 2'!W74+'Master Form 2'!W75+'Master Form 2'!W76+'Master Form 2'!W79+'Master Form 2'!W80+'Master Form 2'!W81 -> 0 | D49: ='Master Form 2'!X73+'Master Form 2'!X74+'Master Form 2'!X75+'Master Form 2'!X76+'Master Form 2'!X79+'Master Form 2'!X80+'Master Form 2'!X81 -> 0 | E49: ='Master Form 2'!AB73+'Master Form 2'!AB74+'Master Form 2'!AB75+'Master Form 2'!AB76+'Master Form 2'!AB79+'Master Form 2'!AB80+'Master Form 2'!AB81 -> 0 | F49: ='Master Form 2'!AC73+'Master Form 2'!AC74+'Master Form 2'!AC75+'Master Form 2'!AC76+'Master Form 2'!AC79+'Master Form 2'!AC80+'Master Form 2'!AC81 -> 0
A50: 6401 | B50: ='Master Form 2'!T124+'Master Form 2'!T235+'Master Form 2'!T236+'Master Form 2'!T237+'Master Form 2'!T238+'Master Form 2'!T239+'Master Form 2'!T240+'Master Form 2'!T241+'Master Form 2'!T242+'Master Form 2'!T243+'Master Form 2'!T244+'Master Form 2'!T245 -> 0 | C50: ='Master Form 2'!W124+'Master Form 2'!W235+'Master Form 2'!W236+'Master Form 2'!W237+'Master Form 2'!W238+'Master Form 2'!W239+'Master Form 2'!W240+'Master Form 2'!W241+'Master Form 2'!W242+'Master Form 2'!W243+'Master Form 2'!W244+'Master Form 2'!W245 -> 0 | D50: ='Master Form 2'!X124+'Master Form 2'!X235+'Master Form 2'!X236+'Master Form 2'!X237+'Master Form 2'!X238+'Master Form 2'!X239+'Master Form 2'!X240+'Master Form 2'!X241+'Master Form 2'!X242+'Master Form 2'!X243+'Master Form 2'!X244+'Master Form 2'!X245 -> 0 | E50: ='Master Form 2'!AB124+'Master Form 2'!AB235+'Master Form 2'!AB236+'Master Form 2'!AB237+'Master Form 2'!AB238+'Master Form 2'!AB239+'Master Form 2'!AB240+'Master Form 2'!AB241+'Master Form 2'!AB242+'Master Form 2'!AB243+'Master Form 2'!AB244+'Master Form 2'!AB245 -> 0 | F50: ='Master Form 2'!AC124+'Master Form 2'!AC235+'Master Form 2'!AC236+'Master Form 2'!AC237+'Master Form 2'!AC238+'Master Form 2'!AC239+'Master Form 2'!AC240+'Master Form 2'!AC241+'Master Form 2'!AC242+'Master Form 2'!AC243+'Master Form 2'!AC244+'Master Form 2'!AC245 -> 0
A51: 6408 | B51: ='Master Form 2'!T42+'Master Form 2'!T43+'Master Form 2'!T44+'Master Form 2'!T45+'Master Form 2'!T46+'Master Form 2'!T47+'Master Form 2'!T48+'Master Form 2'!T49+'Master Form 2'!T50+'Master Form 2'!T51 -> 0 | C51: ='Master Form 2'!W42+'Master Form 2'!W43+'Master Form 2'!W44+'Master Form 2'!W45+'Master Form 2'!W46+'Master Form 2'!W47+'Master Form 2'!W48+'Master Form 2'!W49+'Master Form 2'!W50+'Master Form 2'!W51 -> 0 | D51: ='Master Form 2'!X42+'Master Form 2'!X43+'Master Form 2'!X44+'Master Form 2'!X45+'Master Form 2'!X46+'Master Form 2'!X47+'Master Form 2'!X48+'Master Form 2'!X49+'Master Form 2'!X50+'Master Form 2'!X51 -> 0 | E51: ='Master Form 2'!AB42+'Master Form 2'!AB43+'Master Form 2'!AB44+'Master Form 2'!AB45+'Master Form 2'!AB46+'Master Form 2'!AB47+'Master Form 2'!AB48+'Master Form 2'!AB49+'Master Form 2'!AB50+'Master Form 2'!AB51 -> 0 | F51: ='Master Form 2'!AC42+'Master Form 2'!AC43+'Master Form 2'!AC44+'Master Form 2'!AC45+'Master Form 2'!AC46+'Master Form 2'!AC47+'Master Form 2'!AC48+'Master Form 2'!AC49+'Master Form 2'!AC50+'Master Form 2'!AC51 -> 0
A52: 6409 | B52: ='Master Form 2'!T24+'Master Form 2'!T25+'Master Form 2'!T26+'Master Form 2'!T27 -> 0 | C52: ='Master Form 2'!W24+'Master Form 2'!W25+'Master Form 2'!W26+'Master Form 2'!W27 -> 0 | D52: ='Master Form 2'!X24+'Master Form 2'!X25+'Master Form 2'!X26+'Master Form 2'!X27 -> 0 | E52: ='Master Form 2'!AB24+'Master Form 2'!AB25+'Master Form 2'!AB26+'Master Form 2'!AB27 -> 0 | F52: ='Master Form 2'!AC24+'Master Form 2'!AC25+'Master Form 2'!AC26+'Master Form 2'!AC27 -> 0
A53: 6410 | B53: ='Master Form 2'!T57+'Master Form 2'!T88 -> 0 | C53: ='Master Form 2'!W57+'Master Form 2'!W88 -> 0 | D53: ='Master Form 2'!X57+'Master Form 2'!X88 -> 0 | E53: ='Master Form 2'!AB57+'Master Form 2'!AB88 -> 0 | F53: ='Master Form 2'!AC57+'Master Form 2'!AC88 -> 0
A54: 6411 | B54: ='Master Form 2'!T52+'Master Form 2'!T53+'Master Form 2'!T54+'Master Form 2'!T55 -> 0 | C54: ='Master Form 2'!W52+'Master Form 2'!W53+'Master Form 2'!W54+'Master Form 2'!W55 -> 0 | D54: ='Master Form 2'!X52+'Master Form 2'!X53+'Master Form 2'!X54+'Master Form 2'!X55 -> 0 | E54: ='Master Form 2'!AB52+'Master Form 2'!AB53+'Master Form 2'!AB54+'Master Form 2'!AB55 -> 0 | F54: ='Master Form 2'!AC52+'Master Form 2'!AC53+'Master Form 2'!AC54+'Master Form 2'!AC55 -> 0
A55: 6412 | B55: ='Master Form 2'!T37+'Master Form 2'!T34 -> 0 | C55: ='Master Form 2'!W37+'Master Form 2'!W34 -> 0 | D55: ='Master Form 2'!X37+'Master Form 2'!X34 -> 0 | E55: ='Master Form 2'!AB37+'Master Form 2'!AB34 -> 0 | F55: ='Master Form 2'!AC37+'Master Form 2'!AC34 -> 0
A56: 6413 | B56: ='Master Form 2'!T16+'Master Form 2'!T17 -> 0 | C56: ='Master Form 2'!W16+'Master Form 2'!W17 -> 0 | D56: ='Master Form 2'!X16+'Master Form 2'!X17 -> 0 | E56: ='Master Form 2'!AB16+'Master Form 2'!AB17 -> 0 | F56: ='Master Form 2'!AC16+'Master Form 2'!AC17 -> 0
A57: 6415 | B57: ='Master Form 2'!T56+'Master Form 2'!T58 -> 0 | C57: ='Master Form 2'!W56+'Master Form 2'!W58 -> 0 | D57: ='Master Form 2'!X56+'Master Form 2'!X58 -> 0 | E57: ='Master Form 2'!AB56+'Master Form 2'!AB58 -> 0 | F57: ='Master Form 2'!AC56+'Master Form 2'!AC58 -> 0
A58: 6417 | B58: =SUM('Master Form 2'!T168:T203) -> 0 | C58: =SUM('Master Form 2'!W168:W203) -> 0 | D58: =SUM('Master Form 2'!X168:X203) -> 0 | E58: =SUM('Master Form 2'!AB168:AB203) -> 0 | F58: =SUM('Master Form 2'!AC168:AC203) -> 0
A59: 6418 | B59: =SUM('Master Form 2'!T163:T167) -> 0 | C59: =SUM('Master Form 2'!W163:W167) -> 0 | D59: =SUM('Master Form 2'!X163:X167) -> 0 | E59: =SUM('Master Form 2'!AB163:AB167) -> 0 | F59: =SUM('Master Form 2'!AC163:AC167) -> 0
A60: 6425 | B60: ='Master Form 2'!T264+'Master Form 2'!T263+'Master Form 2'!T265 -> 0 | C60: ='Master Form 2'!W264+'Master Form 2'!W263+'Master Form 2'!W265 -> 0 | D60: ='Master Form 2'!X264+'Master Form 2'!X263+'Master Form 2'!X265 -> 0 | E60: ='Master Form 2'!AB264+'Master Form 2'!AB263+'Master Form 2'!AB265 -> 0 | F60: ='Master Form 2'!AC264+'Master Form 2'!AC263+'Master Form 2'!AC265 -> 0
A61: 6704 | B61: ='Master Form 2'!T99 -> 0 | C61: ='Master Form 2'!W99 -> 0 | D61: ='Master Form 2'!X99 -> 0 | E61: ='Master Form 2'!AB99 -> 0 | F61: ='Master Form 2'!AC99 -> 0
A62: 6730 | B62: ='Master Form 2'!T39+'Master Form 2'!T40 -> 0 | C62: ='Master Form 2'!W39+'Master Form 2'!W40 -> 0 | D62: ='Master Form 2'!X39+'Master Form 2'!X40 -> 0 | E62: ='Master Form 2'!AB39+'Master Form 2'!AB40 -> 0 | F62: ='Master Form 2'!AC39+'Master Form 2'!AC40 -> 0
A63: 6868 | B63: ='Master Form 2'!T15 -> 0 | C63: ='Master Form 2'!W15 -> 0 | D63: ='Master Form 2'!X15 -> 0 | E63: ='Master Form 2'!AB15 -> 0 | F63: ='Master Form 2'!AC15 -> 0
A64: 6874 | B64: ='Master Form 2'!T148 -> 0 | C64: ='Master Form 2'!W148 -> 0 | D64: ='Master Form 2'!X148 -> 0 | E64: ='Master Form 2'!AB148 -> 0 | F64: ='Master Form 2'!AC148 -> 0
A65: 7094 | B65: ='Master Form 2'!T138+'Master Form 2'!T290 -> 0 | C65: ='Master Form 2'!W138+'Master Form 2'!W290 -> 0 | D65: ='Master Form 2'!X138+'Master Form 2'!X290 -> 0 | E65: ='Master Form 2'!AB138+'Master Form 2'!AB290 -> 0 | F65: ='Master Form 2'!AC138+'Master Form 2'!AC290 -> 0
A66: 7278 | B66: ='Master Form 2'!T28+'Master Form 2'!T30 -> 0 | C66: ='Master Form 2'!W28+'Master Form 2'!W30 -> 0 | D66: ='Master Form 2'!X28+'Master Form 2'!X30 -> 0 | E66: ='Master Form 2'!AB28+'Master Form 2'!AB30 -> 0 | F66: ='Master Form 2'!AC28+'Master Form 2'!AC30 -> 0
A67: 7279 | B67: ='Master Form 2'!T29 -> 0 | C67: ='Master Form 2'!W29 -> 0 | D67: ='Master Form 2'!X29 -> 0 | E67: ='Master Form 2'!AB29 -> 0 | F67: ='Master Form 2'!AC29 -> 0
A68: 7660 | B68: ='Master Form 2'!T85 -> 0 | C68: ='Master Form 2'!W85 -> 0 | D68: ='Master Form 2'!X85 -> 0 | E68: ='Master Form 2'!AB85 -> 0 | F68: ='Master Form 2'!AC85 -> 0
A69: 7710 | B69: ='Master Form 2'!T121 -> 0 | C69: ='Master Form 2'!W121 -> 0 | D69: ='Master Form 2'!X121 -> 0 | E69: ='Master Form 2'!AB121 -> 0 | F69: ='Master Form 2'!AC121 -> 0
A70: 7788 | B70: ='Master Form 2'!T114 -> 0 | C70: ='Master Form 2'!W114 -> 0 | D70: ='Master Form 2'!X114 -> 0 | E70: ='Master Form 2'!AB114 -> 0 | F70: ='Master Form 2'!AC114 -> 0
A71: 7794 | B71: ='Master Form 2'!T69+'Master Form 2'!T70 -> 0 | C71: ='Master Form 2'!W69+'Master Form 2'!W70 -> 0 | D71: ='Master Form 2'!X69+'Master Form 2'!X70 -> 0 | E71: ='Master Form 2'!AB69+'Master Form 2'!AB70 -> 0 | F71: ='Master Form 2'!AC69+'Master Form 2'!AC70 -> 0
A72: 7877 | B72: ='Master Form 2'!T214 -> 0 | C72: ='Master Form 2'!W214 -> 0 | D72: ='Master Form 2'!X214 -> 0 | E72: ='Master Form 2'!AB214 -> 0 | F72: ='Master Form 2'!AC214 -> 0
A73: 7878 | B73: ='Master Form 2'!T259 -> 0 | C73: ='Master Form 2'!W259 -> 0 | D73: ='Master Form 2'!X259 -> 0 | E73: ='Master Form 2'!AB259 -> 0 | F73: ='Master Form 2'!AC259 -> 0
A74: 7880 | B74: ='Master Form 2'!T204 -> 0 | C74: ='Master Form 2'!W204 -> 0 | D74: ='Master Form 2'!X204 -> 0 | E74: ='Master Form 2'!AB204 -> 0 | F74: ='Master Form 2'!AC204 -> 0
A75: 7903 | B75: ='Master Form 2'!T41 -> 0 | C75: ='Master Form 2'!W41 -> 0 | D75: ='Master Form 2'!X41 -> 0 | E75: ='Master Form 2'!AB41 -> 0 | F75: ='Master Form 2'!AC41 -> 0
A76: 7908 | B76: ='Master Form 2'!T226+'Master Form 2'!T224+'Master Form 2'!T225+'Master Form 2'!T227+'Master Form 2'!T228+'Master Form 2'!T230 -> 0 | C76: ='Master Form 2'!W226+'Master Form 2'!W224+'Master Form 2'!W225+'Master Form 2'!W227+'Master Form 2'!W228+'Master Form 2'!W230 -> 0 | D76: ='Master Form 2'!X226+'Master Form 2'!X224+'Master Form 2'!X225+'Master Form 2'!X227+'Master Form 2'!X228+'Master Form 2'!X230 -> 0 | E76: ='Master Form 2'!AB226+'Master Form 2'!AB224+'Master Form 2'!AB225+'Master Form 2'!AB227+'Master Form 2'!AB228+'Master Form 2'!AB230 -> 0 | F76: ='Master Form 2'!AC226+'Master Form 2'!AC224+'Master Form 2'!AC225+'Master Form 2'!AC227+'Master Form 2'!AC228+'Master Form 2'!AC230 -> 0
A77: 7917 | B77: ='Master Form 2'!T123 -> 0 | C77: ='Master Form 2'!W123 -> 0 | D77: ='Master Form 2'!X123 -> 0 | E77: ='Master Form 2'!AB123 -> 0 | F77: ='Master Form 2'!AC123 -> 0
A78: 7941 | B78: ='Master Form 2'!T160+'Master Form 2'!T216+'Master Form 2'!T217+'Master Form 2'!T218+'Master Form 2'!T219 -> 0 | C78: ='Master Form 2'!W160+'Master Form 2'!W216+'Master Form 2'!W217+'Master Form 2'!W218+'Master Form 2'!W219 -> 0 | D78: ='Master Form 2'!X160+'Master Form 2'!X216+'Master Form 2'!X217+'Master Form 2'!X218+'Master Form 2'!X219 -> 0 | E78: ='Master Form 2'!AB160+'Master Form 2'!AB216+'Master Form 2'!AB217+'Master Form 2'!AB218+'Master Form 2'!AB219 -> 0 | F78: ='Master Form 2'!AC160+'Master Form 2'!AC216+'Master Form 2'!AC217+'Master Form 2'!AC218+'Master Form 2'!AC219 -> 0
A79: 7949 | B79: ='Master Form 2'!T158+'Master Form 2'!T247+'Master Form 2'!T248+'Master Form 2'!T249+'Master Form 2'!T250+'Master Form 2'!T251+'Master Form 2'!T252+'Master Form 2'!T253+'Master Form 2'!T254+'Master Form 2'!T255+'Master Form 2'!T256+'Master Form 2'!T257 -> 0 | C79: ='Master Form 2'!W158+'Master Form 2'!W247+'Master Form 2'!W248+'Master Form 2'!W249+'Master Form 2'!W250+'Master Form 2'!W251+'Master Form 2'!W252+'Master Form 2'!W253+'Master Form 2'!W254+'Master Form 2'!W255+'Master Form 2'!W256+'Master Form 2'!W257 -> 0 | D79: ='Master Form 2'!X158+'Master Form 2'!X247+'Master Form 2'!X248+'Master Form 2'!X249+'Master Form 2'!X250+'Master Form 2'!X251+'Master Form 2'!X252+'Master Form 2'!X253+'Master Form 2'!X254+'Master Form 2'!X255+'Master Form 2'!X256+'Master Form 2'!X257 -> 0 | E79: ='Master Form 2'!AB158+'Master Form 2'!AB247+'Master Form 2'!AB248+'Master Form 2'!AB249+'Master Form 2'!AB250+'Master Form 2'!AB251+'Master Form 2'!AB252+'Master Form 2'!AB253+'Master Form 2'!AB254+'Master Form 2'!AB255+'Master Form 2'!AB256+'Master Form 2'!AB257 -> 0 | F79: ='Master Form 2'!AC158+'Master Form 2'!AC247+'Master Form 2'!AC248+'Master Form 2'!AC249+'Master Form 2'!AC250+'Master Form 2'!AC251+'Master Form 2'!AC252+'Master Form 2'!AC253+'Master Form 2'!AC254+'Master Form 2'!AC255+'Master Form 2'!AC256+'Master Form 2'!AC257 -> 0
A80: 7958 | B80: ='Master Form 2'!T12+'Master Form 2'!T14 -> 0 | C80: ='Master Form 2'!W12+'Master Form 2'!W14 -> 0 | D80: ='Master Form 2'!X12+'Master Form 2'!X14 -> 0 | E80: ='Master Form 2'!AB12+'Master Form 2'!AB14 -> 0 | F80: ='Master Form 2'!AC12+'Master Form 2'!AC14 -> 0
A81: 8127 | B81: ='Master Form 2'!T103 -> 0 | C81: ='Master Form 2'!W103 -> 0 | D81: ='Master Form 2'!X103 -> 0 | E81: ='Master Form 2'!AB103 -> 0 | F81: ='Master Form 2'!AC103 -> 0
A82: 8415 | B82: ='Master Form 2'!T113 -> 0 | C82: ='Master Form 2'!W113 -> 0 | D82: ='Master Form 2'!X113 -> 0 | E82: ='Master Form 2'!AB113 -> 0 | F82: ='Master Form 2'!AC113 -> 0
A83: 8417 | B83: ='Master Form 2'!T260 -> 0 | C83: ='Master Form 2'!W260 -> 0 | D83: ='Master Form 2'!X260 -> 0 | E83: ='Master Form 2'!AB260 -> 0 | F83: ='Master Form 2'!AC260 -> 0
A84: 8418 | B84: ='Master Form 2'!T267 -> 0 | C84: ='Master Form 2'!W267 -> 0 | D84: ='Master Form 2'!X267 -> 0 | E84: ='Master Form 2'!AB267 -> 0 | F84: ='Master Form 2'!AC267 -> 0
A85: 8426 | B85: ='Master Form 2'!T104+'Master Form 2'!T117 -> 0 | C85: ='Master Form 2'!W104+'Master Form 2'!W117 -> 0 | D85: ='Master Form 2'!X104+'Master Form 2'!X117 -> 0 | E85: ='Master Form 2'!AB104+'Master Form 2'!AB117 -> 0 | F85: ='Master Form 2'!AC104+'Master Form 2'!AC117 -> 0
A86: 8427 | B86: ='Master Form 2'!T131+'Master Form 2'!T132+'Master Form 2'!T133+'Master Form 2'!T134 -> 0 | C86: ='Master Form 2'!W131+'Master Form 2'!W132+'Master Form 2'!W133+'Master Form 2'!W134 -> 0 | D86: ='Master Form 2'!X131+'Master Form 2'!X132+'Master Form 2'!X133+'Master Form 2'!X134 -> 0 | E86: ='Master Form 2'!AB131+'Master Form 2'!AB132+'Master Form 2'!AB133+'Master Form 2'!AB134 -> 0 | F86: ='Master Form 2'!AC131+'Master Form 2'!AC132+'Master Form 2'!AC133+'Master Form 2'!AC134 -> 0
A87: 8780 | B87: ='Master Form 2'!T23 -> 0 | C87: ='Master Form 2'!W23 -> 0 | D87: ='Master Form 2'!X23 -> 0 | E87: ='Master Form 2'!AB23 -> 0 | F87: ='Master Form 2'!AC23 -> 0
A88: 10721 | B88: ='Master Form 2'!T162 -> 0 | C88: ='Master Form 2'!W162 -> 0 | D88: ='Master Form 2'!X162 -> 0 | E88: ='Master Form 2'!AB162 -> 0 | F88: ='Master Form 2'!AC162 -> 0
A89: 12450 | B89: ='Master Form 2'!T67 -> 0 | C89: ='Master Form 2'!W67 -> 0 | D89: ='Master Form 2'!X67 -> 0 | E89: ='Master Form 2'!AB67 -> 0 | F89: ='Master Form 2'!AC67 -> 0
A90: 12451 | B90: ='Master Form 2'!T68 -> 0 | C90: ='Master Form 2'!W68 -> 0 | D90: ='Master Form 2'!X68 -> 0 | E90: ='Master Form 2'!AB68 -> 0 | F90: ='Master Form 2'!AC68 -> 0
A91: 12452 | B91: ='Master Form 2'!T36 -> 0 | C91: ='Master Form 2'!W36 -> 0 | D91: ='Master Form 2'!X36 -> 0 | E91: ='Master Form 2'!AB36 -> 0 | F91: ='Master Form 2'!AC36 -> 0
A92: 13059 | B92: ='Master Form 2'!T220 -> 0 | C92: ='Master Form 2'!W220 -> 0 | D92: ='Master Form 2'!X220 -> 0 | E92: ='Master Form 2'!AB220 -> 0 | F92: ='Master Form 2'!AC220 -> 0
A93: 13740 | B93: ='Master Form 2'!T9 -> 0 | C93: ='Master Form 2'!W9 -> 0 | D93: ='Master Form 2'!X9 -> 0 | E93: ='Master Form 2'!AB9 -> 0 | F93: ='Master Form 2'!AC9 -> 0
A94: 14150 | B94: ='Master Form 2'!T10+'Master Form 2'!T119+'Master Form 2'!T140+'Master Form 2'!T141 -> 0 | C94: ='Master Form 2'!W10+'Master Form 2'!W119+'Master Form 2'!W140+'Master Form 2'!W141 -> 0 | D94: ='Master Form 2'!X10+'Master Form 2'!X119+'Master Form 2'!X140+'Master Form 2'!X141 -> 0 | E94: ='Master Form 2'!AB10+'Master Form 2'!AB119+'Master Form 2'!AB140+'Master Form 2'!AB141 -> 0 | F94: ='Master Form 2'!AC10+'Master Form 2'!AC119+'Master Form 2'!AC140+'Master Form 2'!AC141 -> 0
A95: 15162 | B95: ='Master Form 2'!T156 -> 0 | C95: ='Master Form 2'!W156 -> 0 | D95: ='Master Form 2'!X156 -> 0 | E95: ='Master Form 2'!AB156 -> 0 | F95: ='Master Form 2'!AC156 -> 0
A96: 54973 | B96: ='Master Form 2'!T122 -> 0 | C96: ='Master Form 2'!W122 -> 0 | D96: ='Master Form 2'!X122 -> 0 | E96: ='Master Form 2'!AB122 -> 0 | F96: ='Master Form 2'!AC122 -> 0
A97: 57068 | B97: ='Master Form 2'!T95 -> 0 | C97: ='Master Form 2'!W95 -> 0 | D97: ='Master Form 2'!X95 -> 0 | E97: ='Master Form 2'!AB95 -> 0 | F97: ='Master Form 2'!AC95 -> 0
A98: 57083 | B98: ='Master Form 2'!T35 -> 0 | C98: ='Master Form 2'!W35 -> 0 | D98: ='Master Form 2'!X35 -> 0 | E98: ='Master Form 2'!AB35 -> 0 | F98: ='Master Form 2'!AC35 -> 0
A99: 57451 | B99: ='Master Form 2'!T94 -> 0 | C99: ='Master Form 2'!W94 -> 0 | D99: ='Master Form 2'!X94 -> 0 | E99: ='Master Form 2'!AB94 -> 0 | F99: ='Master Form 2'!AC94 -> 0
A100: 57586 | B100: ='Master Form 2'!T93 -> 0 | C100: ='Master Form 2'!W93 -> 0 | D100: ='Master Form 2'!X93 -> 0 | E100: ='Master Form 2'!AB93 -> 0 | F100: ='Master Form 2'!AC93 -> 0
...

Sheet WGR
A1: Winter Ridge Energy LLC
A4: MMS | D4: Gross | E4: Gross | H4: Gross
D5: MCF | E5: MMBTU | G5: Settlement | H5: Settlement | I5: Gathering | J5: Processing | K5: Net Value | L5: Royalty
D6: WGR Stmt | E6: WGR Stmt | F6: Settlement % | G6: Value | H6: Value | I6: 0.4 | J6: 0.6 | K6: (Gross-Processing) | L6: 0.125 | M6: Total to Pay
B7: Sales | E7: 14.73 | I7: Gathering | J7: Processing | M7: 0.125
A9: Gas | B9: 048083471A | C9: Govt 11-1-S | D9: 0 | E9: 0 | F9: 0.5 | G9: 0 | H9: =+G9/F9 -> 0 | I9: =+G9*0.4 -> 0 | J9: =+G9*0.6 -> 0 | K9: =+H9-J9 -> 0 | L9: =+K9*$L$6 -> 0
A10: Product | G10: 0 | H10: =+G10/F9 -> 0 | I10: =+G10*0.4 -> 0 | J10: =+G10*0.6 -> 0 | K10: =+H10-J10 -> 0 | L10: =+K10*$L$6 -> 0 | M10: =+L11 -> 0
G11: =SUM(G9:G10) -> 0 | H11: =SUM(H9:H10) -> 0 | I11: =SUM(I9:I10) -> 0 | J11: =SUM(J9:J10) -> 0 | K11: =SUM(K9:K10) -> 0 | L11: =SUM(L9:L10) -> 0
A13: Gas | B13: 048065946B | C13: Govt 14-9 | D13: 0 | E13: 0 | F13: 0.5 | G13: 0 | H13: =+G13/F13 -> 0 | I13: =+G13*0.4 -> 0 | J13: =+G13*0.6 -> 0 | K13: =+H13-J13 -> 0 | L13: =+K13*$L$6 -> 0
A14: Product | G14: 0 | H14: =+G14/F13 -> 0 | I14: =+G14*0.4 -> 0 | J14: =+G14*0.6 -> 0 | K14: =+H14-J14 -> 0 | L14: =+K14*$L$6 -> 0 | M14: =+L15 -> 0
G15: =SUM(G13:G14) -> 0 | H15: =SUM(H13:H14) -> 0 | I15: =SUM(I13:I14) -> 0 | J15: =SUM(J13:J14) -> 0 | K15: =SUM(K13:K14) -> 0 | L15: =SUM(L13:L14) -> 0
A17: Gas | B17: 048083471A | C17: ELK Govt 7 | D17: 192.2 | E17: 314.78 | F17: 0.5 | G17: 100.82 | H17: =+G17/F17 -> 201.64 | I17: =+G17*0.4 -> 40.328 | J17: =+G17*0.6 -> 60.492 | K17: =+H17-J17 -> 141.148 | L17: =+K17*$L$6 -> 17.6435
A18: Product | G18: 187.23 | H18: =+G18/F17 -> 374.46 | I18: =+G18*0.4 -> 74.892 | J18: =+G18*0.6 -> 112.338 | K18: =+H18-J18 -> 262.122 | L18: =+K18*$L$6 -> 32.76525 | M18: =+L19 -> 50.40875
G19: =SUM(G17:G18) -> 288.05 | H19: =SUM(H17:H18) -> 576.1 | I19: =SUM(I17:I18) -> 115.22 | J19: =SUM(J17:J18) -> 172.83 | K19: =SUM(K17:K18) -> 403.27 | L19: =SUM(L17:L18) -> 50.40875
A21: Gas | B21: 048065946B | C21: FEDERAL 43-11 | D21: 391.14 | E21: 683.19 | F21: 0.5 | G21: 191.15 | H21: =+G21/F21 -> 382.3 | I21: =+G21*0.4 -> 76.46 | J21: =+G21*0.6 -> 114.69 | K21: =+H21-J21 -> 267.61 | L21: =+K21*$L$6 -> 33.45125
A22: Product | G22: 450.12 | H22: =+G22/F21 -> 900.24 | I22: =+G22*0.4 -> 180.048 | J22: =+G22*0.6 -> 270.072 | K22: =+H22-J22 -> 630.168 | L22: =+K22*$L$6 -> 78.771 | M22: =+L23 -> 112.22225
G23: =SUM(G21:G22) -> 641.27 | H23: =SUM(H21:H22) -> 1282.54 | I23: =SUM(I21:I22) -> 256.508 | J23: =SUM(J21:J22) -> 384.762 | K23: =SUM(K21:K22) -> 897.778 | L23: =SUM(L21:L22) -> 112.22225
A25: Gas | B25: 048065946B | C25: FEDERAL 44-11 | D25: 452.25 | E25: 715.48 | F25: 0.5 | G25: 246.13 | H25: =+G25/F25 -> 492.26 | I25: =+G25*0.4 -> 98.452 | J25: =+G25*0.6 -> 147.678 | K25: =+H25-J25 -> 344.582 | L25: =+K25*$L$6 -> 43.07275
A26: Product | G26: 397.08 | H26: =+G26/F25 -> 794.16 | I26: =+G26*0.4 -> 158.832 | J26: =+G26*0.6 -> 238.248 | K26: =+H26-J26 -> 555.912 | L26: =+K26*$L$6 -> 69.489 | M26: =+L27 -> 112.56175
G27: =SUM(G25:G26) -> 643.21 | H27: =SUM(H25:H26) -> 1286.42 | I27: =SUM(I25:I26) -> 257.284 | J27: =SUM(J25:J26) -> 385.926 | K27: =SUM(K25:K26) -> 900.494 | L27: =SUM(L25:L26) -> 112.56175
A29: Gas | B29: 048064732 | C29: ZERBST 44-34 | D29: 0 | E29: 0 | F29: 0.5 | G29: 0 | H29: =+G29/F29 -> 0 | I29: =+G29*0.4 -> 0 | J29: =+G29*0.6 -> 0 | K29: =+H29-J29 -> 0 | L29: =+K29*$L$6 -> 0
A30: Product | G30: 0 | H30: =+G30/F29 -> 0 | I30: =+G30*0.4 -> 0 | J30: =+G30*0.6 -> 0 | K30: =+H30-J30 -> 0 | L30: =+K30*$L$6 -> 0 | M30: =+L31 -> 0
G31: 0 | H31: =SUM(H29:H30) -> 0 | I31: =SUM(I29:I30) -> 0 | J31: =SUM(J29:J30) -> 0 | K31: =SUM(K29:K30) -> 0 | L31: =SUM(L29:L30) -> 0
A33: Gas | B33: 048046887B | C33: Govt 1-2 | D33: 196.24 | E33: 299.83 | F33: 0.5 | G33: 109.87 | H33: =+G33/F33 -> 219.74 | I33: =+G33*0.4 -> 43.948 | J33: =+G33*0.6 -> 65.922 | K33: =+H33-J33 -> 153.818 | L33: =+K33*$L$6 -> 19.22725
A34: Product | G34: 154.45 | H34: =+G34/F33 -> 308.9 | I34: =+G34*0.4 -> 61.78 | J34: =+G34*0.6 -> 92.67 | K34: =+H34-J34 -> 216.23 | L34: =+K34*$L$6 -> 27.02875 | M34: =+L35 -> 46.256
G35: =SUM(G33:G34) -> 264.32 | H35: =SUM(H33:H34) -> 528.64 | I35: =SUM(I33:I34) -> 105.728 | J35: =SUM(J33:J34) -> 158.592 | K35: =SUM(K33:K34) -> 370.048 | L35: =SUM(L33:L34) -> 46.256
L37: Total Pay | M37: =SUM(M10:M34) -> 321.44875
A43: ELK Govt 14-7 | B43: 048014837A
A44: ELK Govt 14-9 | B44: 048065946B
A45: FEDERAL 11-43 | B45: 048065946B
A46: FEDERAL 11-44 | B46: 048065946B
A47: Govt 11-1-S | B47: 048083471A
A48: ZERBST 44-34 | B48: 48064732
A49: Govt 2 | B49: 048046887B

Sheet WYOil
A1: Well/Lease | B1: Sales | C1: Value | D1: ONRR Lease | E1: Agreement | F1: Agrmt Prod % | G1: RLTY_Volume | H1: RLTY_Value
A2: MCEU | C2: ='Actual Sales'!F30 -> 0 | D2: 062038284A | E2: 891011622C | F2: 0.004574 | G2: =B2*F2 -> 0 | H2: =C2*F2 -> 0
A3: WYW109603X | D3: 0483044070 | E3: 891011622A | F3: 0.14242 | G3: =B2*F3 -> 0 | H3: =C2*F3 -> 0
D4: 0893157380 | E4: 891011622C | F4: 0.000769 | G4: =B2*F4 -> 0 | H4: =C2*F4 -> 0
D5: 0893217850 | E5: 891011622B | F5: 0.343975 | G5: =B2*F5 -> 0 | H5: =C2*F5 -> 0
D6: 0620388020 | E6: 891011622A | F6: 0.119305 | G6: =F6*B2 -> 0 | H6: =F6*C2 -> 0
D7: 048012563A | E7: 891011622A | F7: 0.010758 | G7: =F7*B2 -> 0 | H7: =F7*C2 -> 0
D8: 048019093A | E8: 891011622A | F8: 0.052023 | G8: =F8*B2 -> 0 | H8: =F8*C2 -> 0
D9: 0490218290 | E9: 891011622C | F9: 0.005341 | G9: =F9*B2 -> 0 | H9: =F9*C2 -> 0
D10: 0482407860 | E10: 891011622A | F10: 0.049485 | G10: =F10*B2 -> 0 | H10: =F10*C2 -> 0
A12: BNSU | C12: ='Actual Sales'!F50 -> 0 | D12: 0490383010
A13: Hayes Kyhl | C13: ='Actual Sales'!F10 -> 0 | D13: 0620438570
A14: Arman Fed B-1 | C14: ='Actual Sales'!F55 -> 0 | D14: 048037878A
A15: Capitol | C15: ='Actual Sales'!F28+'Actual Sales'!F29 -> 0 | D15: 0620388020
A16: Manx | C16: ='Actual Sales'!F23+'Actual Sales'!F24 -> 0
A17: Hanzol | C17: ='Actual Sales'!F21 -> 0
A18: TOTAL | B18: =SUM(B15:B17) -> 0 | C18: =SUM(C15:C17) -> 0
A20: Wight Govt 3 | C20: ='Actual Sales'!F19 -> 0 | D20: 0491170740
A21: Sprecher Skinner | C21: ='Actual Sales'!F38 -> 0 | D21: 0893090390 | E21: 8910087090 | F21: 0.74427 | G21: =B21*F21 -> 0 | H21: =C21*F21 -> 0
A22: WYW109750X | D22: 0893107460 | E22: 8910087090 | F22: 0.216429 | G22: =B21*F22 -> 0 | H22: =C21*F22 -> 0
D23: 0483142440 | E23: 8910087090 | F23: 0.039301 | G23: =B21*F23 -> 0 | H23: =C21*F23 -> 0
A24: Texaco 4, 6 & 9 | C24: ='Actual Sales'!F13+'Actual Sales'!F14+'Actual Sales'!F17 -> 0 | D24: 0620377750
A25: Ames Fed 32-1 | C25: ='Actual Sales'!F33 -> 0 | D25: 0490035040
A26: Zerbst Fed 23 | C26: ='Actual Sales'!F111 -> 0 | D26: 0490676550
A27: Zerbst Fed 42 | C27: ='Actual Sales'!F99 -> 0
A28: Zerbst Fed 43 | C28: ='Actual Sales'!F102 -> 0
A29: TOTAL | B29: =SUM(B26:B28) -> 0 | C29: =SUM(C26:C28) -> 0
A31: Wilner | C31: ='Actual Sales'!F12 -> 0 | D31: 048035705A
A32: Wolters | C32: ='Actual Sales'!F37 -> 0 | D32: 0481759330
A33: Zerbst Fed 21 | C33: ='Actual Sales'!F101 -> 0 | D33: 0490734150
A34: Zerbst Fed 44-34 | C34: ='Actual Sales'!F116 -> 0 | D34: 0491647320
A35: Gaskill Fed 13 | C35: ='Actual Sales'!F103 -> 0 | D35: 0490514990
A36: SCU | C36: ='Actual Sales'!J39 -> 0 | D36: 062039988C | E36: 891008664A | F36: 0.019096 | G36: =B36*F36 -> 0 | H36: =C36*F36 -> 0
A37: WYW109691X | D37: 0620404530 | E37: 891008664A | F37: 0.110138 | G37: =B36*F37 -> 0 | H37: =C36*F37 -> 0
D38: 062040453A | E38: 891008664A | F38: 0.014794 | G38: =B36*F38 -> 0 | H38: =C36*F38 -> 0
D39: 062040453C | E39: 891008664A | F39: 0.016565 | G39: =B36*F39 -> 0 | H39: =C36*F39 -> 0
D40: 062044737A | E40: 891008664A | F40: 0.078845 | G40: =B36*F40 -> 0 | H40: =C36*F40 -> 0
D41: 0480003350 | E41: 891008664A | F41: 0.004441 | G41: =B36*F41 -> 0 | H41: =C36*F41 -> 0
D42: 0480026430 | E42: 891008664A | F42: 0.034578 | G42: =B36*F42 -> 0 | H42: =C36*F42 -> 0
D43: 048002649A | E43: 891008664A | F43: 0.13731 | G43: =B36*F43 -> 0 | H43: =C36*F43 -> 0
D44: 0480043050 | E44: 891008664A | F44: 0.044348 | G44: =B36*F44 -> 0 | H44: =C36*F44 -> 0
D45: 0480124510 | E45: 891008664A | F45: 0.063981 | G45: =B36*F45 -> 0 | H45: =C36*F45 -> 0
A47: SCSU | C47: ='Actual Sales'!J40 -> 0 | D47: 048032156A | E47: 891008671A | F47: 0.508639 | G47: =B47*F47 -> 0 | H47: =C47*F47 -> 0
A48: WYW109692X | D48: 0480004780 | E48: 891008671A | F48: 0.146805 | G48: =B47*F48 -> 0 | H48: =C47*F48 -> 0
D49: 0480371250 | E49: 891008671A | F49: 0.265137 | G49: =B47*F49 -> 0 | H49: =C47*F49 -> 0
D50: 0483142420 | E50: 891008671A | F50: 0.0278 | G50: =B47*F50 -> 0 | H50: =C47*F50 -> 0
D51: 0483142430 | E51: 891008671A | F51: 0.017268 | G51: =B47*F51 -> 0 | H51: =C47*F51 -> 0
D52: 048060432A | E52: 891008671A | F52: 0.031647 | G52: =B47*F52 -> 0 | H52: =C47*F52 -> 0
D53: 0482059950 | E53: 891008671A | F53: 0.002704 | G53: =B47*F53 -> 0 | H53: =C47*F53 -> 0
A55: TNSU | C55: ='Actual Sales'!F36 -> 0 | D55: 048014837A | E55: 84685U9250 | F55: 0.04712 | G55: =B55*F55 -> 0 | H55: =C55*F55 -> 0
A56: WYW109733X | D56: 048014837A | E56: 84685U9250 | F56: 0.105313 | G56: =B55*F56 -> 0 | H56: =C55*F56 -> 0
D57: 048014837F | E57: 84685U9250 | F57: 0.31496 | G57: =B55*F57 -> 0 | H57: =C55*F57 -> 0
D58: 0490731370 | E58: 84685U9250 | F58: 0.004832 | G58: =B55*F58 -> 0 | H58: =C55*F58 -> 0
A60: Iles Dome | B60: 2424.98 | C60: ='Actual Sales'!F151 -> 92561.48 | D60: 065033622A | E60: 8920004290 | F60: 0.820571 | G60: =B60*F60 -> 1989.8683 | H60: =C60*F60 -> 75953.266
A61: COC047637A | D61: 065033634A | E61: 8920004290 | F61: 0.123229 | G61: =B60*F61 -> 298.82786 | H61: =C60*F61 -> 11406.259
D62: 0650427750 | E62: 8920004290 | F62: 0.022873 | G62: =B60*F62 -> 55.466568 | H62: =C60*F62 -> 2117.1587
A63: Zim Fed #5-11 | C63: ='Actual Sales'!F156 -> 0 | D63: 0491631880
A65: NSCU | C65: ='Actual Sales'!F2+'Actual Sales'!F3+'Actual Sales'!F4+'Actual Sales'!F5+'Actual Sales'!F6+'Actual Sales'!F7+'Actual Sales'!F8+'Actual Sales'!F9+'Actual Sales'!F43+'Actual Sales'!F44+'Actual Sales'!F45+'Actual Sales'!F121+'Actual Sales'!F122+'Actual Sales'!F123+'Actual Sales'!F152+'Actual Sales'!F157 -> 0 | D65: 0491827460 | E65: W 184179X | F65: 0.00629 | G65: =B65*F65 -> 0 | H65: =C65*F65 -> 0
A66: WYW184179X | D66: 062042450A | E66: W 184179X | F66: 0.06786 | G66: =B65*F66 -> 0 | H66: =C65*F66 -> 0
D67: 0491840050 | E67: W 184179X | F67: 0.00204 | G67: =B65*F67 -> 0 | H67: =C65*F67 -> 0
A68: Wolf Draw Unit | C68: ='Actual Sales'!F90 -> 0 | D68: 0491117850 | E68: W 115093X | F68: 0.922563 | G68: =B68*F68 -> 0 | H68: =C68*F68 -> 0 | I68: Exploration Agreement
A69: WYW115093X | D69: 049027042A | E69: W 115093X | F69: 0.0150873 | G69: =B68*F69 -> 0 | H69: =C68*F69 -> 0
D70: 0491077270 | E70: W 115093X | F70: 0.0302661 | G70: =B68*F70 -> 0 | H70: =C68*F70 -> 0
D71: 0491082260 | E71: W 115093X | F71: 0.0115384 | G71: =B68*F71 -> 0 | H71: =C68*F71 -> 0
D72: 0491117290 | E72: W 115093X | F72: 0.0205451 | G72: =B68*F72 -> 0 | H72: =C68*F72 -> 0
E73: W 115093X
A74: Oxford 1-14 | C74: ='Actual Sales'!F91 -> 0 | D74: 0490678770
A75: Rodriguez | C75: ='Actual Sales'!F89 -> 0 | D75: 0490550500
A76: Fed 12-1 & 12-2 | C76: ='Actual Sales'!F86 -> 0 | D76: 0483142750
A77: Ogle | C77: ='Actual Sales'!F85 -> 0 | D77: 0482087290
A78: Ash Unit | C78: ='Actual Sales'!F81 -> 0 | D78: 0490592280 | E78: W 125237X | F78: 0.421529 | G78: =B78*F78 -> 0 | H78: =C78*F78 -> 0
A79: WYW125237X | D79: 0490989750 | E79: W 125237X | F79: 0.496227 | G79: =B78*F79 -> 0 | H79: =C78*F79 -> 0
D80: 0491045070 | E80: W 125237X | F80: 0.082244 | G80: =B78*F80 -> 0 | H80: =C78*F80 -> 0
A81: Tex Gov 1 | C81: ='Actual Sales'!F80 -> 0 | D81: 0491182600
A82: North Breaks | C82: ='Actual Sales'!F79 -> 0 | D82: 0490446070 | E82: W 119637X
A83: WYW119637X
A84: Fed 35-1 | C84: ='Actual Sales'!F77 -> 0 | D84: 0491219650
A85: Ammo | C85: ='Actual Sales'!F88 -> 0 | D85: 0491285180 | E85: W 143300 | F85: 0.502946 | G85: =B85*F85 -> 0 | H85: =C85*F85 -> 0
A86: WYW143300 | D86: 0491401230 | E86: W 143300 | F86: 0.497054 | G86: =B85*F86 -> 0 | H86: =C85*F86 -> 0
A88: Bradley 3-1 | C88: ='Actual Sales'!F39 -> 0 | D88: 048001020D
A89: Govt 14-9 & | C89: ='Actual Sales'!F66 -> 0 | D89: 048065946B
A90: Fed 11-43, 11-44 | C90: ='Actual Sales'!F58 -> 0
A91: TOTAL | B91: =SUM(B89:B90) -> 0 | C91: =SUM(C89:C90) -> 0
A92: Govt 8 | D92: 188014652C
A93: Govt 11-1-S | C93: ='Actual Sales'!F61 -> 0 | D93: 048083471A
A94: ELK Govt #14-7 | C94: ='Actual Sales'!F65 -> 0
A95: TOTAL | B95: =SUM(B93:B94) -> 0 | C95: =SUM(C93:C94) -> 0
A96: Govt 9 | C96: ='Actual Sales'!F68 -> 0 | D96: 048046887B
A97: Govt 10 | C97: ='Actual Sales'!F69 -> 0 | D97: 048046887C
A98: Elk Govt 14-4 | C98: ='Actual Sales'!F160 -> 0 | D98: 048065946B
A99: Govt 2 | C99: ='Actual Sales'!F67 -> 0 | D99: 048046887B

Sheet MMS
A1: 1 | B1: 32206 | C1: ROY | D1: =J2 -> 102015
A2: 2 | B2: 1 | C2: 1 | E2: 065033622A | F2: 8920004290 | H2: 01 | I2: ARMS | J2: 102015 | K2: 01 | M2: =WYOil!G60 -> 1989.8683 | O2: =WYOil!H60 -> 75953.266 | P2: =O2*0.05 -> 3797.6633 | S2: =P2 -> 3797.6633 | T2: 3 | U2: Iles Dome
A3: 2 | B3: 1 | C3: 2 | E3: 065033634A | F3: 8920004290 | H3: 01 | I3: ARMS | J3: =J2 -> 102015 | K3: 01 | M3: =WYOil!G61 -> 298.82786 | O3: =WYOil!H61 -> 11406.259 | P3: =O3*0.05 -> 570.31293 | S3: =P3 -> 570.31293 | T3: 3 | U3: Iles Dome
A4: 2 | B4: 1 | C4: 3 | E4: 0650427750 | F4: 8920004290 | H4: 01 | I4: ARMS | J4: =J2 -> 102015 | K4: 01 | M4: =WYOil!G62 -> 55.466568 | O4: =WYOil!H62 -> 2117.1587 | P4: =O4*0.125 -> 264.64484 | S4: =P4 -> 264.64484 | T4: 3 | U4: ILES DOME #25/#26
A5: 2 | B5: 1 | C5: 4 | E5: 048083471A | H5: 04 | I5: APOP | J5: =J2 -> 102015 | K5: 01 | M5: =WGR!D9 -> 0 | N5: =WGR!E9 -> 0 | O5: =WGR!K11 -> 0 | P5: =WGR!M10 -> 0 | S5: =P5 -> 0 | T5: 3 | U5: Govt 11-1-S
A6: 2 | B6: 1 | C6: 5 | E6: 048065946B | H6: 04 | I6: APOP | J6: =J2 -> 102015 | K6: 01 | M6: =WGR!D13+WGR!D21+WGR!D25 -> 843.39 | N6: =WGR!E13+WGR!E21+WGR!E25 -> 1398.67 | O6: =WGR!K15+WGR!K23+WGR!K27 -> 1798.272 | P6: =+WGR!M14+WGR!M22+WGR!M26 -> 224.784 | S6: =P6 -> 224.784 | T6: 3 | U6: ELK 14-9, Fed 11-43 & 11-44
A7: 2 | B7: 1 | C7: 6 | E7: 048014837A | H7: 04 | I7: APOP | J7: =J2 -> 102015 | K7: 01 | M7: =WGR!D17 -> 192.2 | N7: =WGR!E17 -> 314.78 | O7: =WGR!K19 -> 403.27 | P7: =WGR!M18 -> 50.40875 | S7: =P7 -> 50.40875 | T7: 3 | U7: ELK Govt 14-7
A8: 2 | B8: 1 | C8: 7 | E8: 048046887B | H8: 04 | I8: APOP | J8: =J2 -> 102015 | K8: 01 | M8: =WGR!D33 -> 196.24 | N8: =WGR!E33 -> 299.83 | O8: =WGR!K35 -> 370.048 | P8: =WGR!M34 -> 46.256 | S8: =P8 -> 46.256 | T8: 3 | U8: Govt 2
A9: 2 | B9: 1 | C9: 8 | E9: 048064732 | H9: 04 | I9: APOP | J9: =J2 -> 102015 | K9: 01 | M9: =WGR!D29 -> 0 | N9: =WGR!E29 -> 0 | O9: =WGR!K31 -> 0 | P9: =WGR!M30 -> 0 | S9: =P9 -> 0 | T9: 3
A10: 2 | B10: 1 | C10: 9 | E10: 062038284A | F10: 891011622C | H10: 01 | I10: ARMS | J10: =J2 -> 102015 | K10: 01 | M10: =WYOil!G2 -> 0 | O10: =WYOil!H2 -> 0 | P10: =O10*0.125 -> 0 | S10: =P10 -> 0 | T10: 3 | U10: MCEU
A11: 2 | B11: 1 | C11: 10 | E11: 0483044070 | F11: 891011622A | H11: 01 | I11: ARMS | J11: =J2 -> 102015 | K11: 01 | M11: =WYOil!G3 -> 0 | O11: =WYOil!H3 -> 0 | P11: =O11*0.125 -> 0 | S11: =P11 -> 0 | T11: 3 | U11: MCEU
A12: 2 | B12: 1 | C12: 11 | E12: 0893157380 | F12: 891011622C | H12: 01 | I12: ARMS | J12: =J2 -> 102015 | K12: 01 | M12: =WYOil!G4 -> 0 | O12: =WYOil!H4 -> 0 | P12: =O12*0.125 -> 0 | S12: =P12 -> 0 | T12: 3 | U12: MCEU
A13: 2 | B13: 1 | C13: 12 | E13: 0893217850 | F13: 891011622B | H13: 01 | I13: ARMS | J13: =J2 -> 102015 | K13: 01 | M13: =WYOil!G5 -> 0 | O13: =WYOil!H5 -> 0 | P13: =O13*0.125 -> 0 | S13: =P13 -> 0 | T13: 3 | U13: MCEU
A14: 2 | B14: 1 | C14: 13 | E14: 0620388020 | F14: 891011622A | H14: 01 | I14: ARMS | J14: =J2 -> 102015 | K14: 01 | M14: =WYOil!G6 -> 0 | O14: =WYOil!H6 -> 0 | P14: =O14*0.125 -> 0 | S14: =P14 -> 0 | T14: 3 | U14: MCEU
A15: 2 | B15: 1 | C15: 14 | E15: 048012563A | F15: 891011622A | H15: 01 | I15: ARMS | J15: =J2 -> 102015 | K15: 01 | M15: =WYOil!G7 -> 0 | O15: =WYOil!H7 -> 0 | P15: =O15*0.125 -> 0 | S15: =P15 -> 0 | T15: 3 | U15: MCEU
A16: 2 | B16: 1 | C16: 15 | E16: 048019093A | F16: 891011622A | H16: 01 | I16: ARMS | J16: =J2 -> 102015 | K16: 01 | M16: =WYOil!G8 -> 0 | O16: =WYOil!H8 -> 0 | P16: =O16*0.125 -> 0 | S16: =P16 -> 0 | T16: 3 | U16: MCEU
A17: 2 | B17: 1 | C17: 16 | E17: 0490218290 | F17: 891011622C | H17: 01 | I17: ARMS | J17: =J2 -> 102015 | K17: 01 | M17: =WYOil!G9 -> 0 | O17: =WYOil!H9 -> 0 | P17: =O17*0.125 -> 0 | S17: =P17 -> 0 | T17: 3 | U17: MCEU
A18: 2 | B18: 1 | C18: 17 | E18: 0482407860 | F18: 891011622A | H18: 01 | I18: ARMS | J18: =J2 -> 102015 | K18: 01 | M18: =WYOil!G10 -> 0 | O18: =WYOil!H10 -> 0 | P18: =O18*0.125 -> 0 | S18: =P18 -> 0 | T18: 3 | U18: MCEU
A19: 2 | B19: 1 | C19: 18 | E19: 0490383010 | H19: 01 | I19: ARMS | J19: =J2 -> 102015 | K19: 01 | M19: =WYOil!B12 -> 0 | O19: =WYOil!C12 -> 0 | P19: =O19*0.125 -> 0 | S19: =P19 -> 0 | T19: 3 | U19: BNSU
A20: 2 | B20: 1 | C20: 19 | E20: 0620438570 | H20: 01 | I20: ARMS | J20: =J2 -> 102015 | K20: 01 | M20: =WYOil!B13 -> 0 | O20: =WYOil!C13 -> 0 | P20: =O20*0.125 -> 0 | S20: =P20 -> 0 | T20: 3 | U20: Hayes Kyhl
A21: 2 | B21: 1 | C21: 20 | E21: 048037878A | H21: 01 | I21: ARMS | J21: =J2 -> 102015 | K21: 01 | M21: =WYOil!B14 -> 0 | O21: =WYOil!C14 -> 0 | P21: =O21*0.125 -> 0 | S21: =P21 -> 0 | T21: 3 | U21: Arman Fed B-1
A22: 2 | B22: 1 | C22: 21 | E22: 0620388020 | H22: 01 | I22: ARMS | J22: =J2 -> 102015 | K22: 01 | M22: =WYOil!B18 -> 0 | O22: =WYOil!C18 -> 0 | P22: =O22*0.125 -> 0 | S22: =P22 -> 0 | T22: 3 | U22: Capitol, Manx, Hanzol
A23: 2 | B23: 1 | C23: 22 | E23: 0491170740 | H23: 01 | I23: ARMS | J23: =J2 -> 102015 | K23: 01 | M23: =WYOil!B20 -> 0 | O23: =WYOil!C20 -> 0 | P23: =O23*0.125 -> 0 | S23: =P23 -> 0 | T23: 3 | U23: Wight Govt 3
A24: 2 | B24: 1 | C24: 23 | E24: 0893090390 | F24: 8910087090 | H24: 01 | I24: ARMS | J24: =J2 -> 102015 | K24: 01 | M24: =WYOil!G21 -> 0 | O24: =WYOil!H21 -> 0 | P24: =O24*0.125 -> 0 | S24: =P24 -> 0 | T24: 3 | U24: Sprecher Skinner
A25: 2 | B25: 1 | C25: 24 | E25: 0893107460 | F25: 8910087090 | H25: 01 | I25: ARMS | J25: =J2 -> 102015 | K25: 01 | M25: =WYOil!G22 -> 0 | O25: =WYOil!H22 -> 0 | P25: =O25*0.125 -> 0 | S25: =P25 -> 0 | T25: 3 | U25: Sprecher Skinner
A26: 2 | B26: 1 | C26: 25 | E26: 0483142440 | F26: 8910087090 | H26: 01 | I26: ARMS | J26: =J2 -> 102015 | K26: 01 | M26: =WYOil!G23 -> 0 | O26: =WYOil!H23 -> 0 | P26: =O26*0.125 -> 0 | S26: =P26 -> 0 | T26: 3 | U26: Sprecher Skinner
A27: 2 | B27: 1 | C27: 26 | E27: 0620377750 | H27: 01 | I27: ARMS | J27: =J2 -> 102015 | K27: 01 | M27: =WYOil!B24 -> 0 | O27: =WYOil!C24 -> 0 | P27: =O27*0.125 -> 0 | S27: =P27 -> 0 | T27: 3 | U27: Texaco 4, 6 & 9
A28: 2 | B28: 1 | C28: 27 | E28: 0490035040 | H28: 01 | I28: ARMS | J28: =J2 -> 102015 | K28: 01 | M28: =WYOil!B25 -> 0 | O28: =WYOil!C25 -> 0 | P28: =O28*0.125 -> 0 | S28: =P28 -> 0 | T28: 3 | U28: Ames Fed 32-1
A29: 2 | B29: 1 | C29: 28 | E29: 0490676550 | H29: 01 | I29: ARMS | J29: =J2 -> 102015 | K29: 01 | M29: =WYOil!B29 -> 0 | O29: =WYOil!C29 -> 0 | P29: =O29*0.125 -> 0 | S29: =P29 -> 0 | T29: 3 | U29: Zerbst Fed 23,42 & 43
A30: 2 | B30: 1 | C30: 29 | E30: 048035705A | H30: 01 | I30: ARMS | J30: =J2 -> 102015 | K30: 01 | M30: =WYOil!B31 -> 0 | O30: =WYOil!C31 -> 0 | P30: =O30*0.125 -> 0 | S30: =P30 -> 0 | T30: 3 | U30: Wilner
A31: 2 | B31: 1 | C31: 30 | E31: 0481759330 | H31: 01 | I31: ARMS | J31: =J2 -> 102015 | K31: 01 | M31: =WYOil!B32 -> 0 | O31: =WYOil!C32 -> 0 | P31: =O31*0.125 -> 0 | S31: =P31 -> 0 | T31: 3 | U31: Wolters
A32: 2 | B32: 1 | C32: 31 | E32: 0490734150 | H32: 01 | I32: ARMS | J32: =J2 -> 102015 | K32: 01 | M32: =WYOil!B33 -> 0 | O32: =WYOil!C33 -> 0 | P32: =O32*0.125 -> 0 | S32: =P32 -> 0 | T32: 3 | U32: Zerbst Fed 21
A33: 2 | B33: 1 | C33: 32 | E33: 0491647320 | H33: 01 | I33: ARMS | J33: =J2 -> 102015 | K33: 01 | M33: =WYOil!B34 -> 0 | O33: =WYOil!C34 -> 0 | P33: =O33*0.125 -> 0 | S33: =P33 -> 0 | T33: 3 | U33: Zerbst Fed 44-34
A34: 2 | B34: 1 | C34: 33 | E34: 0490514990 | H34: 01 | I34: ARMS | J34: =J2 -> 102015 | K34: 01 | M34: =WYOil!B35 -> 0 | O34: =WYOil!C35 -> 0 | P34: =O34*0.125 -> 0 | S34: =P34 -> 0 | T34: 3 | U34: Gaskill Fed 13
A35: 2 | B35: 1 | C35: 34 | E35: 062039988C | F35: 891008664A | H35: 01 | I35: ARMS | J35: =J2 -> 102015 | K35: 01 | M35: =WYOil!G36 -> 0 | O35: =WYOil!H36 -> 0 | P35: =O35*0.125 -> 0 | S35: =P35 -> 0 | T35: 3 | U35: SCU
A36: 2 | B36: 1 | C36: 35 | E36: 0620404530 | F36: 891008664A | H36: 01 | I36: ARMS | J36: =J2 -> 102015 | K36: 01 | M36: =WYOil!G37 -> 0 | O36: =WYOil!H37 -> 0 | P36: =O36*0.125 -> 0 | S36: =P36 -> 0 | T36: 3 | U36: SCU
A37: 2 | B37: 1 | C37: 36 | E37: 062040453A | F37: 891008664A | H37: 01 | I37: ARMS | J37: =J2 -> 102015 | K37: 01 | M37: =WYOil!G38 -> 0 | O37: =WYOil!H38 -> 0 | P37: =O37*0.125 -> 0 | S37: =P37 -> 0 | T37: 3 | U37: SCU
A38: 2 | B38: 1 | C38: 37 | E38: 062040453C | F38: 891008664A | H38: 01 | I38: ARMS | J38: =J2 -> 102015 | K38: 01 | M38: =WYOil!G39 -> 0 | O38: =WYOil!H39 -> 0 | P38: =O38*0.125 -> 0 | S38: =P38 -> 0 | T38: 3 | U38: SCU
A39: 2 | B39: 1 | C39: 38 | E39: 062044737A | F39: 891008664A | H39: 01 | I39: ARMS | J39: =J2 -> 102015 | K39: 01 | M39: =WYOil!G40 -> 0 | O39: =WYOil!H40 -> 0 | P39: =O39*0.125 -> 0 | S39: =P39 -> 0 | T39: 3 | U39: SCU
A40: 2 | B40: 1 | C40: 39 | E40: 0480003350 | F40: 891008664A | H40: 01 | I40: ARMS | J40: =J2 -> 102015 | K40: 01 | M40: =WYOil!G41 -> 0 | O40: =WYOil!H41 -> 0 | P40: =O40*0.125 -> 0 | S40: =P40 -> 0 | T40: 3 | U40: SCU
A41: 2 | B41: 1 | C41: 40 | E41: 0480026430 | F41: 891008664A | H41: 01 | I41: ARMS | J41: =J2 -> 102015 | K41: 01 | M41: =WYOil!G42 -> 0 | O41: =WYOil!H42 -> 0 | P41: =O41*0.125 -> 0 | S41: =P41 -> 0 | T41: 3 | U41: SCU
A42: 2 | B42: 1 | C42: 41 | E42: 048002649A | F42: 891008664A | H42: 01 | I42: ARMS | J42: =J2 -> 102015 | K42: 01 | M42: =WYOil!G43 -> 0 | O42: =WYOil!H43 -> 0 | P42: =O42*0.125 -> 0 | S42: =P42 -> 0 | T42: 3 | U42: SCU
A43: 2 | B43: 1 | C43: 42 | E43: 0480043050 | F43: 891008664A | H43: 01 | I43: ARMS | J43: =J2 -> 102015 | K43: 01 | M43: =WYOil!G44 -> 0 | O43: =WYOil!H44 -> 0 | P43: =O43*0.125 -> 0 | S43: =P43 -> 0 | T43: 3 | U43: SCU
A44: 2 | B44: 1 | C44: 43 | E44: 0480124510 | F44: 891008664A | H44: 01 | I44: ARMS | J44: =J2 -> 102015 | K44: 01 | M44: =WYOil!G45 -> 0 | O44: =WYOil!H45 -> 0 | P44: =O44*0.125 -> 0 | S44: =P44 -> 0 | T44: 3 | U44: SCU
A45: 2 | B45: 1 | C45: 44 | E45: 048032156A | F45: 891008671A | H45: 01 | I45: ARMS | J45: =J2 -> 102015 | K45: 01 | M45: =WYOil!G47 -> 0 | O45: =WYOil!H47 -> 0 | P45: =O45*0.125 -> 0 | S45: =P45 -> 0 | T45: 3 | U45: SCSU
A46: 2 | B46: 1 | C46: 45 | E46: 0480004780 | F46: 891008671A | H46: 01 | I46: ARMS | J46: =J2 -> 102015 | K46: 01 | M46: =WYOil!G48 -> 0 | O46: =WYOil!H48 -> 0 | P46: =O46*0.125 -> 0 | S46: =P46 -> 0 | T46: 3 | U46: SCSU
A47: 2 | B47: 1 | C47: 46 | E47: 0480371250 | F47: 891008671A | H47: 01 | I47: ARMS | J47: =J2 -> 102015 | K47: 01 | M47: =WYOil!G49 -> 0 | O47: =WYOil!H49 -> 0 | P47: =O47*0.125 -> 0 | S47: =P47 -> 0 | T47: 3 | U47: SCSU
A48: 2 | B48: 1 | C48: 47 | E48: 0483142420 | F48: 891008671A | H48: 01 | I48: ARMS | J48: =J2 -> 102015 | K48: 01 | M48: =WYOil!G50 -> 0 | O48: =WYOil!H50 -> 0 | P48: =O48*0.125 -> 0 | S48: =P48 -> 0 | T48: 3 | U48: SCSU
A49: 2 | B49: 1 | C49: 48 | E49: 0483142430 | F49: 891008671A | H49: 01 | I49: ARMS | J49: =J2 -> 102015 | K49: 01 | M49: =WYOil!G51 -> 0 | O49: =WYOil!H51 -> 0 | P49: =O49*0.125 -> 0 | S49: =P49 -> 0 | T49: 3 | U49: SCSU
A50: 2 | B50: 1 | C50: 49 | E50: 048060432A | F50: 891008671A | H50: 01 | I50: ARMS | J50: =J2 -> 102015 | K50: 01 | M50: =WYOil!G52 -> 0 | O50: =WYOil!H52 -> 0 | P50: =O50*0.125 -> 0 | S50: =P50 -> 0 | T50: 3 | U50: SCSU
A51: 2 | B51: 1 | C51: 50 | E51: 0482059950 | F51: 891008671A | H51: 01 | I51: ARMS | J51: =J2 -> 102015 | K51: 01 | M51: =WYOil!G53 -> 0 | O51: =WYOil!H53 -> 0 | P51: =O51*0.125 -> 0 | S51: =P51 -> 0 | T51: 3 | U51: SCSU
A52: 2 | B52: 1 | C52: 51 | E52: 048014837A | F52: 84685U9250 | H52: 01 | I52: ARMS | J52: =J2 -> 102015 | K52: 01 | M52: =WYOil!G55+WYOil!G56 -> 0 | O52: =WYOil!H55+WYOil!H56 -> 0 | P52: =O52*0.125 -> 0 | S52: =P52 -> 0 | T52: 3 | U52: TNSU
A53: 2 | B53: 1 | C53: 52 | E53: 048014837F | F53: 84685U9250 | H53: 01 | I53: ARMS | J53: =J2 -> 102015 | K53: 01 | M53: =WYOil!G57 -> 0 | O53: =WYOil!H57 -> 0 | P53: =O53*0.125 -> 0 | S53: =P53 -> 0 | T53: 3 | U53: TNSU
A54: 2 | B54: 1 | C54: 53 | E54: 0490731370 | F54: 84685U9250 | H54: 01 | I54: ARMS | J54: =J2 -> 102015 | K54: 01 | M54: =WYOil!G58 -> 0 | O54: =WYOil!H58 -> 0 | P54: =O54*0.125 -> 0 | S54: =P54 -> 0 | T54: 3 | U54: TNSU
A55: 2 | B55: 1 | C55: 54 | E55: 0491631880 | H55: 01 | I55: ARMS | J55: =J2 -> 102015 | K55: 01 | M55: =WYOil!B63 -> 0 | O55: =WYOil!C63 -> 0 | P55: =O55*0.125 -> 0 | S55: =P55 -> 0 | T55: 3 | U55: Zim Fed #5-11
A56: 2 | B56: 1 | C56: 55 | E56: 0491827460 | F56: W 184179X | H56: 01 | I56: ARMS | J56: =J2 -> 102015 | K56: 01 | M56: =WYOil!G65 -> 0 | O56: =WYOil!H65 -> 0 | P56: =O56*0.125 -> 0 | S56: =P56 -> 0 | T56: 3 | U56: NSCU
A57: 2 | B57: 1 | C57: 56 | E57: 062042450A | F57: W 184179X | H57: 01 | I57: ARMS | J57: =J2 -> 102015 | K57: 01 | M57: =WYOil!G66 -> 0 | O57: =WYOil!H66 -> 0 | P57: =O57*0.125 -> 0 | S57: =P57 -> 0 | T57: 3 | U57: NSCU
A58: 2 | B58: 1 | C58: 57 | E58: 0491840050 | F58: W 184179X | H58: 01 | I58: ARMS | J58: =J2 -> 102015 | K58: 01 | M58: =WYOil!G67 -> 0 | O58: =WYOil!H67 -> 0 | P58: =O58*0.125 -> 0 | S58: =P58 -> 0 | T58: 3 | U58: NSCU
A59: 2 | B59: 1 | C59: 58 | E59: 0491117850 | H59: 01 | I59: ARMS | J59: =J2 -> 102015 | K59: 01 | M59: =WYOil!G68 -> 0 | O59: =WYOil!H68 -> 0 | P59: =O59*0.125 -> 0 | S59: =P59 -> 0 | T59: 3 | U59: Wolf Draw Unit
A60: 2 | B60: 1 | C60: 59 | E60: 049027042A | H60: 01 | I60: ARMS | J60: =J2 -> 102015 | K60: 01 | M60: =WYOil!G69 -> 0 | O60: =WYOil!H69 -> 0 | P60: =O60*0.125 -> 0 | S60: =P60 -> 0 | T60: 3 | U60: Wolf Draw Unit
A61: 2 | B61: 1 | C61: 60 | E61: 0491077270 | H61: 01 | I61: ARMS | J61: =J2 -> 102015 | K61: 01 | M61: =WYOil!G70 -> 0 | O61: =WYOil!H70 -> 0 | P61: =O61*0.125 -> 0 | S61: =P61 -> 0 | T61: 3 | U61: Wolf Draw Unit
A62: 2 | B62: 1 | C62: 61 | E62: 0491082260 | H62: 01 | I62: ARMS | J62: =J2 -> 102015 | K62: 01 | M62: =WYOil!G71 -> 0 | O62: =WYOil!H71 -> 0 | P62: =O62*0.125 -> 0 | S62: =P62 -> 0 | T62: 3 | U62: Wolf Draw Unit
A63: 2 | B63: 1 | C63: 62 | E63: 0491117290 | H63: 01 | I63: ARMS | J63: =J2 -> 102015 | K63: 01 | M63: =WYOil!G72 -> 0 | O63: =WYOil!H72 -> 0 | P63: =O63*0.125 -> 0 | S63: =P63 -> 0 | T63: 3 | U63: Wolf Draw Unit
A64: 2 | B64: 1 | C64: 63 | E64: 0490678770 | H64: 01 | I64: ARMS | J64: =J2 -> 102015 | K64: 01 | M64: =WYOil!B74 -> 0 | O64: =WYOil!C74 -> 0 | P64: =O64*0.125 -> 0 | S64: =P64 -> 0 | T64: 3 | U64: Oxford 1-14
A65: 2 | B65: 1 | C65: 64 | E65: 0490550500 | H65: 01 | I65: ARMS | J65: =J2 -> 102015 | K65: 01 | M65: =WYOil!B75 -> 0 | O65: =WYOil!C75 -> 0 | P65: =O65*0.125 -> 0 | S65: =P65 -> 0 | T65: 3 | U65: Rodriguez
A66: 2 | B66: 1 | C66: 65 | E66: 0483142750 | H66: 01 | I66: ARMS | J66: =J2 -> 102015 | K66: 01 | M66: =WYOil!B76 -> 0 | O66: =WYOil!C76 -> 0 | P66: =O66*0.125 -> 0 | S66: =P66 -> 0 | T66: 3 | U66: Fed 12-1 & 12-2
A67: 2 | B67: 1 | C67: 66 | E67: 0482087290 | H67: 01 | I67: ARMS | J67: =J2 -> 102015 | K67: 01 | M67: =WYOil!B77 -> 0 | O67: =WYOil!C77 -> 0 | P67: =O67*0.125 -> 0 | S67: =P67 -> 0 | T67: 3 | U67: Ogle
A68: 2 | B68: 1 | C68: 67 | E68: 0490592280 | F68: W 125237X | H68: 01 | I68: ARMS | J68: =J2 -> 102015 | K68: 01 | M68: =WYOil!G78 -> 0 | O68: =WYOil!H78 -> 0 | P68: =O68*0.125 -> 0 | S68: =P68 -> 0 | T68: 3 | U68: Ash Unit
A69: 2 | B69: 1 | C69: 68 | E69: 0490989750 | F69: W 125237X | H69: 01 | I69: ARMS | J69: =J2 -> 102015 | K69: 01 | M69: =WYOil!G79 -> 0 | O69: =WYOil!H79 -> 0 | P69: =O69*0.125 -> 0 | S69: =P69 -> 0 | T69: 3 | U69: Ash Unit
A70: 2 | B70: 1 | C70: 69 | E70: 0491045070 | F70: W 125237X | H70: 01 | I70: ARMS | J70: =J2 -> 102015 | K70: 01 | M70: =WYOil!G80 -> 0 | O70: =WYOil!H80 -> 0 | P70: =O70*0.125 -> 0 | S70: =P70 -> 0 | T70: 3 | U70: Ash Unit
A71: 2 | B71: 1 | C71: 70 | E71: 0491182600 | H71: 01 | I71: ARMS | J71: =J2 -> 102015 | K71: 01 | M71: =WYOil!B81 -> 0 | O71: =WYOil!C81 -> 0 | P71: =O71*0.125 -> 0 | S71: =P71 -> 0 | T71: 3 | U71: Tex Gov 1
A72: 2 | B72: 1 | C72: 71 | E72: 0490446070 | F72: W 119637X | H72: 01 | I72: ARMS | J72: =J2 -> 102015 | K72: 01 | M72: =WYOil!B82 -> 0 | O72: =WYOil!C82 -> 0 | P72: =O72*0.125 -> 0 | S72: =P72 -> 0 | T72: 3 | U72: North Breaks
A73: 2 | B73: 1 | C73: 72 | E73: 0491219650 | H73: 01 | I73: ARMS | J73: =J2 -> 102015 | K73: 01 | M73: =WYOil!B84 -> 0 | O73: =WYOil!C84 -> 0 | P73: =O73*0.125 -> 0 | S73: =P73 -> 0 | T73: 3 | U73: Fed 35-1
A74: 2 | B74: 1 | C74: 73 | E74: 0491285180 | F74: W 143300 | H74: 01 | I74: ARMS | J74: =J2 -> 102015 | K74: 01 | M74: =WYOil!G85 -> 0 | O74: =WYOil!H85 -> 0 | P74: =O74*0.125 -> 0 | S74: =P74 -> 0 | T74: 3 | U74: Ammo
